Workbook
Name M_2008_MCA: #REF!
Name M_2008_P24: #REF!
Name M_208_P21: #REF!
Name M_3008_hybrid4: #REF!
Name M_3008_P84: #REF!
Name M_301: #REF!
Name M_308_P5: #REF!
Name M_5008_P87: #REF!
Name M_BOXER_X250: #REF!
Name M_E_2008: #REF!
Name M_PARTNER_EV: #REF!
Name M_RIFTER_K9: #REF!
Name M_TRAVELLER_K0: #REF!

Sheet TARIFARIO OTROS SERVICIOS
A1: ÍTEM | B1: DETALLE | C1: VALOR NETO | D1: OBSERVACIONES
A2: 1 | B2: Gestión Revisión Técnica | C2: 80000 | D2: valor trámite sin rechazo
A3: 2 | B3: Gestión Altas y Bajas App | C3: 40000 | D3: Cobro es por uso de aplicación y lavado de la unidad, no por permanencia en las instalaciones
A4: 3 | B4: Reparación de Neumáticos con balanceo flota liviana | C4: 18000 | D4: valor unitario
A5: 4 | B5: Adblue | C5: 2000 | D5: valor unitario
A6: 5 | B6: Arriendo de estacionamiento sobre 5 unidades | C6: 50000 | D6: valor mensual por unidad
A7: 6 | B7: Lavado de Vehículo express flota liviana | C7: 15000 | D7: Cuando el vehículo ingresa solo por lavado
A8: 7 | B8: Recarga extintor 1 KG | C8: 12000 | D8: valor unitario
A9: 8 | B9: Grabado de patentes | C9: 30000 | D9: valor unitario
A10: 9 | B10: Grabado patentes en un (1) vidrio | C10: 20000 | D10: valor unitario

Sheet TARIFARIO CORRECTIVOS
A1: ITEM | B1: Servicios | C1: Valor Neto Unit | D1: Unidad
A2: 1 | B2: Alineación flota liviana | C2: 25000 | D2: valor unitario
A3: 2 | B3: Alineación flota liviana | C3: 25000 | D3: valor unitario
A4: 3 | B4: Alineación camión 3/4 y furgones | C4: 45000 | D4: valor unitario
A5: 4 | B5: Balanceo neumático flota liviana | C5: 6000 | D5: valor unitario
A6: 5 | B6: Rectificado de discos de freno flota liviana | C6: 20000 | D6: valor unitario
A7: 6 | B7: Rectificado de tambores de freno flota liviana | C7: 20000 | D7: valor unitario
A8: 7 | B8: Embalatado patines de freno flota liviana | C8: 11250 | D8: valor unitario
A9: 8 | B9: Montaje de neumático flota liviana | C9: 6000 | D9: valor unitario
A10: 9 | B10: Confección bujes cáliper | C10: 11250 | D10: valor unitario
A11: 10 | B11: Scanner diagnóstico multimarca | C11: 60000 | D11: valor unitario
A12: 11 | B12: Traslado unidad flota liviana Grúa (Radio urbano) | C12: 50000 | D12: valor unitario

Sheet LANDTREK
A1: LANDTREK HDI 150 4x2 | B1: CODIGO | C1: Valor Unitario | D1: CANTIDAD | E1: VALOR TOTAL | F1: 10-30-50-70-90 | G1: 20-100 | H1: 60 CON DISTRIBUCION | I1: 40-80
A2: Litro de Aceite de Motor | B2: ='VALOR REPUESTOS'!$A$12 -> A5W30 | C2: ='VALOR REPUESTOS'!$C$12 -> 8000 | D2: 6.5 | E2: =C2*D2 -> 52000 | F2: =$E$2 -> 52000 | G2: =$E$2 -> 52000 | H2: =$E$2 -> 52000 | I2: =$E$2 -> 52000
A3: Cambio Filtro de Aceite de Motor | B3: ='VALOR REPUESTOS'!$A$18 -> FM | C3: ='VALOR REPUESTOS'!$C$18 -> 16500 | D3: 1 | E3: =C3*D3 -> 16500 | F3: =$E$3 -> 16500 | G3: =$E$3 -> 16500 | H3: =$E$3 -> 16500 | I3: =$E$3 -> 16500
A4: Cambio golilla tapón del carter | B4: ='VALOR REPUESTOS'!$A$17 -> GTC | C4: ='VALOR REPUESTOS'!$C$17 -> 3500 | D4: 1 | E4: =C4*D4 -> 3500 | F4: =$E$4 -> 3500 | G4: =$E$4 -> 3500 | H4: =$E$4 -> 3500 | I4: =$E$4 -> 3500
A5: Cambio Filtro de Aire | B5: ='VALOR REPUESTOS'!$A$20 -> FA | C5: ='VALOR REPUESTOS'!$C$20 -> 23000 | D5: 1 | E5: =C5*D5 -> 23000 | G5: =$E$5 -> 23000 | H5: =$E$5 -> 23000 | I5: =$E$5 -> 23000
A6: Cambio Filtro de Polen | B6: ='VALOR REPUESTOS'!$A$19 -> FP | C6: ='VALOR REPUESTOS'!$C$19 -> 20000 | D6: 1 | E6: =C6*D6 -> 20000 | G6: =$E$6 -> 20000 | H6: =$E$6 -> 20000 | I6: =$E$6 -> 20000
A7: Líquido Limpiaparabrisas Concentrado | B7: ='VALOR REPUESTOS'!$A$16 -> LLP | C7: ='VALOR REPUESTOS'!$C$16 -> 3500 | D7: 1 | E7: =C7*D7 -> 3500 | F7: =$E$7 -> 3500 | G7: =$E$7 -> 3500 | H7: =$E$7 -> 3500 | I7: =$E$7 -> 3500
A8: Cambio Filtro de Combustible | B8: ='VALOR REPUESTOS'!$A$21 -> FC | C8: ='VALOR REPUESTOS'!$C$21 -> 25000 | D8: 1 | E8: =C8*D8 -> 25000 | G8: =$E$8 -> 25000 | H8: =$E$8 -> 25000 | I8: =$E$8 -> 25000
A9: Correa de Accesorios | B9: ='VALOR REPUESTOS'!$A$22 -> CACC | C9: ='VALOR REPUESTOS'!$C$22 -> 30000 | D9: 1 | E9: =C9*D9 -> 30000
A10: Cambio Kit de distribución | B10: ='VALOR REPUESTOS'!$A$23 -> KD | C10: ='VALOR REPUESTOS'!$C$23 -> 220000 | D10: 1 | E10: =C10*D10 -> 220000 | H10: =$E$10 -> 220000
A11: Litro de Refrigerante | B11: ='VALOR REPUESTOS'!$A$3 -> AL1C1 | C11: ='VALOR REPUESTOS'!$C$3 -> 6000 | D11: 8 | E11: =C11*D11 -> 48000 | H11: =$E$11 -> 48000
A12: Materiales e Insumos | B12: ='VALOR REPUESTOS'!$A$11 -> MATEI | C12: ='VALOR REPUESTOS'!$C$11 -> 10000 | D12: 1 | E12: =C12*D12 -> 10000 | F12: =$E$12 -> 10000 | G12: =$E$12 -> 10000 | H12: =$E$12 -> 10000 | I12: =$E$12 -> 10000
A13: MANO DE OBRA | B13: ='VALOR REPUESTOS'!$A$10 -> MO | C13: ='VALOR REPUESTOS'!$C$10 -> 38000 | F13: =C13*F16 -> 76000 | G13: =C13*G16 -> 95000 | H13: =C13*H16 -> 190000 | I13: =C13*I16 -> 95000
A14: TOTAL NETO | F14: =SUM(F2:F13) -> 161500 | G14: =SUM(G2:G13) -> 248500 | H14: =SUM(H2:H13) -> 611500 | I14: =SUM(I2:I13) -> 248500
A15: TOTAL BRUTO | F15: =F14*1.19 -> 192185 | G15: =G14*1.19 -> 295715 | H15: =H14*1.19 -> 727685 | I15: =I14*1.19 -> 295715
F16: 2 | G16: 2.5 | H16: 5 | I16: 2.5
A18: LANDTREK | B18: CODIGO | C18: Valor Unitario | D18: CANTIDAD | E18: VALOR TOTAL | F18: 10-30-50-70-90 | G18: 20-100 | H18: 60 CON DISTRIBUCION | I18: 40-80
A19: Litro de Aceite de Motor | B19: ='VALOR REPUESTOS'!$A$12 -> A5W30 | C19: ='VALOR REPUESTOS'!$C$12 -> 8000 | D19: 6.5 | E19: =C19*D19 -> 52000 | F19: =$E$19 -> 52000 | G19: =$E$19 -> 52000 | H19: =$E$19 -> 52000 | I19: =$E$19 -> 52000
A20: Cambio Filtro de Aceite de Motor | B20: ='VALOR REPUESTOS'!$A$18 -> FM | C20: ='VALOR REPUESTOS'!$C$18 -> 16500 | D20: 1 | E20: =C20*D20 -> 16500 | F20: =$E$20 -> 16500 | G20: =$E$20 -> 16500 | H20: =$E$20 -> 16500 | I20: =$E$20 -> 16500
A21: Cambio golilla tapón del carter | B21: ='VALOR REPUESTOS'!$A$17 -> GTC | C21: ='VALOR REPUESTOS'!$C$17 -> 3500 | D21: 1 | E21: =C21*D21 -> 3500 | F21: =$E$21 -> 3500 | G21: =$E$21 -> 3500 | H21: =$E$21 -> 3500 | I21: =$E$21 -> 3500
A22: Cambio Filtro de Aire | B22: ='VALOR REPUESTOS'!$A$20 -> FA | C22: ='VALOR REPUESTOS'!$C$20 -> 23000 | D22: 1 | E22: =C22*D22 -> 23000 | G22: =$E$22 -> 23000 | H22: =$E$22 -> 23000 | I22: =$E$22 -> 23000
A23: Cambio Filtro de Polen | B23: ='VALOR REPUESTOS'!$A$19 -> FP | C23: ='VALOR REPUESTOS'!$C$19 -> 20000 | D23: 1 | E23: =C23*D23 -> 20000 | G23: =$E$23 -> 20000 | H23: =$E$23 -> 20000 | I23: =$E$23 -> 20000
A24: Líquido Limpiaparabrisas Concentrado | B24: ='VALOR REPUESTOS'!$A$16 -> LLP | C24: ='VALOR REPUESTOS'!$C$16 -> 3500 | D24: 1 | E24: =C24*D24 -> 3500 | F24: =$E$24 -> 3500 | G24: =$E$24 -> 3500 | H24: =$E$24 -> 3500 | I24: =$E$24 -> 3500
A25: Cambio Filtro de Combustible | B25: ='VALOR REPUESTOS'!$A$21 -> FC | C25: ='VALOR REPUESTOS'!$C$21 -> 25000 | D25: 1 | E25: =C25*D25 -> 25000 | G25: =$E$25 -> 25000 | H25: =$E$25 -> 25000 | I25: =$E$25 -> 25000
A26: Litro de Aceite Transferencia | B26: ='VALOR REPUESTOS'!$A$6 -> 80W90 | C26: ='VALOR REPUESTOS'!$C$6 -> 10500 | D26: 3 | E26: =C26*D26 -> 31500 | I26: =$E$26 -> 31500
A27: Litro de Refrigerante | B27: ='VALOR REPUESTOS'!$A$3 -> AL1C1 | C27: ='VALOR REPUESTOS'!$C$3 -> 6000 | D27: 8 | E27: =C27*D27 -> 48000 | H27: =$E$27 -> 48000
A28: Correa de Accesorios | B28: ='VALOR REPUESTOS'!$A$22 -> CACC | C28: ='VALOR REPUESTOS'!$C$22 -> 30000 | D28: 1 | E28: =C28*D28 -> 30000
A29: Cambio Kit de distribución | B29: ='VALOR REPUESTOS'!$A$23 -> KD | C29: ='VALOR REPUESTOS'!$C$23 -> 220000 | D29: 1 | E29: =C29*D29 -> 220000 | H29: =$E$29 -> 220000
A30: Materiales e Insumos | B30: ='VALOR REPUESTOS'!$A$11 -> MATEI | C30: ='VALOR REPUESTOS'!$C$11 -> 10000 | D30: 1 | E30: =C30*D30 -> 10000 | F30: =$E$30 -> 10000 | G30: =$E$30 -> 10000 | H30: =$E$30 -> 10000 | I30: =$E$30 -> 10000
A31: MANO DE OBRA | B31: ='VALOR REPUESTOS'!$A$10 -> MO | C31: ='VALOR REPUESTOS'!$C$10 -> 38000 | F31: =C31*F34 -> 76000 | G31: =C31*G34 -> 95000 | H31: =C31*H34 -> 190000 | I31: =C31*I34 -> 114000
A32: TOTAL NETO | F32: =SUM(F19:F31) -> 161500 | G32: =SUM(G19:G31) -> 248500 | H32: =SUM(H19:H31) -> 611500 | I32: =SUM(I19:I31) -> 299000
A33: TOTAL BRUTO | F33: =F32*1.19 -> 192185 | G33: =G32*1.19 -> 295715 | H33: =H32*1.19 -> 727685 | I33: =I32*1.19 -> 355810
F34: 2 | G34: 2.5 | H34: 5 | I34: 3

Sheet RAM
A1: RAM VAN 700 CITY DIESEL | B1: CODIGO | C1: Valor Unitario | D1: CANTIDAD | E1: VALOR TOTAL | F1: 10-30. | G1: 20-100 | H1: 50-70-90 | I1: 40 | J1: 60 | K1: 80 C/DIST
A2: Litro de Aceite de Motor | B2: ='VALOR REPUESTOS'!$A$12 -> A5W30 | C2: ='VALOR REPUESTOS'!$C$12 -> 8000 | D2: 4 | E2: =C2*D2 -> 32000 | F2: =$E$2 -> 32000 | G2: =$E$2 -> 32000 | H2: =$E$2 -> 32000 | I2: =$E$2 -> 32000 | J2: =$E$2 -> 32000 | K2: =$E$2 -> 32000
A3: Cambio Filtro de Aceite de Motor | B3: ='VALOR REPUESTOS'!$A$24 -> FM | C3: ='VALOR REPUESTOS'!$C$24 -> 10000 | D3: 1 | E3: =C3*D3 -> 10000 | F3: =$E$3 -> 10000 | G3: =$E$3 -> 10000 | H3: =$E$3 -> 10000 | I3: =$E$3 -> 10000 | J3: =$E$3 -> 10000 | K3: =$E$3 -> 10000
A4: Cambio golilla tapón del carter | B4: ='VALOR REPUESTOS'!$A$17 -> GTC | C4: ='VALOR REPUESTOS'!$C$17 -> 3500 | D4: 1 | E4: =C4*D4 -> 3500 | F4: =$E$4 -> 3500 | G4: =$E$4 -> 3500 | H4: =$E$4 -> 3500 | I4: =$E$4 -> 3500 | J4: =$E$4 -> 3500 | K4: =$E$4 -> 3500
A5: Cambio Filtro de Aire | B5: ='VALOR REPUESTOS'!$A$25 -> FA | C5: ='VALOR REPUESTOS'!$C$25 -> 13500 | D5: 1 | E5: =C5*D5 -> 13500 | F5: =$E$5 -> 13500 | G5: =$E$5 -> 13500 | H5: =$E$5 -> 13500 | I5: =$E$5 -> 13500 | J5: =$E$5 -> 13500 | K5: =$E$5 -> 13500
A6: Cambio Filtro de Combustible | B6: ='VALOR REPUESTOS'!$A$26 -> FC | C6: ='VALOR REPUESTOS'!$C$26 -> 23000 | D6: 1 | E6: =C6*D6 -> 23000 | G6: =$E$6 -> 23000 | I6: =$E$6 -> 23000 | J6: =$E$6 -> 23000 | K6: =$E$6 -> 23000
A7: Cambio Filtro de Polen | B7: ='VALOR REPUESTOS'!$A$29 -> FP | C7: ='VALOR REPUESTOS'!$C$29 -> 13500 | D7: 1 | E7: =C7*D7 -> 13500 | G7: =$E$7 -> 13500 | I7: =$E$7 -> 13500 | J7: =$E$7 -> 13500 | K7: =$E$7 -> 13500
A8: Líquido Limpiaparabrisas Concentrado | B8: ='VALOR REPUESTOS'!$A$16 -> LLP | C8: ='VALOR REPUESTOS'!$C$16 -> 3500 | D8: 1 | E8: =C8*D8 -> 3500 | F8: =$E$8 -> 3500 | G8: =$E$8 -> 3500 | H8: =$E$8 -> 3500 | I8: =$E$8 -> 3500 | J8: =$E$8 -> 3500 | K8: =$E$8 -> 3500
A9: Kit de Distribución | B9: ='VALOR REPUESTOS'!$A$28 -> KD | C9: ='VALOR REPUESTOS'!$C$28 -> 100000 | D9: 1 | E9: =C9*D9 -> 100000 | K9: =$E$9 -> 100000
A10: Correa de accesorios | B10: ='VALOR REPUESTOS'!$A$27 -> CACC | C10: ='VALOR REPUESTOS'!$C$27 -> 20000 | D10: 1 | E10: =C10*D10 -> 20000 | K10: =$E$10 -> 20000
A11: Litro Liquido de Freno | B11: ='VALOR REPUESTOS'!$A$9 -> AL3C1F | C11: ='VALOR REPUESTOS'!$C$9 -> 6800 | D11: 1 | E11: =C11*D11 -> 6800 | I11: =$E$11 -> 6800 | K11: =$I$11 -> 6800
A12: Litro de Refrigerante | B12: ='VALOR REPUESTOS'!$A$3 -> AL1C1 | C12: ='VALOR REPUESTOS'!$C$3 -> 6000 | D12: 8 | E12: =C12*D12 -> 48000 | K12: =$E$12 -> 48000
A13: Materiales e Insumos | B13: ='VALOR REPUESTOS'!$A$11 -> MATEI | C13: ='VALOR REPUESTOS'!$C$11 -> 10000 | D13: 1 | E13: =C13*D13 -> 10000 | F13: =$E$13 -> 10000 | G13: =$E$13 -> 10000 | H13: =$E$13 -> 10000 | I13: =$E$13 -> 10000 | J13: =$E$13 -> 10000 | K13: =$E$13 -> 10000
A14: MANO DE OBRA | B14: ='VALOR REPUESTOS'!$A$10 -> MO | C14: ='VALOR REPUESTOS'!$C$10 -> 38000 | F14: =C14*F17 -> 57000 | G14: =C14*G17 -> 95000 | H14: =C14*H17 -> 76000 | I14: =C14*I17 -> 95000 | J14: =C14*J17 -> 95000 | K14: =C14*K17 -> 190000
A15: TOTAL NETO | F15: =SUM(F2:F14) -> 129500 | G15: =SUM(G2:G14) -> 204000 | H15: =SUM(H2:H14) -> 148500 | I15: =SUM(I2:I14) -> 210800 | J15: =SUM(J2:J14) -> 204000 | K15: =SUM(K2:K14) -> 473800
A16: TOTAL BRUTO | F16: =F15*1.19 -> 154105 | G16: =G15*1.19 -> 242760 | H16: =H15*1.19 -> 176715 | I16: =I15*1.19 -> 250852 | J16: =J15*1.19 -> 242760 | K16: =K15*1.19 -> 563822
A17: HORAS DE TRABAJO | F17: 1.5 | G17: 2.5 | H17: 2 | I17: 2.5 | J17: 2.5 | K17: 5
A20: RAM VAN 700 BENCINERO | B20: CODIGO | C20: Valor Unitario | D20: CANTIDAD | E20: VALOR TOTAL | F20: 10-30. | G20: 20-100 | H20: 50-70-90 | I20: 40 | J20: 60 C/DIST | K20: 80
A21: Litro de Aceite de Motor | B21: ='VALOR REPUESTOS'!$A$12 -> A5W30 | C21: ='VALOR REPUESTOS'!$C$12 -> 8000 | D21: 4 | E21: =C21*D21 -> 32000 | F21: =$E$21 -> 32000 | G21: =$E$21 -> 32000 | H21: =$E$21 -> 32000 | I21: =$E$21 -> 32000 | J21: =$E$21 -> 32000 | K21: =$E$21 -> 32000
A22: Cambio Filtro de Aceite de Motor | B22: ='VALOR REPUESTOS'!$A$169 -> FM | C22: ='VALOR REPUESTOS'!$C$169 -> 15000 | D22: 1 | E22: =C22*D22 -> 15000 | F22: =$E$22 -> 15000 | G22: =$E$22 -> 15000 | H22: =$E$22 -> 15000 | I22: =$E$22 -> 15000 | J22: =$E$22 -> 15000 | K22: =$E$22 -> 15000
A23: Cambio golilla tapón del carter | B23: ='VALOR REPUESTOS'!$A$17 -> GTC | C23: ='VALOR REPUESTOS'!$C$17 -> 3500 | D23: 1 | E23: =C23*D23 -> 3500 | F23: =$E$23 -> 3500 | G23: =$E$23 -> 3500 | H23: =$E$23 -> 3500 | I23: =$E$23 -> 3500 | J23: =$E$23 -> 3500 | K23: =$E$23 -> 3500
A24: Cambio Filtro de Aire | B24: ='VALOR REPUESTOS'!$A$170 -> FA | C24: ='VALOR REPUESTOS'!$C$170 -> 15000 | D24: 1 | E24: =C24*D24 -> 15000 | F24: =$E$24 -> 15000 | G24: =$E$24 -> 15000 | H24: =$E$24 -> 15000 | I24: =$E$24 -> 15000 | J24: =$E$24 -> 15000 | K24: =$E$24 -> 15000
A25: Cambio Filtro de Combustible | B25: ='VALOR REPUESTOS'!$A$171 -> FC | C25: ='VALOR REPUESTOS'!$C$171 -> 19000 | D25: 1 | E25: =C25*D25 -> 19000 | G25: =$E$25 -> 19000 | I25: =$E$25 -> 19000 | J25: =$E$25 -> 19000 | K25: =$E$25 -> 19000
A26: Cambio Filtro de Polen | B26: ='VALOR REPUESTOS'!$A$172 -> FP | C26: ='VALOR REPUESTOS'!$C$172 -> 15000 | D26: 1 | E26: =C26*D26 -> 15000 | G26: =$E$26 -> 15000 | I26: =$E$26 -> 15000 | J26: =$E$26 -> 15000 | K26: =$E$26 -> 15000
A27: Bujia de encendido A | B27: ='VALOR REPUESTOS'!$A$175 -> BUJ | C27: ='VALOR REPUESTOS'!$C$175 -> 22000 | D27: 4 | E27: =C27*D27 -> 88000
A28: Líquido Limpiaparabrisas Concentrado | B28: ='VALOR REPUESTOS'!$A$16 -> LLP | C28: ='VALOR REPUESTOS'!$C$16 -> 3500 | D28: 1 | E28: =C28*D28 -> 3500 | F28: =$E$28 -> 3500 | G28: =$E$28 -> 3500 | H28: =$E$28 -> 3500 | I28: =$E$28 -> 3500 | J28: =$E$28 -> 3500 | K28: =$E$28 -> 3500
A29: Kit distribucion A | B29: ='VALOR REPUESTOS'!$A$174 -> KD | C29: ='VALOR REPUESTOS'!$C$174 -> 130000 | D29: 1 | E29: =C29*D29 -> 130000 | J29: =$E$29 -> 130000
A30: Correa accesorios A | B30: ='VALOR REPUESTOS'!$A$173 -> CACC | C30: ='VALOR REPUESTOS'!$C$173 -> 25000 | D30: 1 | E30: =C30*D30 -> 25000 | J30: =$E$30 -> 25000
A31: Líquido de Freno A | B31: ='VALOR REPUESTOS'!$A$9 -> AL3C1F | C31: ='VALOR REPUESTOS'!$C$9 -> 6800 | D31: 1 | E31: =C31*D31 -> 6800 | I31: =$E$11 -> 6800 | K31: =$E$31 -> 6800
A32: Refrigerante | B32: ='VALOR REPUESTOS'!$A$3 -> AL1C1 | C32: ='VALOR REPUESTOS'!$C$3 -> 6000 | D32: 8 | E32: =C32*D32 -> 48000 | J32: =$E$32 -> 48000
A33: Materiales e insumos | B33: ='VALOR REPUESTOS'!$A$11 -> MATEI | C33: ='VALOR REPUESTOS'!$C$11 -> 10000 | D33: 1 | E33: =C33*D33 -> 10000 | F33: =$E$33 -> 10000 | G33: =$E$33 -> 10000 | H33: =$E$33 -> 10000 | I33: =$E$33 -> 10000 | J33: =$E$33 -> 10000 | K33: =$E$33 -> 10000
A34: MANO DE OBRA | B34: ='VALOR REPUESTOS'!$A$10 -> MO | C34: ='VALOR REPUESTOS'!$C$10 -> 38000 | F34: =C34*F37 -> 57000 | G34: =C34*G37 -> 95000 | H34: =C34*H37 -> 76000 | I34: =C34*I37 -> 95000 | J34: =C34*J37 -> 190000 | K34: =C34*K37 -> 95000
A35: TOTAL NETO | F35: =SUM(F21:F34) -> 136000 | G35: =SUM(G21:G34) -> 208000 | H35: =SUM(H21:H34) -> 155000 | I35: =SUM(I21:I34) -> 214800 | J35: =SUM(J21:J34) -> 506000 | K35: =SUM(K21:K34) -> 214800
A36: TOTAL BRUTO | F36: =F35*1.19 -> 161840 | G36: =G35*1.19 -> 247520 | H36: =H35*1.19 -> 184450 | I36: =I35*1.19 -> 255612 | J36: =J35*1.19 -> 602140 | K36: =K35*1.19 -> 255612
A37: HORAS DE TRABAJO | F37: 1.5 | G37: 2.5 | H37: 2 | I37: 2.5 | J37: 5 | K37: 2.5

Sheet DUCATO
A1: FIAT DUCATO MEC 4X2 DIESEL | B1: CODIGO | C1: Valor Unitario | D1: CANTIDAD | E1: VALOR TOTAL | F1: 15 | G1: 30-60 | H1: 45 | I1: 90 C/D | J1: 75-105
A2: Litro de Aceite de Motor | B2: ='VALOR REPUESTOS'!$A$12 -> A5W30 | C2: ='VALOR REPUESTOS'!$C$12 -> 8000 | D2: 5 | E2: =C2*D2 -> 40000 | F2: =$E$2 -> 40000 | G2: =$E$2 -> 40000 | H2: =$E$2 -> 40000 | I2: =$E$2 -> 40000 | J2: =$E$2 -> 40000
A3: Cambio Filtro de Aceite de Motor | B3: ='VALOR REPUESTOS'!$A$30 -> FM | C3: ='VALOR REPUESTOS'!$C$30 -> 13000 | D3: 1 | E3: =C3*D3 -> 13000 | F3: =$E$3 -> 13000 | G3: =$E$3 -> 13000 | H3: =$E$3 -> 13000 | I3: =$E$3 -> 13000 | J3: =$E$3 -> 13000
A4: Cambio golilla tapón del carter | B4: ='VALOR REPUESTOS'!$A$17 -> GTC | C4: ='VALOR REPUESTOS'!$C$17 -> 3500 | D4: 1 | E4: =C4*D4 -> 3500 | F4: =$E$4 -> 3500 | G4: =$E$4 -> 3500 | H4: =$E$4 -> 3500 | I4: =$E$4 -> 3500 | J4: =$E$4 -> 3500
A5: Cambio de Filtro de Polen | B5: ='VALOR REPUESTOS'!$A$31 -> FP | C5: ='VALOR REPUESTOS'!$C$31 -> 20000 | D5: 1 | E5: =C5*D5 -> 20000 | G5: =$E$5 -> 20000 | H5: =$E$5 -> 20000 | I5: =$E$5 -> 20000
A6: Cambio Filtro de Aire | B6: ='VALOR REPUESTOS'!$A$32 -> FA | C6: ='VALOR REPUESTOS'!$C$32 -> 20000 | D6: 1 | E6: =C6*D6 -> 20000 | F6: =$E$6 -> 20000 | G6: =$E$6 -> 20000 | H6: =$E$6 -> 20000 | I6: =$E$6 -> 20000 | J6: =$E$6 -> 20000
A7: Cambio Filtro de Combustible | B7: ='VALOR REPUESTOS'!$A$33 -> FC | C7: ='VALOR REPUESTOS'!$C$33 -> 23000 | D7: 1 | E7: =C7*D7 -> 23000 | G7: =$E$7 -> 23000 | I7: =$E$7 -> 23000
A8: Líquido Limpiaparabrisas Concentrado | B8: ='VALOR REPUESTOS'!$A$16 -> LLP | C8: ='VALOR REPUESTOS'!$C$16 -> 3500 | D8: 1 | E8: =C8*D8 -> 3500 | F8: =$E$8 -> 3500 | G8: =$E$8 -> 3500 | H8: =$E$8 -> 3500 | I8: =$E$8 -> 3500 | J8: =$E$8 -> 3500
A9: Litro Liquido de Freno | B9: ='VALOR REPUESTOS'!$A$9 -> AL3C1F | C9: ='VALOR REPUESTOS'!$C$9 -> 6800 | D9: 1 | E9: =C9*D9 -> 6800 | H9: =$E$9 -> 6800 | I9: =$E$9 -> 6800
A10: Litro de Refrigerante | B10: ='VALOR REPUESTOS'!$A$3 -> AL1C1 | C10: ='VALOR REPUESTOS'!$C$3 -> 6000 | D10: 8 | E10: =C10*D10 -> 48000 | I10: =$E$10 -> 48000
A11: Kit de Distribución | B11: ='VALOR REPUESTOS'!$A$34 -> KDISTRIB | C11: ='VALOR REPUESTOS'!$C$34 -> 160000 | D11: 1 | E11: =C11*D11 -> 160000 | I11: =$E$11 -> 160000
A12: Correa de Accesorios | B12: ='VALOR REPUESTOS'!$A$35 -> CACCE | C12: ='VALOR REPUESTOS'!$C$35 -> 25000 | D12: 1 | E12: =C12*D12 -> 25000 | I12: =$E$12 -> 25000
A13: Materiales e Insumos | B13: ='VALOR REPUESTOS'!$A$11 -> MATEI | C13: ='VALOR REPUESTOS'!$C$11 -> 10000 | D13: 1 | E13: =C13*D13 -> 10000 | F13: =$E$13 -> 10000 | G13: =$E$13 -> 10000 | H13: =$E$13 -> 10000 | I13: =$E$13 -> 10000 | J13: =$E$13 -> 10000
A14: MANO DE OBRA | B14: ='VALOR REPUESTOS'!$A$10 -> MO | C14: ='VALOR REPUESTOS'!$C$10 -> 38000 | F14: =C14*F17 -> 76000 | G14: =C14*G17 -> 95000 | H14: =C14*H17 -> 95000 | I14: =C14*I17 -> 190000 | J14: =C14*J17 -> 95000
A15: TOTAL NETO | C15: - | F15: =SUM(F2:F14) -> 166000 | G15: =SUM(G2:G14) -> 228000 | H15: =SUM(H2:H14) -> 211800 | I15: =SUM(I2:I14) -> 562800 | J15: =SUM(J2:J14) -> 185000
A16: TOTAL BRUTO | F16: =F15*1.19 -> 197540 | G16: =G15*1.19 -> 271320 | H16: =H15*1.19 -> 252042 | I16: =I15*1.19 -> 669732 | J16: =J15*1.19 -> 220150
A17: HORAS DE TRABAJO | F17: 2 | G17: 2.5 | H17: 2.5 | I17: 5 | J17: 2.5

Sheet TUCSON
A1: HYUNDAI TUCSON BENCINERO | B1: CODIGO | C1: Valor Unitario | D1: CANTIDAD | E1: VALOR TOTAL | F1: 10-30, | G1: 20-60 | H1: 40-80 | I1: 50-70-90 | J1: 100
A2: Litro de Aceite de Motor | B2: ='VALOR REPUESTOS'!$A$12 -> A5W30 | C2: ='VALOR REPUESTOS'!$C$12 -> 8000 | D2: 6 | E2: =C2*D2 -> 48000 | F2: =$E$2 -> 48000 | G2: =$E$2 -> 48000 | H2: =$E$2 -> 48000 | I2: =$E$2 -> 48000 | J2: =$E$2 -> 48000
A3: Cambio Filtro de Aceite de Motor | B3: ='VALOR REPUESTOS'!$A$36 -> FM | C3: ='VALOR REPUESTOS'!$C$36 -> 15000 | D3: 1 | E3: =C3*D3 -> 15000 | F3: =$E$3 -> 15000 | G3: =$E$3 -> 15000 | H3: =$E$3 -> 15000 | I3: =$E$3 -> 15000 | J3: =$E$3 -> 15000
A4: Cambio golilla tapón del carter | B4: ='VALOR REPUESTOS'!$A$17 -> GTC | C4: ='VALOR REPUESTOS'!$C$17 -> 3500 | D4: 1 | E4: =C4*D4 -> 3500 | F4: =$E$4 -> 3500 | G4: =$E$4 -> 3500 | H4: =$E$4 -> 3500 | I4: =$E$4 -> 3500 | J4: =$E$4 -> 3500
A5: Cambio Filtro de Aire | B5: ='VALOR REPUESTOS'!$A$37 -> FA | C5: ='VALOR REPUESTOS'!$C$37 -> 21000 | D5: 1 | E5: =C5*D5 -> 21000 | H5: =$E$5 -> 21000
A6: Cambio Filtro de Combustible | B6: ='VALOR REPUESTOS'!$A$38 -> FC | C6: ='VALOR REPUESTOS'!$C$38 -> 25000 | D6: 1 | E6: =C6*D6 -> 25000 | H6: =$E$6 -> 25000
A7: Líquido Limpiaparabrisas Concentrado | B7: ='VALOR REPUESTOS'!$A$16 -> LLP | C7: ='VALOR REPUESTOS'!$C$16 -> 3500 | D7: 1 | E7: =C7*D7 -> 3500 | F7: =$E$7 -> 3500 | G7: =$E$7 -> 3500 | H7: =$E$7 -> 3500 | I7: =$E$7 -> 3500 | J7: =$E$7 -> 3500
A8: Correa de Accesorios | B8: ='VALOR REPUESTOS'!$A$40 -> CA | C8: ='VALOR REPUESTOS'!$C$40 -> 25000 | D8: 1 | E8: =C8*D8 -> 25000
A9: Materiales e Insumos | B9: ='VALOR REPUESTOS'!$A$11 -> MATEI | C9: ='VALOR REPUESTOS'!$C$11 -> 10000 | D9: 1 | E9: =C9*D9 -> 10000 | F9: =$E$9 -> 10000 | G9: =$E$9 -> 10000 | H9: =$E$9 -> 10000 | I9: =$E$9 -> 10000 | J9: =$E$9 -> 10000
A10: MANO DE OBRA | B10: ='VALOR REPUESTOS'!$A$10 -> MO | C10: ='VALOR REPUESTOS'!$C$10 -> 38000 | F10: =C10*F13 -> 57000 | G10: =C10*G13 -> 76000 | H10: =C10*H13 -> 95000 | I10: =C10*I13 -> 76000 | J10: =C10*J13 -> 95000
A11: TOTAL NETO | F11: =SUM(F2:F10) -> 137000 | G11: =SUM(G2:G10) -> 156000 | H11: =SUM(H2:H10) -> 221000 | I11: =SUM(I2:I10) -> 156000 | J11: =SUM(J2:J10) -> 175000
A12: TOTAL BRUTO | F12: =F11*1.19 -> 163030 | G12: =G11*1.19 -> 185640 | H12: =H11*1.19 -> 262990 | I12: =I11*1.19 -> 185640 | J12: =J11*1.19 -> 208250
A13: HORAS DE TRABAJO | F13: 1.5 | G13: 2 | H13: 2.5 | I13: 2 | J13: 2.5

Sheet ACCENT
A1: HYUNDAI ACCENT BENCINERA | B1: CODIGO | C1: Valor Unitario | D1: CANTIDAD | E1: VALOR TOTAL | F1: 10 | G1: 30-70 | H1: 20-50 | I1: 40-80 | J1: 60 | K1: 90 | L1: 100
A2: Litro de Aceite de Motor | B2: ='VALOR REPUESTOS'!$A$15 -> 10W40 | C2: ='VALOR REPUESTOS'!$C$15 -> 10000 | D2: 4 | E2: =C2*D2 -> 40000 | F2: =$E$2 -> 40000 | G2: =$E$2 -> 40000 | H2: =$E$2 -> 40000 | I2: =$E$2 -> 40000 | J2: =$E$2 -> 40000 | K2: =$E$2 -> 40000 | L2: =$E$2 -> 40000
A3: Cambio Filtro de Aceite de Motor | B3: ='VALOR REPUESTOS'!$A$41 -> FM | C3: ='VALOR REPUESTOS'!$C$41 -> 10000 | D3: 1 | E3: =C3*D3 -> 10000 | F3: =$E$3 -> 10000 | G3: =$E$3 -> 10000 | H3: =$E$3 -> 10000 | I3: =$E$3 -> 10000 | J3: =$E$3 -> 10000 | K3: =$E$3 -> 10000 | L3: =$E$3 -> 10000
A4: Cambio golilla tapón del carter | B4: ='VALOR REPUESTOS'!$A$17 -> GTC | C4: ='VALOR REPUESTOS'!$C$17 -> 3500 | D4: 1 | E4: =C4*D4 -> 3500 | F4: =$E$4 -> 3500 | G4: =$E$4 -> 3500 | H4: =$E$4 -> 3500 | I4: =$E$4 -> 3500 | J4: =$E$4 -> 3500 | K4: =$E$4 -> 3500 | L4: =$E$4 -> 3500
A5: Cambio Filtro de Aire | B5: ='VALOR REPUESTOS'!$A$43 -> FA | C5: ='VALOR REPUESTOS'!$C$43 -> 16000 | D5: 1 | E5: =C5*D5 -> 16000 | I5: =$E$5 -> 16000
A6: Cambio Filtro de Combustible | B6: ='VALOR REPUESTOS'!$A$42 -> FC | C6: ='VALOR REPUESTOS'!$C$42 -> 18000 | D6: 1 | E6: =C6*D6 -> 18000 | J6: =$E$6 -> 18000
A7: Líquido Limpiaparabrisas Concentrado | B7: ='VALOR REPUESTOS'!$A$16 -> LLP | C7: ='VALOR REPUESTOS'!$C$16 -> 3500 | D7: 1 | E7: =C7*D7 -> 3500 | F7: =$E$7 -> 3500 | G7: =$E$7 -> 3500 | H7: =$E$7 -> 3500 | I7: =$E$7 -> 3500 | J7: =$E$7 -> 3500 | K7: =$E$7 -> 3500 | L7: =$E$7 -> 3500
A8: Cambio Filtro de Polen | B8: ='VALOR REPUESTOS'!$A$46 -> FP | C8: ='VALOR REPUESTOS'!$C$46 -> 16000 | D8: 1 | E8: =C8*D8 -> 16000 | G8: =$E$8 -> 16000
A9: Correa de Accesorios | B9: ='VALOR REPUESTOS'!$A$44 -> CACC | C9: ='VALOR REPUESTOS'!$C$44 -> 20000 | D9: 1 | E9: =C9*D9 -> 20000 | K9: =$E$9 -> 20000
A10: Bujías | B10: ='VALOR REPUESTOS'!$A$45 -> BUJ | C10: ='VALOR REPUESTOS'!$C$45 -> 9000 | D10: 4 | E10: =C10*D10 -> 36000 | J10: =$E$10 -> 36000
A11: Materiales e Insumos | B11: ='VALOR REPUESTOS'!$A$11 -> MATEI | C11: ='VALOR REPUESTOS'!$C$11 -> 10000 | D11: 1 | E11: =C11*D11 -> 10000 | F11: =$E$11 -> 10000 | G11: =$E$11 -> 10000 | H11: =$E$11 -> 10000 | I11: =$E$11 -> 10000 | J11: =$E$11 -> 10000 | K11: =$E$11 -> 10000 | L11: =$E$11 -> 10000
A12: MANO DE OBRA | B12: ='VALOR REPUESTOS'!$A$10 -> MO | C12: ='VALOR REPUESTOS'!$C$10 -> 38000 | F12: =C12*F15 -> 57000 | G12: =C12*G15 -> 76000 | H12: =C12*H15 -> 76000 | I12: =C12*I15 -> 76000 | J12: =C12*J15 -> 95000 | K12: =C12*K15 -> 95000 | L12: =C12*L15 -> 95000
A13: TOTAL NETO | F13: =SUM(F2:F12) -> 124000 | G13: =SUM(G2:G12) -> 159000 | H13: =SUM(H2:H12) -> 143000 | I13: =SUM(I2:I12) -> 159000 | J13: =SUM(J2:J12) -> 216000 | K13: =SUM(K2:K12) -> 182000 | L13: =SUM(L2:L12) -> 162000
A14: TOTAL BRUTO | F14: =F13*1.19 -> 147560 | G14: =G13*1.19 -> 189210 | H14: =H13*1.19 -> 170170 | I14: =I13*1.19 -> 189210 | J14: =J13*1.19 -> 257040 | K14: =K13*1.19 -> 216580 | L14: =L13*1.19 -> 192780
A15: HORAS DE TRABAJO | F15: 1.5 | G15: 2 | H15: 2 | I15: 2 | J15: 2.5 | K15: 2.5 | L15: 2.5

Sheet PORTER
A1: HYUNDAI PORTER 2.5 CRDI EURO V | B1: CODIGO | C1: Valor Unitario | D1: CANTIDAD | E1: VALOR TOTAL | F1: 10-30. | G1: 20 | H1: 40-80 | I1: 50 | J1: 60 | K1: 70-90 | L1: 100
A2: Litro de Aceite de Motor | B2: ='VALOR REPUESTOS'!$A$12 -> A5W30 | C2: ='VALOR REPUESTOS'!$C$12 -> 8000 | D2: 8 | E2: =C2*D2 -> 64000 | F2: =$E$2 -> 64000 | G2: =$E$2 -> 64000 | H2: =$E$2 -> 64000 | I2: =$E$2 -> 64000 | J2: =$E$2 -> 64000 | K2: =$E$2 -> 64000 | L2: =$E$2 -> 64000
A3: Cambio Filtro de Aceite de Motor | B3: ='VALOR REPUESTOS'!$A$47 -> FM | C3: ='VALOR REPUESTOS'!$C$47 -> 15000 | D3: 1 | E3: =C3*D3 -> 15000 | F3: =$E$3 -> 15000 | G3: =$E$3 -> 15000 | H3: =$E$3 -> 15000 | I3: =$E$3 -> 15000 | J3: =$E$3 -> 15000 | K3: =$E$3 -> 15000 | L3: =$E$3 -> 15000
A4: Cambio golilla tapón del carter | B4: ='VALOR REPUESTOS'!$A$17 -> GTC | C4: ='VALOR REPUESTOS'!$C$17 -> 3500 | D4: 1 | E4: =C4*D4 -> 3500 | F4: =$E$4 -> 3500 | G4: =$E$4 -> 3500 | H4: =$E$4 -> 3500 | I4: =$E$4 -> 3500 | J4: =$E$4 -> 3500 | K4: =$E$4 -> 3500 | L4: =$E$4 -> 3500
A5: Cambio Filtro de Aire | B5: ='VALOR REPUESTOS'!$A$48 -> FA | C5: ='VALOR REPUESTOS'!$C$48 -> 23000 | D5: 1 | E5: =C5*D5 -> 23000 | H5: =$E$5 -> 23000
A6: Cambio Filtro de Combustible | B6: ='VALOR REPUESTOS'!$A$49 -> FC | C6: ='VALOR REPUESTOS'!$C$49 -> 25000 | D6: 1 | E6: =C6*D6 -> 25000 | G6: =$E$6 -> 25000 | H6: =$E$6 -> 25000 | J6: =$E$6 -> 25000 | L6: =$E$6 -> 25000
A7: Litro Aceite Caja de Cambios Transmisión Mecánica | B7: ='VALOR REPUESTOS'!$A$8 -> 75W90 | C7: ='VALOR REPUESTOS'!$C$8 -> 12000 | D7: 3 | E7: =C7*D7 -> 36000 | L7: =$E$7 -> 36000
A8: Líquido Limpiaparabrisas Concentrado | B8: ='VALOR REPUESTOS'!$A$16 -> LLP | C8: ='VALOR REPUESTOS'!$C$16 -> 3500 | D8: 1 | E8: =C8*D8 -> 3500 | F8: =$E$8 -> 3500 | G8: =$E$8 -> 3500 | H8: =$E$8 -> 3500 | I8: =$E$8 -> 3500 | J8: =$E$8 -> 3500 | K8: =$E$8 -> 3500 | L8: =$E$8 -> 3500
A9: Litro de Aceite Diferencial Trasero | B9: ='VALOR REPUESTOS'!$A$5 -> 80W90LS | C9: ='VALOR REPUESTOS'!$C$5 -> 10500 | D9: 2.5 | E9: =C9*D9 -> 26250 | H9: =$E$9 -> 26250
A10: Correa de Accesorios | B10: ='VALOR REPUESTOS'!$A$50 -> CACC | C10: ='VALOR REPUESTOS'!$C$50 -> 35000 | D10: 1 | E10: =C10*D10 -> 35000
A11: Litro de Refrigerante | B11: ='VALOR REPUESTOS'!$A$3 -> AL1C1 | C11: ='VALOR REPUESTOS'!$C$3 -> 6000 | D11: 10 | E11: =C11*D11 -> 60000 | I11: =$E$11 -> 60000 | L11: =$E$11 -> 60000
A12: Materiales e Insumos | B12: ='VALOR REPUESTOS'!$A$11 -> MATEI | C12: ='VALOR REPUESTOS'!$C$11 -> 10000 | D12: 1 | E12: =C12*D12 -> 10000 | F12: =$E$12 -> 10000 | G12: =$E$12 -> 10000 | H12: =$E$12 -> 10000 | I12: =$E$12 -> 10000 | J12: =$E$12 -> 10000 | K12: =$E$12 -> 10000 | L12: =$E$12 -> 10000
A13: MANO DE OBRA | B13: ='VALOR REPUESTOS'!$A$10 -> MO | C13: ='VALOR REPUESTOS'!$C$10 -> 38000 | F13: =C13*F16 -> 76000 | G13: =C13*G16 -> 95000 | H13: =C13*H16 -> 114000 | I13: =C13*I16 -> 95000 | J13: =C13*J16 -> 95000 | K13: =C13*K16 -> 76000 | L13: =C13*L16 -> 114000
A14: TOTAL NETO | C14: - | F14: =SUM(F2:F13) -> 172000 | G14: =SUM(G2:G13) -> 216000 | H14: =SUM(H2:H13) -> 284250 | I14: =SUM(I2:I13) -> 251000 | J14: =SUM(J2:J13) -> 216000 | K14: =SUM(K2:K13) -> 172000 | L14: =SUM(L2:L13) -> 331000
A15: TOTAL BRUTO | F15: =F14*1.19 -> 204680 | G15: =G14*1.19 -> 257040 | H15: =H14*1.19 -> 338257.5 | I15: =I14*1.19 -> 298690 | J15: =J14*1.19 -> 257040 | K15: =K14*1.19 -> 204680 | L15: =L14*1.19 -> 393890
A16: HORAS DE TRABAJO | F16: 2 | G16: 2.5 | H16: 3 | I16: 2.5 | J16: 2.5 | K16: 2 | L16: 3

Sheet NQR
A1: NQR CHASSIS CABINA NQR 919_E5 ABS | B1: CODIGO | C1: Valor Unitario | D1: CANTIDAD | E1: VALOR TOTAL | F1: 10-20-70 | G1: 30-60-90 | H1: 40-80 | I1: 50 | J1: 100
A2: Litro de Aceite de Motor | B2: ='VALOR REPUESTOS'!$A$12 -> A5W30 | C2: ='VALOR REPUESTOS'!$C$12 -> 8000 | D2: 11 | E2: =C2*D2 -> 88000 | F2: =$E$2 -> 88000 | G2: =$E$2 -> 88000 | H2: =$E$2 -> 88000 | I2: =$E$2 -> 88000 | J2: =$E$2 -> 88000
A3: Cambio Filtro de Aceite de Motor | B3: ='VALOR REPUESTOS'!$A$51 -> FM | C3: ='VALOR REPUESTOS'!$C$51 -> 25000 | D3: 1 | E3: =C3*D3 -> 25000 | F3: =$E$3 -> 25000 | G3: =$E$3 -> 25000 | H3: =$E$3 -> 25000 | I3: =$E$3 -> 25000 | J3: =$E$3 -> 25000
A4: Cambio golilla tapón del carter | B4: ='VALOR REPUESTOS'!$A$17 -> GTC | C4: ='VALOR REPUESTOS'!$C$17 -> 3500 | D4: 1 | E4: =C4*D4 -> 3500 | F4: =$E$4 -> 3500 | G4: =$E$4 -> 3500 | H4: =$E$4 -> 3500 | I4: =$E$4 -> 3500 | J4: =$E$4 -> 3500
A5: Cambio Filtro de Aire | B5: ='VALOR REPUESTOS'!$A$55 -> FA | C5: ='VALOR REPUESTOS'!$C$55 -> 38000 | D5: 1 | E5: =C5*D5 -> 38000 | F5: =$E$5 -> 38000 | G5: =$E$5 -> 38000 | H5: =$E$5 -> 38000 | I5: =$E$5 -> 38000 | J5: =$E$5 -> 38000
A6: Cambio Filtro de Combustible | B6: ='VALOR REPUESTOS'!$A$57 -> FB | C6: ='VALOR REPUESTOS'!$C$57 -> 40000 | D6: 1 | E6: =C6*D6 -> 40000 | G6: =$E$6 -> 40000
A7: Litro Aceite Caja de Cambios Transmisión Mecánica | B7: ='VALOR REPUESTOS'!$A$8 -> 75W90 | C7: ='VALOR REPUESTOS'!$C$8 -> 12000 | D7: 4.5 | E7: =C7*D7 -> 54000 | H7: =$E$7 -> 54000
A8: Litro de Aceite Diferencial Trasero | B8: ='VALOR REPUESTOS'!$A$5 -> 80W90LS | C8: ='VALOR REPUESTOS'!$C$5 -> 10500 | D8: 3.5 | E8: =C8*D8 -> 36750 | H8: =$E$8 -> 36750
A9: Litro Aceite Dirección Hidraulica | B9: ='VALOR REPUESTOS'!$A$4 -> ATF220 | C9: ='VALOR REPUESTOS'!$C$4 -> 10500 | D9: 2 | E9: =C9*D9 -> 21000 | H9: =$E$9 -> 21000
A10: Líquido Limpiaparabrisas Concentrado | B10: ='VALOR REPUESTOS'!$A$16 -> LLP | C10: ='VALOR REPUESTOS'!$C$16 -> 3500 | D10: 1 | E10: =C10*D10 -> 3500 | F10: =E10 -> 3500 | G10: =F10 -> 3500 | H10: =G10 -> 3500 | I10: =H10 -> 3500 | J10: =I10 -> 3500
A11: Litro Liquido de Freno | B11: ='VALOR REPUESTOS'!$A$9 -> AL3C1F | C11: ='VALOR REPUESTOS'!$C$9 -> 6800 | D11: 2 | E11: =C11*D11 -> 13600 | I11: =$E$11 -> 13600 | J11: =$E$11 -> 13600
A12: Litro Liquido de Embrague | B12: ='VALOR REPUESTOS'!$A$9 -> AL3C1F | C12: ='VALOR REPUESTOS'!$C$9 -> 6800 | D12: 1 | E12: =C12*D12 -> 6800 | I12: =$E$12 -> 6800 | J12: =$E$12 -> 6800
A13: Litro de Refrigerante | B13: ='VALOR REPUESTOS'!$A$3 -> AL1C1 | C13: ='VALOR REPUESTOS'!$C$3 -> 6000 | D13: 14 | E13: =C13*D13 -> 84000 | J13: =$E$13 -> 84000
A14: Materiales e insumos | B14: ='VALOR REPUESTOS'!$A$11 -> MATEI | C14: ='VALOR REPUESTOS'!$C$11 -> 10000 | D14: 1 | E14: =C14*D14 -> 10000 | F14: =$E$14 -> 10000 | G14: =$E$14 -> 10000 | H14: =$E$14 -> 10000 | I14: =$E$14 -> 10000 | J14: =$E$14 -> 10000
A15: Cambio Correa de Accesorios | B15: ='VALOR REPUESTOS'!$A$52 -> CACC | C15: ='VALOR REPUESTOS'!$C$52 -> 45000 | D15: 1 | E15: =C15*D15 -> 45000 | I15: =$E$15 -> 45000 | J15: =$E$15 -> 45000
A16: Cambio Retenes de masa | B16: ='VALOR REPUESTOS'!$A$54 -> RM | C16: ='VALOR REPUESTOS'!$C$54 -> 12500 | D16: 4 | E16: =C16*D16 -> 50000 | I16: =$E$16 -> 50000 | J16: =$E$16 -> 50000
A17: Grasa rodamiento | B17: ='VALOR REPUESTOS'!$A$53 -> GR | C17: ='VALOR REPUESTOS'!$C$53 -> 18000 | D17: 1 | E17: =C17*D17 -> 18000 | I17: =$E$17 -> 18000 | J17: =$E$17 -> 18000
A18: MANO DE OBRA | B18: ='VALOR REPUESTOS'!$A$10 -> MO | C18: ='VALOR REPUESTOS'!$C$10 -> 38000 | F18: =C18*F21 -> 95000 | G18: =C18*G21 -> 114000 | H18: =C18*H21 -> 152000 | I18: =C18*I21 -> 171000 | J18: =C18*J21 -> 171000
A19: TOTAL NETO | F19: =SUM(F2:F18) -> 263000 | G19: =SUM(G2:G18) -> 322000 | H19: =SUM(H2:H18) -> 431750 | I19: =SUM(I2:I18) -> 472400 | J19: =SUM(J2:J18) -> 556400
A20: TOTAL BRUTO | F20: =F19*1.19 -> 312970 | G20: =G19*1.19 -> 383180 | H20: =H19*1.19 -> 513782.5 | I20: =I19*1.19 -> 562156 | J20: =J19*1.19 -> 662116
A21: HORAS DE TRABAJO | F21: 2.5 | G21: 3 | H21: 4 | I21: 4.5 | J21: 4.5

Sheet NEW EXPERT
A1: PEUGEOT NEW EXPERT L3 HDI 150 | B1: CODIGO | C1: Valor Unitario | D1: CANTIDAD | E1: VALOR TOTAL | F1: 20-60 | G1: 40 | H1: 80 C/DIS | I1: 100
A2: Litro de Aceite de Motor | B2: ='VALOR REPUESTOS'!$A$12 -> A5W30 | C2: ='VALOR REPUESTOS'!$C$12 -> 8000 | D2: 5 | E2: =C2*D2 -> 40000 | F2: =$E$2 -> 40000 | G2: =$E$2 -> 40000 | H2: =$E$2 -> 40000 | I2: =$E$2 -> 40000
A3: Cambio Filtro de Aceite de Motor | B3: ='VALOR REPUESTOS'!$A$66 -> FM | C3: ='VALOR REPUESTOS'!$C$66 -> 16000 | D3: 1 | E3: =C3*D3 -> 16000 | F3: =$E$3 -> 16000 | G3: =$E$3 -> 16000 | H3: =$E$3 -> 16000 | I3: =$E$3 -> 16000
A4: Cambio Filtro de Aire | B4: ='VALOR REPUESTOS'!$A$68 -> FA | C4: ='VALOR REPUESTOS'!$C$68 -> 23000 | D4: 1 | E4: =C4*D4 -> 23000 | F4: =$E$4 -> 23000 | G4: =$E$4 -> 23000 | H4: =$E$4 -> 23000 | I4: =$E$4 -> 23000
A5: Cambio Filtro de Polen | B5: ='VALOR REPUESTOS'!$A$67 -> FP | C5: ='VALOR REPUESTOS'!$C$67 -> 22000 | D5: 1 | E5: =C5*D5 -> 22000 | F5: =$E$5 -> 22000 | G5: =$E$5 -> 22000 | H5: =$E$5 -> 22000 | I5: =$E$5 -> 22000
A6: Cambio Filtro de Combustible | B6: ='VALOR REPUESTOS'!$A$69 -> FC | C6: ='VALOR REPUESTOS'!$C$69 -> 30000 | D6: 1 | E6: =C6*D6 -> 30000 | G6: =$E$6 -> 30000 | H6: =$E$6 -> 30000
A7: Cambio golilla tapón del carter | B7: ='VALOR REPUESTOS'!$A$17 -> GTC | C7: ='VALOR REPUESTOS'!$C$17 -> 3500 | D7: 1 | E7: =C7*D7 -> 3500 | F7: =$E$7 -> 3500 | G7: =$E$7 -> 3500 | H7: =$E$7 -> 3500 | I7: =$E$7 -> 3500
A8: Litro Refrigerante | B8: ='VALOR REPUESTOS'!$A$3 -> AL1C1 | C8: ='VALOR REPUESTOS'!$C$3 -> 6000 | D8: 10 | E8: =C8*D8 -> 60000 | H8: =$E$8 -> 60000
A9: Correa de Accesorios | B9: ='VALOR REPUESTOS'!$A$70 -> CACC | C9: ='VALOR REPUESTOS'!$C$70 -> 35000 | D9: 1 | E9: =C9*D9 -> 35000 | H9: =$E$9 -> 35000
A10: Líquido Limpiaparabrisas Concentrado | B10: ='VALOR REPUESTOS'!$A$16 -> LLP | C10: ='VALOR REPUESTOS'!$C$16 -> 3500 | D10: 1 | E10: =C10*D10 -> 3500 | F10: =$E$10 -> 3500 | G10: =$E$10 -> 3500 | H10: =$E$10 -> 3500 | I10: =$E$10 -> 3500
A11: Cambio Kit de distribución | B11: ='VALOR REPUESTOS'!$A$71 -> KDISTRIB | C11: ='VALOR REPUESTOS'!$C$71 -> 180000 | D11: 1 | E11: =C11*D11 -> 180000 | H11: =$E$11 -> 180000
A12: Materiales e Insumos | B12: ='VALOR REPUESTOS'!$A$11 -> MATEI | C12: ='VALOR REPUESTOS'!$C$11 -> 10000 | D12: 1 | E12: =C12*D12 -> 10000 | F12: =$E$12 -> 10000 | G12: =$E$12 -> 10000 | H12: =$E$12 -> 10000 | I12: =$E$12 -> 10000
A13: MANO DE OBRA | B13: ='VALOR REPUESTOS'!$A$10 -> MO | C13: ='VALOR REPUESTOS'!$C$10 -> 38000 | F13: =C13*F16 -> 76000 | G13: =C13*G16 -> 95000 | H13: =C13*H16 -> 190000 | I13: =C13*I16 -> 95000
A14: TOTAL NETO | C14: - | F14: =SUM(F2:F13) -> 194000 | G14: =SUM(G2:G13) -> 243000 | H14: =SUM(H2:H13) -> 613000 | I14: =SUM(I2:I13) -> 213000
A15: TOTAL BRUTO | F15: =F14*1.19 -> 230860 | G15: =G14*1.19 -> 289170 | H15: =H14*1.19 -> 729470 | I15: =I14*1.19 -> 253470
A16: HORAS DE TRABAJO | F16: 2 | G16: 2.5 | H16: 5 | I16: 2.5

Sheet SAVEIRO
A1: VOLKSWAGEN SAVEIRO | B1: CODIGO | C1: Valor Unitario | D1: CANTIDAD | E1: VALOR TOTAL | F1: 15 | G1: 30 | H1: 45-75-105 | I1: 60 | J1: 90 C/D
A2: Litro de Aceite de Motor | B2: ='VALOR REPUESTOS'!$A$12 -> A5W30 | C2: ='VALOR REPUESTOS'!$C$12 -> 8000 | D2: 4 | E2: =C2*D2 -> 32000 | F2: =$E$2 -> 32000 | G2: =$E$2 -> 32000 | H2: =$E$2 -> 32000 | I2: =$E$2 -> 32000 | J2: =$E$2 -> 32000
A3: Cambio Filtro de Aceite de Motor | B3: ='VALOR REPUESTOS'!$A$78 -> FM | C3: ='VALOR REPUESTOS'!$C$78 -> 13000 | D3: 1 | E3: =C3*D3 -> 13000 | F3: =$E$3 -> 13000 | G3: =$E$3 -> 13000 | H3: =$E$3 -> 13000 | I3: =$E$3 -> 13000 | J3: =$E$3 -> 13000
A4: Cambio golilla tapón del carter | B4: ='VALOR REPUESTOS'!$A$17 -> GTC | C4: ='VALOR REPUESTOS'!$C$17 -> 3500 | D4: 1 | E4: =C4*D4 -> 3500 | F4: =$E$4 -> 3500 | G4: =$E$4 -> 3500 | H4: =$E$4 -> 3500 | I4: =$E$4 -> 3500 | J4: =$E$4 -> 3500
A5: Cambio Filtro de Aire | B5: ='VALOR REPUESTOS'!$A$80 -> FA | C5: ='VALOR REPUESTOS'!$C$80 -> 18000 | D5: 1 | E5: =C5*D5 -> 18000 | G5: =$E$5 -> 18000 | I5: =$E$5 -> 18000 | J5: =$E$5 -> 18000
A6: Cambio Filtro de Combustible | B6: ='VALOR REPUESTOS'!$A$81 -> FC | C6: ='VALOR REPUESTOS'!$C$81 -> 18000 | D6: 1 | E6: =C6*D6 -> 18000 | G6: =$E$6 -> 18000 | I6: =$E$6 -> 18000 | J6: =$E$6 -> 18000
A7: Cambio Filtro de Polen | B7: ='VALOR REPUESTOS'!$A$79 -> FP | C7: ='VALOR REPUESTOS'!$C$79 -> 18000 | D7: 1 | E7: =C7*D7 -> 18000 | G7: =$E$7 -> 18000 | I7: =$E$7 -> 18000 | J7: =$E$7 -> 18000
A8: Litro Liquido de Freno | B8: ='VALOR REPUESTOS'!$A$9 -> AL3C1F | C8: ='VALOR REPUESTOS'!$C$9 -> 6800 | D8: 1 | E8: =C8*D8 -> 6800 | I8: =E8 -> 6800
A9: Líquido Limpiaparabrisas Concentrado | B9: ='VALOR REPUESTOS'!$A$16 -> LLP | C9: ='VALOR REPUESTOS'!$C$16 -> 3500 | D9: 1 | E9: =C9*D9 -> 3500 | F9: =E9 -> 3500 | G9: =F9 -> 3500 | H9: =G9 -> 3500 | I9: =H9 -> 3500 | J9: =I9 -> 3500
A10: Correa de accesorios | B10: ='VALOR REPUESTOS'!$A$82 -> CA | C10: ='VALOR REPUESTOS'!$C$82 -> 25000 | D10: 2 | E10: =C10*D10 -> 50000 | J10: =E10 -> 50000
A11: Kit de distribución | B11: ='VALOR REPUESTOS'!$A$83 -> KDIST | C11: ='VALOR REPUESTOS'!$C$83 -> 145000 | D11: 1 | E11: =C11*D11 -> 145000 | J11: =E11 -> 145000
A12: Litro de Refrigerante | B12: ='VALOR REPUESTOS'!$A$3 -> AL1C1 | C12: ='VALOR REPUESTOS'!$C$3 -> 6000 | D12: 7 | E12: =C12*D12 -> 42000 | J12: =E12 -> 42000
A13: Materiales e Insumos | B13: ='VALOR REPUESTOS'!$A$11 -> MATEI | C13: ='VALOR REPUESTOS'!$C$11 -> 10000 | D13: 1 | E13: =C13*D13 -> 10000 | F13: =E13 -> 10000 | G13: =F13 -> 10000 | H13: =G13 -> 10000 | I13: =H13 -> 10000 | J13: =I13 -> 10000
A14: MANO DE OBRA | B14: ='VALOR REPUESTOS'!$A$10 -> MO | C14: ='VALOR REPUESTOS'!$C$10 -> 38000 | F14: =C14*F17 -> 57000 | G14: =C14*G17 -> 95000 | H14: =C14*H17 -> 76000 | I14: =C14*I17 -> 95000 | J14: =C14*J17 -> 190000
A15: TOTAL NETO | C15: - | F15: =SUM(F2:F14) -> 119000 | G15: =SUM(G2:G14) -> 211000 | H15: =SUM(H2:H14) -> 138000 | I15: =SUM(I2:I14) -> 217800 | J15: =SUM(J2:J14) -> 543000
A16: TOTAL BRUTO | F16: =F15*1.19 -> 141610 | G16: =G15*1.19 -> 251090 | H16: =H15*1.19 -> 164220 | I16: =I15*1.19 -> 259182 | J16: =J15*1.19 -> 646170
A17: HORAS DE TRABAJO | F17: 1.5 | G17: 2.5 | H17: 2 | I17: 2.5 | J17: 5

Sheet COLORADO
A1: CHEVROLET COLORADO 4X4 AT | B1: CODIGO | C1: Valor Unitario | D1: CANTIDAD | E1: VALOR TOTAL | F1: 10-50-70 | G1: 20 | H1: 30 | I1: 40 | J1: 60 | K1: 80 | L1: 90 | M1: 100 | N1: 120
A2: Litro de Aceite de Motor | B2: ='VALOR REPUESTOS'!$A$12 -> A5W30 | C2: ='VALOR REPUESTOS'!$C$12 -> 8000 | D2: 6 | E2: =C2*D2 -> 48000 | F2: =$E$2 -> 48000 | G2: =$E$2 -> 48000 | H2: =$E$2 -> 48000 | I2: =$E$2 -> 48000 | J2: =$E$2 -> 48000 | K2: =$E$2 -> 48000 | L2: =$E$2 -> 48000 | M2: =$E$2 -> 48000 | N2: =$E$2 -> 48000
A3: Cambio Filtro de Aceite de Motor | B3: ='VALOR REPUESTOS'!$A$88 -> FM | C3: ='VALOR REPUESTOS'!$C$88 -> 18000 | D3: 1 | E3: =C3*D3 -> 18000 | F3: =$E$3 -> 18000 | G3: =$E$3 -> 18000 | H3: =$E$3 -> 18000 | I3: =$E$3 -> 18000 | J3: =$E$3 -> 18000 | K3: =$E$3 -> 18000 | L3: =$E$3 -> 18000 | M3: =$E$3 -> 18000 | N3: =$E$3 -> 18000
A4: Cambio golilla tapón del carter | B4: ='VALOR REPUESTOS'!$A$17 -> GTC | C4: ='VALOR REPUESTOS'!$C$17 -> 3500 | D4: 1 | E4: =C4*D4 -> 3500 | F4: =$E$4 -> 3500 | G4: =$E$4 -> 3500 | H4: =$E$4 -> 3500 | I4: =$E$4 -> 3500 | J4: =$E$4 -> 3500 | K4: =$E$4 -> 3500 | L4: =$E$4 -> 3500 | M4: =$E$4 -> 3500 | N4: =$E$4 -> 3500
A5: Cambio Filtro de Aire | B5: ='VALOR REPUESTOS'!$A$90 -> FA | C5: ='VALOR REPUESTOS'!$C$90 -> 25000 | D5: 1 | E5: =C5*D5 -> 25000 | G5: =$E$5 -> 25000 | I5: =$E$5 -> 25000 | J5: =$E$5 -> 25000 | K5: =$E$5 -> 25000 | M5: =$E$5 -> 25000 | N5: =$E$5 -> 25000
A6: Cambio Filtro de Polen | B6: ='VALOR REPUESTOS'!$A$89 -> FP | C6: ='VALOR REPUESTOS'!$C$89 -> 23000 | D6: 1 | E6: =C6*D6 -> 23000 | F6: =$E$6 -> 23000 | H6: =$F$6 -> 23000 | L6: =$E$6 -> 23000
A7: Cambio Filtro de Combustible | B7: ='VALOR REPUESTOS'!$A$91 -> FC | C7: ='VALOR REPUESTOS'!$C$91 -> 31000 | D7: 1 | E7: =C7*D7 -> 31000 | H7: =$E$7 -> 31000 | J7: =$E$7 -> 31000 | L7: =$E$7 -> 31000 | N7: =$E$7 -> 31000
A8: Litro de Aceite Diferencial Delantero | B8: ='VALOR REPUESTOS'!$A$6 -> 80W90 | C8: ='VALOR REPUESTOS'!$C$6 -> 10500 | D8: 2 | E8: =C8*D8 -> 21000 | N8: =$E$8 -> 21000
A9: Litro de Aceite Diferencial Trasero | B9: ='VALOR REPUESTOS'!$A$5 -> 80W90LS | C9: ='VALOR REPUESTOS'!$C$5 -> 10500 | D9: 2.5 | E9: =C9*D9 -> 26250 | N9: =$E$9 -> 26250
A10: Líquido Limpiaparabrisas Concentrado | B10: ='VALOR REPUESTOS'!$A$16 -> LLP | C10: ='VALOR REPUESTOS'!$C$16 -> 3500 | D10: 1 | E10: =C10*D10 -> 3500 | F10: =$E$10 -> 3500 | G10: =$E$10 -> 3500 | H10: =$E$10 -> 3500 | I10: =$E$10 -> 3500 | J10: =$E$10 -> 3500 | K10: =$E$10 -> 3500 | L10: =$E$10 -> 3500 | M10: =$E$10 -> 3500 | N10: =$E$10 -> 3500
A11: Litro Aceite de Transferencia | B11: ='VALOR REPUESTOS'!$A$7 -> A75W90 | C11: ='VALOR REPUESTOS'!$C$7 -> 12000 | D11: 2.5 | E11: =C11*D11 -> 30000 | K11: =$E$11 -> 30000
A12: Correa de Accesorios | B12: ='VALOR REPUESTOS'!$A$111 -> CACC | C12: ='VALOR REPUESTOS'!$C$111 -> 30000 | D12: 1 | E12: =C12*D12 -> 30000 | M12: =$E$12 -> 30000
A13: Litro Liquido de Freno | B13: ='VALOR REPUESTOS'!$A$9 -> AL3C1F | C13: ='VALOR REPUESTOS'!$C$9 -> 6800 | D13: 2 | E13: =C13*D13 -> 13600 | I13: =$E$13 -> 13600 | K13: =$E$13 -> 13600 | N13: =$E$13 -> 13600
A14: Litro Liquido de Embrague | B14: ='VALOR REPUESTOS'!$A$9 -> AL3C1F | C14: ='VALOR REPUESTOS'!$C$9 -> 6800 | D14: 2 | E14: =C14*D14 -> 13600 | I14: =$E$14 -> 13600 | K14: =$E$14 -> 13600 | N14: =$E$14 -> 13600
A15: Materiales e Insumos | B15: ='VALOR REPUESTOS'!$A$11 -> MATEI | C15: ='VALOR REPUESTOS'!$C$11 -> 10000 | D15: 1 | E15: =C15*D15 -> 10000 | F15: =$E$15 -> 10000 | G15: =$E$15 -> 10000 | H15: =$E$15 -> 10000 | I15: =$E$15 -> 10000 | J15: =$E$15 -> 10000 | K15: =$E$15 -> 10000 | L15: =$E$15 -> 10000 | M15: =$E$15 -> 10000 | N15: =$E$15 -> 10000
A16: MANO DE OBRA | B16: ='VALOR REPUESTOS'!$A$10 -> MO | C16: ='VALOR REPUESTOS'!$C$10 -> 38000 | F16: =C16*F19 -> 76000 | G16: =C16*G19 -> 76000 | H16: =C16*H19 -> 95000 | I16: =C16*I19 -> 95000 | J16: =C16*J19 -> 95000 | K16: =C16*K19 -> 114000 | L16: =C16*L19 -> 95000 | M16: =C16*M19 -> 95000 | N16: =C16*N19 -> 114000
A17: TOTAL NETO | C17: - | F17: =SUM(F2:F16) -> 182000 | G17: =SUM(G2:G16) -> 184000 | H17: =SUM(H2:H16) -> 232000 | I17: =SUM(I2:I16) -> 230200 | J17: =SUM(J2:J16) -> 234000 | K17: =SUM(K2:K16) -> 279200 | L17: =SUM(L2:L16) -> 232000 | M17: =SUM(M2:M16) -> 233000 | N17: =SUM(N2:N16) -> 327450
A18: TOTAL BRUTO | F18: =F17*1.19 -> 216580 | G18: =G17*1.19 -> 218960 | H18: =H17*1.19 -> 276080 | I18: =I17*1.19 -> 273938 | J18: =J17*1.19 -> 278460 | K18: =K17*1.19 -> 332248 | L18: =L17*1.19 -> 276080 | M18: =M17*1.19 -> 277270 | N18: =N17*1.19 -> 389665.5
A19: HORAS DE TRABAJO | F19: 2 | G19: 2 | H19: 2.5 | I19: 2.5 | J19: 2.5 | K19: 3 | L19: 2.5 | M19: 2.5 | N19: 3
N20: NO INFORMADA

Sheet NEWL200
A1: NEW L-200 4X2 Y 4X4 DIESEL (XRT-XR) | B1: CODIGO | C1: Valor Unitario | D1: CANTIDAD | E1: VALOR TOTAL | F1: 10-30-50-70-90 | G1: 20 | H1: 40-80 4X2 | I1: 40-80 4X4 | J1: 60 4X2 | K1: 60 4X4 | L1: 100
A2: Litro de Aceite de Motor | B2: ='VALOR REPUESTOS'!$A$12 -> A5W30 | C2: ='VALOR REPUESTOS'!$C$12 -> 8000 | D2: 7.3 | E2: =C2*D2 -> 58400 | F2: =$E$2 -> 58400 | G2: =$E$2 -> 58400 | H2: =$E$2 -> 58400 | I2: =$E$2 -> 58400 | J2: =$E$2 -> 58400 | K2: =$E$2 -> 58400 | L2: =$E$2 -> 58400
A3: Cambio Filtro de Aceite de Motor | B3: ='VALOR REPUESTOS'!$A$97 -> FM | C3: ='VALOR REPUESTOS'!$C$97 -> 11000 | D3: 1 | E3: =C3*D3 -> 11000 | F3: =$E$3 -> 11000 | G3: =$E$3 -> 11000 | H3: =$E$3 -> 11000 | I3: =$E$3 -> 11000 | J3: =$E$3 -> 11000 | K3: =$E$3 -> 11000 | L3: =$E$3 -> 11000
A4: Cambio golilla tapón del carter | B4: ='VALOR REPUESTOS'!$A$17 -> GTC | C4: ='VALOR REPUESTOS'!$C$17 -> 3500 | D4: 1 | E4: =C4*D4 -> 3500 | F4: =$E$4 -> 3500 | G4: =$E$4 -> 3500 | H4: =$E$4 -> 3500 | I4: =$E$4 -> 3500 | J4: =$E$4 -> 3500 | K4: =$E$4 -> 3500 | L4: =$E$4 -> 3500
A5: Cambio Filtro de Aire | B5: ='VALOR REPUESTOS'!$A$99 -> FA | C5: ='VALOR REPUESTOS'!$C$99 -> 20000 | D5: 1 | E5: =C5*D5 -> 20000 | G5: =$E$5 -> 20000 | H5: =$E$5 -> 20000 | I5: =$E$5 -> 20000 | J5: =$E$5 -> 20000 | K5: =$E$5 -> 20000 | L5: =$E$5 -> 20000
A6: Cambio Filtro de Combustible | B6: ='VALOR REPUESTOS'!$A$100 -> FC | C6: ='VALOR REPUESTOS'!$C$100 -> 28000 | D6: 1 | E6: =C6*D6 -> 28000 | G6: =$E$6 -> 28000 | H6: =$E$6 -> 28000 | I6: =$E$6 -> 28000 | J6: =$E$6 -> 28000 | K6: =$E$6 -> 28000 | L6: =$E$6 -> 28000
A7: Cambio Filtro de Polen | B7: ='VALOR REPUESTOS'!$A$98 -> FP | C7: ='VALOR REPUESTOS'!$C$98 -> 18000 | D7: 1 | E7: =C7*D7 -> 18000 | G7: =$E$7 -> 18000 | H7: =$E$7 -> 18000 | I7: =$E$7 -> 18000 | J7: =$E$7 -> 18000 | K7: =$E$7 -> 18000 | L7: =$E$7 -> 18000
A8: Litro Aceite Caja de Cambios Transmisión Mecánica | B8: ='VALOR REPUESTOS'!$A$8 -> 75W90 | C8: ='VALOR REPUESTOS'!$C$8 -> 12000 | D8: 2.2 | E8: =C8*D8 -> 26400 | J8: =$E$8 -> 26400 | K8: =$E$8 -> 26400
A9: Líquido Limpiaparabrisas Concentrado | B9: ='VALOR REPUESTOS'!$A$16 -> LLP | C9: ='VALOR REPUESTOS'!$C$16 -> 3500 | D9: 1 | E9: =C9*D9 -> 3500 | F9: =$E$9 -> 3500 | G9: =$E$9 -> 3500 | H9: =$E$9 -> 3500 | I9: =$E$9 -> 3500 | J9: =$E$9 -> 3500 | K9: =$E$9 -> 3500 | L9: =$E$9 -> 3500
A10: Litro de Aceite Diferencial Delantero | B10: ='VALOR REPUESTOS'!$A$6 -> 80W90 | C10: ='VALOR REPUESTOS'!$C$6 -> 10500 | D10: 1.2 | E10: =C10*D10 -> 12600 | I10: =$E$10 -> 12600
A11: Litro de Aceite Diferencial Trasero | B11: ='VALOR REPUESTOS'!$A$5 -> 80W90LS | C11: ='VALOR REPUESTOS'!$C$5 -> 10500 | D11: 2.4 | E11: =C11*D11 -> 25200 | H11: =$E$11 -> 25200 | I11: =$E$11 -> 25200
A12: Litro Aceite de Transferencia | B12: ='VALOR REPUESTOS'!$A$7 -> A75W90 | C12: ='VALOR REPUESTOS'!$C$7 -> 12000 | D12: 1.2 | E12: =C12*D12 -> 14400 | K12: =$E$12 -> 14400
A13: Litro Liquido de Freno | B13: ='VALOR REPUESTOS'!$A$9 -> AL3C1F | C13: ='VALOR REPUESTOS'!$C$9 -> 6800 | D13: 1 | E13: =C13*D13 -> 6800 | H13: =$E$13 -> 6800 | I13: =$E$13 -> 6800
A14: Litro de Refrigerante | B14: ='VALOR REPUESTOS'!$A$3 -> AL1C1 | C14: ='VALOR REPUESTOS'!$C$3 -> 6000 | D14: 9 | E14: =C14*D14 -> 54000 | L14: =$E$14 -> 54000
A15: Materiales e Insumos | B15: ='VALOR REPUESTOS'!$A$11 -> MATEI | C15: ='VALOR REPUESTOS'!$C$11 -> 10000 | D15: 1 | E15: =C15*D15 -> 10000 | F15: =$E$15 -> 10000 | G15: =$E$15 -> 10000 | H15: =$E$15 -> 10000 | I15: =$E$15 -> 10000 | J15: =$E$15 -> 10000 | K15: =$E$15 -> 10000 | L15: =$E$15 -> 10000
A16: MANO DE OBRA | B16: ='VALOR REPUESTOS'!$A$10 -> MO | C16: ='VALOR REPUESTOS'!$C$10 -> 38000 | F16: =C16*F19 -> 76000 | G16: =C16*G19 -> 95000 | H16: =C16*H19 -> 114000 | I16: =C16*I19 -> 114000 | J16: =C16*J19 -> 114000 | K16: =C16*K19 -> 114000 | L16: =C16*L19 -> 114000
A17: TOTAL NETO | F17: =SUM(F2:F16) -> 162400 | G17: =SUM(G2:G16) -> 247400 | H17: =SUM(H2:H16) -> 298400 | I17: =SUM(I2:I16) -> 311000 | J17: =SUM(J2:J16) -> 292800 | K17: =SUM(K2:K16) -> 307200 | L17: =SUM(L2:L16) -> 320400
A18: TOTAL BRUTO | F18: =F17*1.19 -> 193256 | G18: =G17*1.19 -> 294406 | H18: =H17*1.19 -> 355096 | I18: =I17*1.19 -> 370090 | J18: =J17*1.19 -> 348432 | K18: =K17*1.19 -> 365568 | L18: =L17*1.19 -> 381276
A19: HORAS DE TRABAJO | F19: 2 | G19: 2.5 | H19: 3 | I19: 3 | J19: 3 | K19: 3 | L19: 3
A34: {=A34:A35} -> 0

Sheet L200
A1: L-200 4X2 Y 4X4 DIESEL 2.4 MEC. E5 (KK1 & KL1) | B1: CODIGO | C1: Valor Unitario | D1: CANTIDAD | E1: VALOR TOTAL | F1: 10-30-50-70-90 | G1: 20 | H1: 40-80 4X2 | I1: 40-80 4X4 | J1: 60 4X2 | K1: 60 4X4 | L1: 100
A2: Litro de Aceite de Motor | B2: ='VALOR REPUESTOS'!$A$12 -> A5W30 | C2: ='VALOR REPUESTOS'!$C$12 -> 8000 | D2: 8 | E2: =C2*D2 -> 64000 | F2: =$E$2 -> 64000 | G2: =$E$2 -> 64000 | H2: =$E$2 -> 64000 | I2: =$E$2 -> 64000 | J2: =$E$2 -> 64000 | K2: =$E$2 -> 64000 | L2: =$E$2 -> 64000
A3: Cambio Filtro de Aceite de Motor | B3: ='VALOR REPUESTOS'!$A$105 -> FM | C3: ='VALOR REPUESTOS'!$C$105 -> 11000 | D3: 1 | E3: =C3*D3 -> 11000 | F3: =$E$3 -> 11000 | G3: =$E$3 -> 11000 | H3: =$E$3 -> 11000 | I3: =$E$3 -> 11000 | J3: =$E$3 -> 11000 | K3: =$E$3 -> 11000 | L3: =$E$3 -> 11000
A4: Cambio Filtro de Aire | B4: ='VALOR REPUESTOS'!$A$106 -> FA | C4: ='VALOR REPUESTOS'!$C$106 -> 20000 | D4: 1 | E4: =C4*D4 -> 20000 | G4: =$E$4 -> 20000 | H4: =$E$4 -> 20000 | I4: =$E$4 -> 20000 | J4: =$E$4 -> 20000 | K4: =$E$4 -> 20000 | L4: =$E$4 -> 20000
A5: Cambio golilla tapón del carter | B5: ='VALOR REPUESTOS'!$A$17 -> GTC | C5: ='VALOR REPUESTOS'!$C$17 -> 3500 | D5: 1 | E5: =C5*D5 -> 3500 | F5: =$E$5 -> 3500 | G5: =$E$5 -> 3500 | H5: =$E$5 -> 3500 | I5: =$E$5 -> 3500 | J5: =$E$5 -> 3500 | K5: =$E$5 -> 3500 | L5: =$E$5 -> 3500
A6: Cambio Filtro de Combustible | B6: ='VALOR REPUESTOS'!$A$108 -> FC | C6: ='VALOR REPUESTOS'!$C$108 -> 23000 | D6: 1 | E6: =C6*D6 -> 23000 | G6: =$E$6 -> 23000 | H6: =$E$6 -> 23000 | I6: =$E$6 -> 23000 | J6: =$E$6 -> 23000 | K6: =$E$6 -> 23000 | L6: =$E$6 -> 23000
A7: Litro Aceite Caja de Cambios Transmisión Mecánica | B7: ='VALOR REPUESTOS'!$A$8 -> 75W90 | C7: ='VALOR REPUESTOS'!$C$8 -> 12000 | D7: 2.2 | E7: =C7*D7 -> 26400 | J7: =$E$7 -> 26400 | K7: =$E$7 -> 26400
A8: Litro de Aceite Diferencial Delantero | B8: ='VALOR REPUESTOS'!$A$6 -> 80W90 | C8: ='VALOR REPUESTOS'!$C$6 -> 10500 | D8: 1.5 | E8: =C8*D8 -> 15750 | I8: =$E$8 -> 15750
A9: Litro de Aceite Diferencial Trasero | B9: ='VALOR REPUESTOS'!$A$5 -> 80W90LS | C9: ='VALOR REPUESTOS'!$C$5 -> 10500 | D9: 2.3 | E9: =C9*D9 -> 24150 | H9: =$E$9 -> 24150 | I9: =$E$9 -> 24150
A10: Líquido Limpiaparabrisas Concentrado | B10: ='VALOR REPUESTOS'!$A$16 -> LLP | C10: ='VALOR REPUESTOS'!$C$16 -> 3500 | D10: 1 | E10: =C10*D10 -> 3500 | F10: =$E$10 -> 3500 | G10: =$E$10 -> 3500 | H10: =$E$10 -> 3500 | I10: =$E$10 -> 3500 | J10: =$E$10 -> 3500 | K10: =$E$10 -> 3500 | L10: =$E$10 -> 3500
A11: Litro Aceite Dirección Hidraulica | B11: ='VALOR REPUESTOS'!$A$4 -> ATF220 | C11: ='VALOR REPUESTOS'!$C$4 -> 10500 | D11: 1 | E11: =C11*D11 -> 10500
A12: Litro Aceite de Transferencia | B12: ='VALOR REPUESTOS'!$A$7 -> A75W90 | C12: ='VALOR REPUESTOS'!$C$7 -> 12000 | D12: 1.15 | E12: =C12*D12 -> 13800 | K12: =$E$12 -> 13800
A13: Litro Liquido de Freno | B13: ='VALOR REPUESTOS'!$A$9 -> AL3C1F | C13: ='VALOR REPUESTOS'!$C$9 -> 6800 | D13: 1 | E13: =C13*D13 -> 6800 | H13: =$E$13 -> 6800 | I13: =$E$13 -> 6800
A14: Litro de Refrigerante | B14: ='VALOR REPUESTOS'!$A$3 -> AL1C1 | C14: ='VALOR REPUESTOS'!$C$3 -> 6000 | D14: 5 | E14: =C14*D14 -> 30000 | L14: =$E$14 -> 30000
A15: Materiales e Insumos | B15: ='VALOR REPUESTOS'!$A$11 -> MATEI | C15: ='VALOR REPUESTOS'!$C$11 -> 10000 | D15: 1 | E15: =C15*D15 -> 10000 | F15: =$E$15 -> 10000 | G15: =$E$15 -> 10000 | H15: =$E$15 -> 10000 | I15: =$E$15 -> 10000 | J15: =$E$15 -> 10000 | K15: =$E$15 -> 10000 | L15: =$E$15 -> 10000
A16: MANO DE OBRA | B16: ='VALOR REPUESTOS'!$A$10 -> MO | C16: ='VALOR REPUESTOS'!$C$10 -> 38000 | F16: =C16*F19 -> 76000 | G16: =C16*G19 -> 95000 | H16: =C16*H19 -> 114000 | I16: =C16*I19 -> 114000 | J16: =C16*J19 -> 114000 | K16: =C16*K19 -> 114000 | L16: =C16*L19 -> 114000
A17: TOTAL NETO | C17: - | F17: =SUM(F2:F16) -> 168000 | G17: =SUM(G2:G16) -> 230000 | H17: =SUM(H2:H16) -> 279950 | I17: =SUM(I2:I16) -> 295700 | J17: =SUM(J2:J16) -> 275400 | K17: =SUM(K2:K16) -> 289200 | L17: =SUM(L2:L16) -> 279000
A18: TOTAL BRUTO | F18: =F17*1.19 -> 199920 | G18: =G17*1.19 -> 273700 | H18: =H17*1.19 -> 333140.5 | I18: =I17*1.19 -> 351883 | J18: =J17*1.19 -> 327726 | K18: =K17*1.19 -> 344148 | L18: =L17*1.19 -> 332010
A19: HORAS DE TRABAJO | F19: 2 | G19: 2.5 | H19: 3 | I19: 3 | J19: 3 | K19: 3 | L19: 3
A21: L-200 4X2 Y 4X4 DIESEL 2.2 MEC. E6 (KK6-KL6) | B21: CODIGO | C21: Valor Unitario | D21: CANTIDAD | E21: VALOR TOTAL | F21: 10-30-50-70-90 | G21: 20 | H21: 40-80 4X2 | I21: 40-80 4X4 | J21: 60 4X2 | K21: 60 4X4 | L21: 100
A22: Litro de Aceite de Motor | B22: ='VALOR REPUESTOS'!$A$12 -> A5W30 | C22: ='VALOR REPUESTOS'!$C$12 -> 8000 | D22: 6.4 | E22: =C22*D22 -> 51200 | F22: =$E$22 -> 51200 | G22: =$E$22 -> 51200 | H22: =$E$22 -> 51200 | I22: =$E$22 -> 51200 | J22: =$E$22 -> 51200 | K22: =$E$22 -> 51200 | L22: =$E$22 -> 51200
A23: Cambio Filtro de Aceite de Motor | B23: ='VALOR REPUESTOS'!$A$105 -> FM | C23: ='VALOR REPUESTOS'!$C$105 -> 11000 | D23: 1 | E23: =C23*D23 -> 11000 | F23: =$E$23 -> 11000 | G23: =$E$23 -> 11000 | H23: =$E$23 -> 11000 | I23: =$E$23 -> 11000 | J23: =$E$23 -> 11000 | K23: =$E$23 -> 11000 | L23: =$E$23 -> 11000
A24: Cambio golilla tapón del carter | B24: ='VALOR REPUESTOS'!$A$17 -> GTC | C24: ='VALOR REPUESTOS'!$C$17 -> 3500 | D24: 1 | E24: =C24*D24 -> 3500 | F24: =$E$24 -> 3500 | G24: =$E$24 -> 3500 | H24: =$E$24 -> 3500 | I24: =$E$24 -> 3500 | J24: =$E$24 -> 3500 | K24: =$E$24 -> 3500 | L24: =$E$24 -> 3500
A25: Cambio Filtro de Aire | B25: ='VALOR REPUESTOS'!$A$106 -> FA | C25: ='VALOR REPUESTOS'!$C$106 -> 20000 | D25: 1 | E25: =C25*D25 -> 20000 | G25: =$E$25 -> 20000 | H25: =$E$25 -> 20000 | I25: =$E$25 -> 20000 | J25: =$E$25 -> 20000 | K25: =$E$25 -> 20000 | L25: =$E$25 -> 20000
A26: Cambio Filtro de Combustible | B26: ='VALOR REPUESTOS'!$A$108 -> FC | C26: ='VALOR REPUESTOS'!$C$108 -> 23000 | D26: 1 | E26: =C26*D26 -> 23000 | G26: =$E$26 -> 23000 | H26: =$E$26 -> 23000 | I26: =$E$26 -> 23000 | J26: =$E$26 -> 23000 | K26: =$E$26 -> 23000 | L26: =$E$26 -> 23000
A27: Litro Aceite Caja de Cambios Transmisión Mecánica | B27: ='VALOR REPUESTOS'!$A$8 -> 75W90 | C27: ='VALOR REPUESTOS'!$C$8 -> 12000 | D27: 2.2 | E27: =C27*D27 -> 26400 | J27: =$E$27 -> 26400 | K27: =$E$27 -> 26400
A28: Litro de Aceite Diferencial Delantero | B28: ='VALOR REPUESTOS'!$A$6 -> 80W90 | C28: ='VALOR REPUESTOS'!$C$6 -> 10500 | D28: 1.5 | E28: =C28*D28 -> 15750 | I28: =$E$28 -> 15750
A29: Litro de Aceite Diferencial Trasero | B29: ='VALOR REPUESTOS'!$A$5 -> 80W90LS | C29: ='VALOR REPUESTOS'!$C$5 -> 10500 | D29: 2.3 | E29: =C29*D29 -> 24150 | H29: =$E$29 -> 24150 | I29: =$E$29 -> 24150
A30: Líquido Limpiaparabrisas Concentrado | B30: ='VALOR REPUESTOS'!$A$16 -> LLP | C30: ='VALOR REPUESTOS'!$C$16 -> 3500 | D30: 1 | E30: =C30*D30 -> 3500 | F30: =$E$30 -> 3500 | G30: =$E$30 -> 3500 | H30: =$E$30 -> 3500 | I30: =$E$30 -> 3500 | J30: =$E$30 -> 3500 | K30: =$E$30 -> 3500 | L30: =$E$30 -> 3500
A31: Litro Aceite Dirección Hidraulica | B31: ='VALOR REPUESTOS'!$A$4 -> ATF220 | C31: ='VALOR REPUESTOS'!$C$4 -> 10500 | D31: 1 | E31: =C31*D31 -> 10500
A32: Litro Aceite de Transferencia | B32: ='VALOR REPUESTOS'!$A$7 -> A75W90 | C32: ='VALOR REPUESTOS'!$C$7 -> 12000 | D32: 1.15 | E32: =C32*D32 -> 13800 | K32: =$E$32 -> 13800
A33: Litro Liquido de Freno | B33: ='VALOR REPUESTOS'!$A$9 -> AL3C1F | C33: ='VALOR REPUESTOS'!$C$9 -> 6800 | D33: 1 | E33: =C33*D33 -> 6800 | H33: =$E$33 -> 6800 | I33: =$E$33 -> 6800
A34: Litro de Refrigerante | B34: ='VALOR REPUESTOS'!$A$3 -> AL1C1 | C34: ='VALOR REPUESTOS'!$C$3 -> 6000 | D34: 5 | E34: =C34*D34 -> 30000 | L34: =$E$34 -> 30000
A35: Materiales e Insumos | B35: ='VALOR REPUESTOS'!$A$11 -> MATEI | C35: ='VALOR REPUESTOS'!$C$11 -> 10000 | D35: 1 | E35: =C35*D35 -> 10000 | F35: =$E$35 -> 10000 | G35: =$E$35 -> 10000 | H35: =$E$35 -> 10000 | I35: =$E$35 -> 10000 | J35: =$E$35 -> 10000 | K35: =$E$35 -> 10000 | L35: =$E$35 -> 10000
A36: MANO DE OBRA | B36: ='VALOR REPUESTOS'!$A$10 -> MO | C36: ='VALOR REPUESTOS'!$C$10 -> 38000 | F36: =C36*F39 -> 76000 | G36: =C36*G39 -> 95000 | H36: =C36*H39 -> 114000 | I36: =C36*I39 -> 114000 | J36: =C36*J39 -> 114000 | K36: =C36*K39 -> 114000 | L36: =C36*L39 -> 114000
A37: TOTAL NETO | C37: - | F37: =SUM(F22:F36) -> 155200 | G37: =SUM(G22:G36) -> 217200 | H37: =SUM(H22:H36) -> 267150 | I37: =SUM(I22:I36) -> 282900 | J37: =SUM(J22:J36) -> 262600 | K37: =SUM(K22:K36) -> 276400 | L37: =SUM(L22:L36) -> 266200
A38: TOTAL BRUTO | F38: =F37*1.19 -> 184688 | G38: =G37*1.19 -> 258468 | H38: =H37*1.19 -> 317908.5 | I38: =I37*1.19 -> 336651 | J38: =J37*1.19 -> 312494 | K38: =K37*1.19 -> 328916 | L38: =L37*1.19 -> 316778
A39: HORAS DE TRABAJO | F39: 2 | G39: 2.5 | H39: 3 | I39: 3 | J39: 3 | K39: 3 | L39: 3

Sheet NEW RAV4
A1: NEW RAV 4 LE 2.0 4X2 CVT | B1: CODIGO | C1: Valor Unitario | D1: CANTIDAD | E1: VALOR TOTAL | F1: 10-30. | G1: 20-60 | H1: 40-80 | I1: 50-70 | J1: 90 | K1: 100
A2: Litro de Aceite de Motor | B2: ='VALOR REPUESTOS'!$A$12 -> A5W30 | C2: ='VALOR REPUESTOS'!$C$12 -> 8000 | D2: 5 | E2: =C2*D2 -> 40000 | F2: =$E$2 -> 40000 | G2: =$E$2 -> 40000 | H2: =$E$2 -> 40000 | I2: =$E$2 -> 40000 | J2: =$E$2 -> 40000 | K2: =$E$2 -> 40000
A3: Cambio Filtro de Aceite de Motor | B3: ='VALOR REPUESTOS'!$A$101 -> FM | C3: ='VALOR REPUESTOS'!$C$101 -> 13000 | D3: 1 | E3: =C3*D3 -> 13000 | F3: =$E$3 -> 13000 | G3: =$E$3 -> 13000 | H3: =$E$3 -> 13000 | I3: =$E$3 -> 13000 | J3: =$E$3 -> 13000 | K3: =$E$3 -> 13000
A4: Cambio golilla tapón del carter | B4: ='VALOR REPUESTOS'!$A$17 -> GTC | C4: ='VALOR REPUESTOS'!$C$17 -> 3500 | D4: 1 | E4: =C4*D4 -> 3500 | F4: =$E$4 -> 3500 | G4: =$E$4 -> 3500 | H4: =$E$4 -> 3500 | I4: =$E$4 -> 3500 | J4: =$E$4 -> 3500 | K4: =$E$4 -> 3500
A5: Cambio Filtro de Aire | B5: ='VALOR REPUESTOS'!$A$102 -> FA | C5: ='VALOR REPUESTOS'!$C$102 -> 18000 | D5: 1 | E5: =C5*D5 -> 18000 | G5: =$E$5 -> 18000 | H5: =$E$5 -> 18000 | K5: =$E$5 -> 18000
A6: Líquido Limpiaparabrisas Concentrado | B6: ='VALOR REPUESTOS'!$A$16 -> LLP | C6: ='VALOR REPUESTOS'!$C$16 -> 3500 | D6: 1 | E6: =C6*D6 -> 3500 | F6: =$E$6 -> 3500 | G6: =$E$6 -> 3500 | H6: =$E$6 -> 3500 | I6: =$E$6 -> 3500 | J6: =$E$6 -> 3500 | K6: =$E$6 -> 3500
A7: Bujías | B7: ='VALOR REPUESTOS'!$A$104 -> BUJ | C7: ='VALOR REPUESTOS'!$C$104 -> 15000 | D7: 4 | E7: =C7*D7 -> 60000 | J7: =$E$7 -> 60000
A8: Litro Liquido de Freno | B8: ='VALOR REPUESTOS'!$A$9 -> AL3C1F | C8: ='VALOR REPUESTOS'!$C$9 -> 6800 | D8: 1 | E8: =C8*D8 -> 6800 | H8: =$E$8 -> 6800
A9: Litro Liquido de Embrague | B9: ='VALOR REPUESTOS'!$A$9 -> AL3C1F | C9: ='VALOR REPUESTOS'!$C$9 -> 6800 | D9: 1 | E9: =C9*D9 -> 6800 | H9: =$E$9 -> 6800
A10: Materiales e Insumos | B10: ='VALOR REPUESTOS'!$A$11 -> MATEI | C10: ='VALOR REPUESTOS'!$C$11 -> 10000 | D10: 1 | E10: =C10*D10 -> 10000 | F10: =$E$10 -> 10000 | G10: =$E$10 -> 10000 | H10: =$E$10 -> 10000 | I10: =$E$10 -> 10000 | J10: =$E$10 -> 10000 | K10: =$E$10 -> 10000
A11: MANO DE OBRA | B11: ='VALOR REPUESTOS'!$A$10 -> MO | C11: ='VALOR REPUESTOS'!$C$10 -> 38000 | F11: =C11*F14 -> 57000 | G11: =C11*G14 -> 76000 | H11: =C11*H14 -> 95000 | I11: =C11*I14 -> 76000 | J11: =C11*J14 -> 95000 | K11: =C11*K14 -> 95000
A12: TOTAL NETO | C12: - | F12: =SUM(F2:F11) -> 127000 | G12: =SUM(G2:G11) -> 164000 | H12: =SUM(H2:H11) -> 196600 | I12: =SUM(I2:I11) -> 146000 | J12: =SUM(J2:J11) -> 225000 | K12: =SUM(K2:K11) -> 183000
A13: TOTAL BRUTO | F13: =F12*1.19 -> 151130 | G13: =G12*1.19 -> 195160 | H13: =H12*1.19 -> 233954 | I13: =I12*1.19 -> 173740 | J13: =J12*1.19 -> 267750 | K13: =K12*1.19 -> 217770
A14: HORAS DE TRABAJO | F14: 1.5 | G14: 2 | H14: 2.5 | I14: 2 | J14: 2.5 | K14: 2.5

Sheet HILUX
A1: USO NORMAL | I1: 4x2 | J1: 4x4
A2: TOYOTA HILUX 2.4 MEC 4X2 y 4X4 | B2: CODIGO | C2: Valor Unitario | D2: CANTIDAD | E2: VALOR TOTAL | F2: 10-50-70 | G2: 20-100 | H2: 30-90 | I2: 40-80 | J2: 40-80 | K2: 60
A3: Litro de Aceite de Motor | B3: ='VALOR REPUESTOS'!$A$12 -> A5W30 | C3: ='VALOR REPUESTOS'!$C$12 -> 8000 | D3: 7 | E3: =C3*D3 -> 56000 | F3: =$E$3 -> 56000 | G3: =$E$3 -> 56000 | H3: =$E$3 -> 56000 | I3: =$E$3 -> 56000 | J3: =$E$3 -> 56000 | K3: =$E$3 -> 56000
A4: Cambio Filtro de Aceite de Motor | B4: ='VALOR REPUESTOS'!$A$115 -> FM | C4: ='VALOR REPUESTOS'!$C$115 -> 12500 | D4: 1 | E4: =C4*D4 -> 12500 | F4: =$E$4 -> 12500 | G4: =$E$4 -> 12500 | H4: =$E$4 -> 12500 | I4: =$E$4 -> 12500 | J4: =$E$4 -> 12500 | K4: =$E$4 -> 12500
A5: Cambio golilla tapón del carter | B5: ='VALOR REPUESTOS'!$A$17 -> GTC | C5: ='VALOR REPUESTOS'!$C$17 -> 3500 | D5: 1 | E5: =C5*D5 -> 3500 | F5: =$E$5 -> 3500 | G5: =$E$5 -> 3500 | H5: =$E$5 -> 3500 | I5: =$E$5 -> 3500 | J5: =$E$5 -> 3500 | K5: =$E$5 -> 3500
A6: Cambio Filtro de Aire | B6: ='VALOR REPUESTOS'!$A$117 -> FA | C6: ='VALOR REPUESTOS'!$C$117 -> 21000 | D6: 1 | E6: =C6*D6 -> 21000 | H6: =$E$6 -> 21000 | K6: =$E$6 -> 21000
A7: Cambio Filtro de Combustible | B7: ='VALOR REPUESTOS'!$A$118 -> FC | C7: ='VALOR REPUESTOS'!$C$118 -> 20000 | D7: 1 | E7: =C7*D7 -> 20000 | G7: =$E$7 -> 20000 | I7: =$E$7 -> 20000 | J7: =$E$7 -> 20000 | K7: =$E$7 -> 20000
A8: Cambio Filtro de Polen | B8: ='VALOR REPUESTOS'!$A$116 -> FP | C8: ='VALOR REPUESTOS'!$C$116 -> 19000 | D8: 1 | E8: =C8*D8 -> 19000 | G8: =$E$8 -> 19000 | I8: =$E$8 -> 19000 | J8: =$E$8 -> 19000 | K8: =$E$8 -> 19000
A9: Litro de Aceite Diferencial Delantero | B9: ='VALOR REPUESTOS'!$A$6 -> 80W90 | C9: ='VALOR REPUESTOS'!$C$6 -> 10500 | D9: 2 | E9: =C9*D9 -> 21000 | J9: =$E$9 -> 21000
A10: Litro de Aceite Diferencial Trasero | B10: ='VALOR REPUESTOS'!$A$5 -> 80W90LS | C10: ='VALOR REPUESTOS'!$C$5 -> 10500 | D10: 2.8 | E10: =C10*D10 -> 29400 | I10: =$E$10 -> 29400 | J10: =$E$10 -> 29400
A11: Líquido Limpiaparabrisas Concentrado | B11: ='VALOR REPUESTOS'!$A$16 -> LLP | C11: ='VALOR REPUESTOS'!$C$16 -> 3500 | D11: 1 | E11: =C11*D11 -> 3500 | F11: =$E$11 -> 3500 | G11: =$E$11 -> 3500 | H11: =$E$11 -> 3500 | I11: =$E$11 -> 3500 | J11: =$E$11 -> 3500 | K11: =$E$11 -> 3500
A12: Litro Aceite de Transferencia | B12: ='VALOR REPUESTOS'!$A$7 -> A75W90 | C12: ='VALOR REPUESTOS'!$C$7 -> 12000 | D12: 2 | E12: =C12*D12 -> 24000 | J12: =$E$12 -> 24000
A13: Litro Aceite de Transmisión | B13: ='VALOR REPUESTOS'!$A$8 -> 75W90 | C13: ='VALOR REPUESTOS'!$C$8 -> 12000 | D13: 3 | E13: =C13*D13 -> 36000 | I13: =$E$13 -> 36000 | J13: =$E$13 -> 36000
A14: Refrigerante | B14: ='VALOR REPUESTOS'!$A$3 -> AL1C1 | C14: ='VALOR REPUESTOS'!$C$3 -> 6000 | D14: 8 | E14: =C14*D14 -> 48000
A15: Litro Liquido de Freno | B15: ='VALOR REPUESTOS'!$A$9 -> AL3C1F | C15: ='VALOR REPUESTOS'!$C$9 -> 6800 | D15: 1 | E15: =C15*D15 -> 6800
A16: Litro Liquido de Embrague | B16: ='VALOR REPUESTOS'!$A$9 -> AL3C1F | C16: ='VALOR REPUESTOS'!$C$9 -> 6800 | D16: 1 | E16: =C16*D16 -> 6800
A17: Materiales e Insumos | B17: ='VALOR REPUESTOS'!$A$11 -> MATEI | C17: ='VALOR REPUESTOS'!$C$11 -> 10000 | D17: 1 | E17: =C17*D17 -> 10000 | F17: =$E$17 -> 10000 | G17: =$E$17 -> 10000 | H17: =$E$17 -> 10000 | I17: =$E$17 -> 10000 | J17: =$E$17 -> 10000 | K17: =$E$17 -> 10000
A18: MANO DE OBRA | B18: ='VALOR REPUESTOS'!$A$10 -> MO | C18: ='VALOR REPUESTOS'!$C$10 -> 38000 | F18: =C18*F21 -> 76000 | G18: =C18*G21 -> 95000 | H18: =C18*H21 -> 76000 | I18: =C18*I21 -> 114000 | J18: =C18*J21 -> 114000 | K18: =C18*K21 -> 95000
A19: TOTAL NETO | F19: =SUM(F3:F18) -> 161500 | G19: =SUM(G3:G18) -> 219500 | H19: =SUM(H3:H18) -> 182500 | I19: =SUM(I3:I18) -> 303900 | J19: =SUM(J3:J18) -> 348900 | K19: =SUM(K3:K18) -> 240500
A20: TOTAL BRUTO | F20: =F19*1.19 -> 192185 | G20: =G19*1.19 -> 261205 | H20: =H19*1.19 -> 217175 | I20: =I19*1.19 -> 361641 | J20: =J19*1.19 -> 415191 | K20: =K19*1.19 -> 286195
A21: HORAS DE TRABAJO | F21: 2 | G21: 2.5 | H21: 2 | I21: 3 | J21: 3 | K21: 2.5
A23: USO SEVERO | B23: NO INFORMADA, REVISAR ANTES DE USAR | I23: 4x2 | J23: 4x4
A24: TOYOTA HILUX 2.4 MEC 4X2 y 4X4 | B24: CODIGO | C24: Valor Unitario | D24: CANTIDAD | E24: VALOR TOTAL | F24: 5-15-25-35-45-55-65-75-85-95 | G24: 10-30-70-90 | H24: 50 | I24: 20-40-60-80 | J24: 20-40-60-80 | K24: 100
A25: Litro de Aceite de Motor | B25: ='VALOR REPUESTOS'!$A$12 -> A5W30 | C25: ='VALOR REPUESTOS'!$C$12 -> 8000 | D25: 7 | E25: =C25*D25 -> 56000 | F25: =$E$25 -> 56000 | G25: =$E$25 -> 56000 | H25: =$E$25 -> 56000 | I25: =$E$25 -> 56000 | J25: =$E$25 -> 56000 | K25: =$E$25 -> 56000
A26: Cambio Filtro de Aceite de Motor | B26: ='VALOR REPUESTOS'!$A$115 -> FM | C26: ='VALOR REPUESTOS'!$C$115 -> 12500 | D26: 1 | E26: =C26*D26 -> 12500 | F26: =$E$26 -> 12500 | G26: =$E$26 -> 12500 | H26: =$E$26 -> 12500 | I26: =$E$26 -> 12500 | J26: =$E$26 -> 12500 | K26: =$E$26 -> 12500
A27: Cambio golilla tapón del carter | B27: ='VALOR REPUESTOS'!$A$17 -> GTC | C27: ='VALOR REPUESTOS'!$C$17 -> 3500 | D27: 1 | E27: =C27*D27 -> 3500 | F27: =$E$27 -> 3500 | G27: =$E$27 -> 3500 | H27: =$E$27 -> 3500 | I27: =$E$27 -> 3500 | J27: =$E$27 -> 3500 | K27: =$E$27 -> 3500
A28: Cambio Filtro de Aire | B28: ='VALOR REPUESTOS'!$A$117 -> FA | C28: ='VALOR REPUESTOS'!$C$117 -> 21000 | D28: 1 | E28: =C28*D28 -> 21000 | F28: =$E$28 -> 21000 | G28: =$E$28 -> 21000 | H28: =$E$28 -> 21000 | I28: =$E$28 -> 21000 | J28: =$E$28 -> 21000 | K28: =$E$28 -> 21000
A29: Cambio Filtro de Combustible | B29: ='VALOR REPUESTOS'!$A$118 -> FC | C29: ='VALOR REPUESTOS'!$C$118 -> 20000 | D29: 1 | E29: =C29*D29 -> 20000 | H29: =$E$29 -> 20000 | I29: =$E$29 -> 20000 | J29: =$E$29 -> 20000 | K29: =$E$29 -> 20000
A30: Cambio Filtro de Polen | B30: ='VALOR REPUESTOS'!$A$116 -> FP | C30: ='VALOR REPUESTOS'!$C$116 -> 19000 | D30: 1 | E30: =C30*D30 -> 19000 | G30: =$E$30 -> 19000 | H30: =$E$30 -> 19000 | I30: =$E$30 -> 19000 | J30: =$E$30 -> 19000 | K30: =$E$30 -> 19000
A31: Litro de Aceite Diferencial Delantero | B31: ='VALOR REPUESTOS'!$A$6 -> 80W90 | C31: ='VALOR REPUESTOS'!$C$6 -> 10500 | D31: 2 | E31: =C31*D31 -> 21000 | J31: =$E$31 -> 21000 | K31: =$E$31 -> 21000
A32: Litro de Aceite Diferencial Trasero | B32: ='VALOR REPUESTOS'!$A$5 -> 80W90LS | C32: ='VALOR REPUESTOS'!$C$5 -> 10500 | D32: 2.8 | E32: =C32*D32 -> 29400 | I32: =$E$32 -> 29400 | J32: =$E$32 -> 29400 | K32: =$E$32 -> 29400
A33: Líquido Limpiaparabrisas Concentrado | B33: ='VALOR REPUESTOS'!$A$16 -> LLP | C33: ='VALOR REPUESTOS'!$C$16 -> 3500 | D33: 1 | E33: =C33*D33 -> 3500 | F33: =$E$33 -> 3500 | G33: =$E$33 -> 3500 | H33: =$E$33 -> 3500 | I33: =$E$33 -> 3500 | J33: =$E$33 -> 3500 | K33: =$E$33 -> 3500
A34: Litro Aceite de Transferencia | B34: ='VALOR REPUESTOS'!$A$7 -> A75W90 | C34: ='VALOR REPUESTOS'!$C$7 -> 12000 | D34: 2 | E34: =C34*D34 -> 24000 | J34: =$E$34 -> 24000 | K34: =$E$34 -> 24000
A35: Litro Aceite de Transmisión | B35: ='VALOR REPUESTOS'!$A$8 -> 75W90 | C35: ='VALOR REPUESTOS'!$C$8 -> 12000 | D35: 3 | E35: =C35*D35 -> 36000 | I35: =$E$35 -> 36000 | J35: =$E$35 -> 36000 | K35: =$E$35 -> 36000
A36: Refrigerante | B36: ='VALOR REPUESTOS'!$A$3 -> AL1C1 | C36: ='VALOR REPUESTOS'!$C$3 -> 6000 | D36: 8 | E36: =C36*D36 -> 48000 | H36: =$E$36 -> 48000 | K36: =$E$36 -> 48000
A37: Litro Liquido de Freno | B37: ='VALOR REPUESTOS'!$A$9 -> AL3C1F | C37: ='VALOR REPUESTOS'!$C$9 -> 6800 | D37: 1 | E37: =C37*D37 -> 6800 | H37: =$E$37 -> 6800 | K37: =$E$37 -> 6800
A38: Litro Liquido de Embrague | B38: ='VALOR REPUESTOS'!$A$9 -> AL3C1F | C38: ='VALOR REPUESTOS'!$C$9 -> 6800 | D38: 1 | E38: =C38*D38 -> 6800
A39: Materiales e Insumos | B39: ='VALOR REPUESTOS'!$A$11 -> MATEI | C39: ='VALOR REPUESTOS'!$C$11 -> 10000 | D39: 1 | E39: =C39*D39 -> 10000 | F39: =$E$39 -> 10000 | G39: =$E$39 -> 10000 | H39: =$E$39 -> 10000 | I39: =$E$39 -> 10000 | J39: =$E$39 -> 10000 | K39: =$E$39 -> 10000
A40: MANO DE OBRA | B40: ='VALOR REPUESTOS'!$A$10 -> MO | C40: ='VALOR REPUESTOS'!$C$10 -> 38000 | F40: =C40*F43 -> 76000 | G40: =C40*G43 -> 76000 | H40: =C40*H43 -> 114000 | I40: =C40*I43 -> 114000 | J40: =C40*J43 -> 114000 | K40: =C40*K43 -> 152000
A41: TOTAL NETO | C41: - | F41: =SUM(F25:F40) -> 182500 | G41: =SUM(G25:G40) -> 201500 | H41: =SUM(H25:H40) -> 314300 | I41: =SUM(I25:I40) -> 324900 | J41: =SUM(J25:J40) -> 369900 | K41: =SUM(K25:K40) -> 462700
A42: TOTAL BRUTO | F42: =F41*1.19 -> 217175 | G42: =G41*1.19 -> 239785 | H42: =H41*1.19 -> 374017 | I42: =I41*1.19 -> 386631 | J42: =J41*1.19 -> 440181 | K42: =K41*1.19 -> 550613
A43: HORAS DE TRABAJO | F43: 2 | G43: 2 | H43: 3 | I43: 3 | J43: 3 | K43: 4

Sheet MAXUS 2.0
A1: MAXUS T60 D 2.0 EURO 6 MT 4X2 (USO NORMAL) | B1: CODIGO | C1: Valor Unitario | D1: CANTIDAD | E1: VALOR TOTAL | F1: 10 | G1: 25 | H1: 40 | I1: 55 | J1: 70 | K1: 85 C/D | L1: 100
A2: Litro de Aceite de Motor | B2: ='VALOR REPUESTOS'!$A$12 -> A5W30 | C2: ='VALOR REPUESTOS'!$C$12 -> 8000 | D2: 5.5 | E2: =C2*D2 -> 44000 | F2: =$E$2 -> 44000 | G2: =$E$2 -> 44000 | H2: =$E$2 -> 44000 | I2: =$E$2 -> 44000 | J2: =$E$2 -> 44000 | K2: =$E$2 -> 44000 | L2: =$E$2 -> 44000
A3: Cambio Filtro de Aceite de Motor | B3: ='VALOR REPUESTOS'!$A$119 -> FM | C3: ='VALOR REPUESTOS'!$C$119 -> 15000 | D3: 1 | E3: =C3*D3 -> 15000 | F3: =$E$3 -> 15000 | G3: =$E$3 -> 15000 | H3: =$E$3 -> 15000 | I3: =$E$3 -> 15000 | J3: =$E$3 -> 15000 | K3: =$E$3 -> 15000 | L3: =$E$3 -> 15000
A4: Cambio golilla tapón del carter | B4: ='VALOR REPUESTOS'!$A$17 -> GTC | C4: ='VALOR REPUESTOS'!$C$17 -> 3500 | D4: 1 | E4: =C4*D4 -> 3500 | F4: =$E$4 -> 3500 | G4: =$E$4 -> 3500 | H4: =$E$4 -> 3500 | I4: =$E$4 -> 3500 | J4: =$E$4 -> 3500 | K4: =$E$4 -> 3500 | L4: =$E$4 -> 3500
A5: Cambio de Filtro de Polen | B5: ='VALOR REPUESTOS'!$A$121 -> FP | C5: ='VALOR REPUESTOS'!$C$121 -> 20000 | D5: 1 | E5: =C5*D5 -> 20000 | H5: =$E$5 -> 20000 | J5: =$E$5 -> 20000 | L5: =$E$5 -> 20000
A6: Cambio Filtro de Aire | B6: ='VALOR REPUESTOS'!$A$122 -> FA | C6: ='VALOR REPUESTOS'!$C$122 -> 20000 | D6: 1 | E6: =C6*D6 -> 20000 | G6: =$E$6 -> 20000 | H6: =$E$6 -> 20000 | I6: =$E$6 -> 20000 | J6: =$E$6 -> 20000 | K6: =$E$6 -> 20000 | L6: =$E$6 -> 20000
A7: Cambio Filtro de Combustible | B7: ='VALOR REPUESTOS'!$A$123 -> FC | C7: ='VALOR REPUESTOS'!$C$123 -> 28000 | D7: 1 | E7: =C7*D7 -> 28000 | H7: =$E$7 -> 28000 | J7: =$E$7 -> 28000 | L7: =$E$7 -> 28000
A8: Litro Liquido de Freno | B8: ='VALOR REPUESTOS'!$A$9 -> AL3C1F | C8: ='VALOR REPUESTOS'!$C$9 -> 6800 | D8: 1 | E8: =C8*D8 -> 6800 | J8: =$E$8 -> 6800
A9: Litro de Refrigerante | B9: ='VALOR REPUESTOS'!$A$3 -> AL1C1 | C9: ='VALOR REPUESTOS'!$C$3 -> 6000 | D9: 11 | E9: =C9*D9 -> 66000 | K9: =$E$9 -> 66000
A10: Líquido Limpiaparabrisas Concentrado | B10: ='VALOR REPUESTOS'!$A$16 -> LLP | C10: ='VALOR REPUESTOS'!$C$16 -> 3500 | D10: 1 | E10: =C10*D10 -> 3500 | F10: =$E$10 -> 3500 | G10: =$E$10 -> 3500 | H10: =$E$10 -> 3500 | I10: =$E$10 -> 3500 | J10: =$E$10 -> 3500 | K10: =$E$10 -> 3500 | L10: =$E$10 -> 3500
A11: Kit de distribucion | B11: ='VALOR REPUESTOS'!$A$125 -> KD | C11: ='VALOR REPUESTOS'!$C$125 -> 150000 | D11: 1 | E11: =C11*D11 -> 150000 | K11: =$E$11 -> 150000
A12: Materiales e Insumos | B12: ='VALOR REPUESTOS'!$A$11 -> MATEI | C12: ='VALOR REPUESTOS'!$C$11 -> 10000 | D12: 1 | E12: =C12*D12 -> 10000 | F12: =$E$12 -> 10000 | G12: =$E$12 -> 10000 | H12: =$E$12 -> 10000 | I12: =$E$12 -> 10000 | J12: =$E$12 -> 10000 | K12: =$E$12 -> 10000 | L12: =$E$12 -> 10000
A13: Ac. Transmisión Mecánica | B13: ='VALOR REPUESTOS'!$A$8 -> 75W90 | C13: ='VALOR REPUESTOS'!$C$8 -> 12000 | D13: 2.6 | E13: =C13*D13 -> 31200 | F13: =$E$13 -> 31200 | K13: =$E$13 -> 31200
A14: Ac. Diferencial trasero | B14: ='VALOR REPUESTOS'!$A$5 -> 80W90LS | C14: ='VALOR REPUESTOS'!$C$5 -> 10500 | D14: 3 | E14: =C14*D14 -> 31500 | F14: =$E$14 -> 31500 | K14: =$E$14 -> 31500
A15: Ac. Dirección hidráulica | B15: ='VALOR REPUESTOS'!$A$4 -> ATF220 | C15: ='VALOR REPUESTOS'!$C$4 -> 10500 | D15: 1.2 | E15: =C15*D15 -> 12600 | J15: =$E$15 -> 12600
A16: MANO DE OBRA | B16: ='VALOR REPUESTOS'!$A$10 -> MO | C16: ='VALOR REPUESTOS'!$C$10 -> 38000 | E16: =C16*D16 -> 0 | F16: =C16*F19 -> 95000 | G16: =C16*G19 -> 76000 | H16: =C16*H19 -> 95000 | I16: =C16*I19 -> 76000 | J16: =C16*J19 -> 114000 | K16: =C16*K19 -> 190000 | L16: =C16*L19 -> 95000
A17: TOTAL NETO | F17: =SUM(F2:F16) -> 233700 | G17: =SUM(G2:G16) -> 172000 | H17: =SUM(H2:H16) -> 239000 | I17: =SUM(I2:I16) -> 172000 | J17: =SUM(J2:J16) -> 277400 | K17: =SUM(K2:K16) -> 564700 | L17: =SUM(L2:L16) -> 239000
A18: TOTAL BRUTO | F18: =F17*1.19 -> 278103 | G18: =G17*1.19 -> 204680 | H18: =H17*1.19 -> 284410 | I18: =I17*1.19 -> 204680 | J18: =J17*1.19 -> 330106 | K18: =K17*1.19 -> 671993 | L18: =L17*1.19 -> 284410
A19: HORAS DE TRABAJO | F19: 2.5 | G19: 2 | H19: 2.5 | I19: 2 | J19: 3 | K19: 5 | L19: 2.5
A21: MAXUS T60 D 2.0 EURO 5 MT 4X4 (USO NORMAL) | B21: CODIGO | C21: Valor Unitario | D21: CANTIDAD | E21: VALOR TOTAL | F21: 5 | G21: 15-105 | H21: 30 | I21: 45 | J21: 60 | K21: 75 | L21: 90 C/D
A22: Litro de Aceite de Motor | B22: ='VALOR REPUESTOS'!$A$12 -> A5W30 | C22: ='VALOR REPUESTOS'!$C$12 -> 8000 | D22: 5.5 | E22: =C22*D22 -> 44000 | F22: =$E$22 -> 44000 | G22: =$E$22 -> 44000 | H22: =$E$22 -> 44000 | I22: =$E$22 -> 44000 | J22: =$E$22 -> 44000 | K22: =$E$22 -> 44000 | L22: =$E$22 -> 44000
A23: Cambio Filtro de Aceite de Motor | B23: ='VALOR REPUESTOS'!$A$119 -> FM | C23: ='VALOR REPUESTOS'!$C$119 -> 15000 | D23: 1 | E23: =C23*D23 -> 15000 | F23: =$E$23 -> 15000 | G23: =$E$23 -> 15000 | H23: =$E$23 -> 15000 | I23: =$E$23 -> 15000 | J23: =$E$23 -> 15000 | K23: =$E$23 -> 15000 | L23: =$E$23 -> 15000
A24: Cambio golilla tapón del carter | B24: ='VALOR REPUESTOS'!$A$17 -> GTC | C24: ='VALOR REPUESTOS'!$C$17 -> 3500 | D24: 1 | E24: =C24*D24 -> 3500 | F24: =$E$24 -> 3500 | G24: =$E$24 -> 3500 | H24: =$E$24 -> 3500 | I24: =$E$24 -> 3500 | J24: =$E$24 -> 3500 | K24: =$E$24 -> 3500 | L24: =$E$24 -> 3500
A25: Cambio de Filtro de Polen | B25: ='VALOR REPUESTOS'!$A$121 -> FP | C25: ='VALOR REPUESTOS'!$C$121 -> 20000 | D25: 1 | E25: =C25*D25 -> 20000 | H25: =$E$25 -> 20000 | J25: =$E$25 -> 20000 | L25: =$E$25 -> 20000
A26: Cambio Filtro de Aire | B26: ='VALOR REPUESTOS'!$A$122 -> FA | C26: ='VALOR REPUESTOS'!$C$122 -> 20000 | D26: 1 | E26: =C26*D26 -> 20000 | G26: =$E$26 -> 20000 | H26: =$E$26 -> 20000 | I26: =$E$26 -> 20000 | J26: =$E$26 -> 20000 | K26: =$E$26 -> 20000 | L26: =$E$26 -> 20000
A27: Cambio Filtro de Combustible | B27: ='VALOR REPUESTOS'!$A$123 -> FC | C27: ='VALOR REPUESTOS'!$C$123 -> 28000 | D27: 1 | E27: =C27*D27 -> 28000 | H27: =$E$27 -> 28000 | J27: =$E$27 -> 28000 | L27: =$E$27 -> 28000
A28: Litro Li+A29quido de Freno | B28: ='VALOR REPUESTOS'!$A$9 -> AL3C1F | C28: ='VALOR REPUESTOS'!$C$9 -> 6800 | D28: 1 | E28: =C28*D28 -> 6800 | J28: =$E$28 -> 6800
A29: Litro de Refrigerante | B29: ='VALOR REPUESTOS'!$A$3 -> AL1C1 | C29: ='VALOR REPUESTOS'!$C$3 -> 6000 | D29: 11 | E29: =C29*D29 -> 66000 | L29: =$E$29 -> 66000
A30: Líquido Limpiaparabrisas Concentrado | B30: ='VALOR REPUESTOS'!$A$16 -> LLP | C30: ='VALOR REPUESTOS'!$C$16 -> 3500 | D30: 1 | E30: =C30*D30 -> 3500 | F30: =$E$30 -> 3500 | G30: =$E$30 -> 3500 | H30: =$E$30 -> 3500 | I30: =$E$30 -> 3500 | J30: =$E$30 -> 3500 | K30: =$E$30 -> 3500 | L30: =$E$30 -> 3500
A31: Kit de distribucion | B31: ='VALOR REPUESTOS'!$A$125 -> KD | C31: ='VALOR REPUESTOS'!$C$125 -> 150000 | D31: 1 | E31: =C31*D31 -> 150000 | L31: =$E$31 -> 150000
A32: Materiales e Insumos | B32: ='VALOR REPUESTOS'!$A$11 -> MATEI | C32: ='VALOR REPUESTOS'!$C$11 -> 10000 | D32: 1 | E32: =C32*D32 -> 10000 | F32: =$E$32 -> 10000 | G32: =$E$32 -> 10000 | H32: =$E$32 -> 10000 | I32: =$E$32 -> 10000 | J32: =$E$32 -> 10000 | K32: =$E$32 -> 10000 | L32: =$E$32 -> 10000
A33: Ac. Transmisión Mecánica | B33: ='VALOR REPUESTOS'!$A$8 -> 75W90 | C33: ='VALOR REPUESTOS'!$C$8 -> 12000 | D33: 2.6 | E33: =C33*D33 -> 31200 | F33: =$E$33 -> 31200 | K33: =$E$33 -> 31200
A34: Ac. Caja de Transferencia | B34: ='VALOR REPUESTOS'!$A$7 -> A75W90 | C34: ='VALOR REPUESTOS'!$C$7 -> 12000 | D34: 1.5 | E34: =C34*D34 -> 18000 | F34: =$E$34 -> 18000 | K34: =$E$34 -> 18000
A35: Ac. Diferencial trasero | B35: ='VALOR REPUESTOS'!$A$5 -> 80W90LS | C35: ='VALOR REPUESTOS'!$C$5 -> 10500 | D35: 3 | E35: =C35*D35 -> 31500 | F35: =$E$35 -> 31500 | K35: =$E$35 -> 31500
A36: Ac. Diferencial DELANTERO | B36: ='VALOR REPUESTOS'!$A$6 -> 80W90 | C36: ='VALOR REPUESTOS'!$C$6 -> 10500 | D36: 1 | E36: =C36*D36 -> 10500 | F36: =$E$36 -> 10500 | K36: =$E$36 -> 10500
A37: Ac. Dirección hidráulica | B37: ='VALOR REPUESTOS'!$A$4 -> ATF220 | C37: ='VALOR REPUESTOS'!$C$4 -> 10500 | D37: 1.2 | E37: =C37*D37 -> 12600 | K37: =$E$37 -> 12600
A38: MANO DE OBRA | B38: ='VALOR REPUESTOS'!$A$10 -> MO | C38: ='VALOR REPUESTOS'!$C$10 -> 38000 | E38: =C38*D38 -> 0 | F38: =C38*F41 -> 95000 | G38: =C38*G41 -> 76000 | H38: =C38*H41 -> 95000 | I38: =C38*I41 -> 76000 | J38: =C38*J41 -> 114000 | K38: =C38*K41 -> 114000 | L38: =C38*L41 -> 190000
A39: TOTAL NETO | F39: =SUM(F22:F38) -> 262200 | G39: =SUM(G22:G38) -> 172000 | H39: =SUM(H22:H38) -> 239000 | I39: =SUM(I22:I38) -> 172000 | J39: =SUM(J22:J38) -> 264800 | K39: =SUM(K22:K38) -> 313800 | L39: =SUM(L22:L38) -> 550000
A40: TOTAL BRUTO | F40: =F39*1.19 -> 312018 | G40: =G39*1.19 -> 204680 | H40: =H39*1.19 -> 284410 | I40: =I39*1.19 -> 204680 | J40: =J39*1.19 -> 315112 | K40: =K39*1.19 -> 373422 | L40: =L39*1.19 -> 654500
A41: HORAS DE TRABAJO | F41: 2.5 | G41: 2 | H41: 2.5 | I41: 2 | J41: 3 | K41: 3 | L41: 5

Sheet MAXUS 2.8
A1: MAXUS T60 2.8 EURO 5 MT 4X2 (USO NORMAL) | B1: CODIGO | C1: Valor Unitario | D1: CANTIDAD | E1: VALOR TOTAL | F1: 5 | G1: 15-105 | H1: 30 | I1: 45 | J1: 60 | K1: 75 C/D | L1: 90
A2: Litro de Aceite de Motor | B2: ='VALOR REPUESTOS'!$A$12 -> A5W30 | C2: ='VALOR REPUESTOS'!$C$12 -> 8000 | D2: 7 | E2: =C2*D2 -> 56000 | F2: =$E$2 -> 56000 | G2: =$E$2 -> 56000 | H2: =$E$2 -> 56000 | I2: =$E$2 -> 56000 | J2: =$E$2 -> 56000 | K2: =$E$2 -> 56000 | L2: =$E$2 -> 56000
A3: Cambio Filtro de Aceite de Motor | B3: ='VALOR REPUESTOS'!$A$120 -> FM | C3: ='VALOR REPUESTOS'!$C$120 -> 15000 | D3: 1 | E3: =C3*D3 -> 15000 | F3: =$E$3 -> 15000 | G3: =$E$3 -> 15000 | H3: =$E$3 -> 15000 | I3: =$E$3 -> 15000 | J3: =$E$3 -> 15000 | K3: =$E$3 -> 15000 | L3: =$E$3 -> 15000
A4: Cambio golilla tapón del carter | B4: ='VALOR REPUESTOS'!$A$17 -> GTC | C4: ='VALOR REPUESTOS'!$C$17 -> 3500 | D4: 1 | E4: =C4*D4 -> 3500 | F4: =$E$4 -> 3500 | G4: =$E$4 -> 3500 | H4: =$E$4 -> 3500 | I4: =$E$4 -> 3500 | J4: =$E$4 -> 3500 | K4: =$E$4 -> 3500 | L4: =$E$4 -> 3500
A5: Cambio de Filtro de Polen | B5: ='VALOR REPUESTOS'!$A$121 -> FP | C5: ='VALOR REPUESTOS'!$C$121 -> 20000 | D5: 1 | E5: =C5*D5 -> 20000 | H5: =$E$5 -> 20000 | J5: =$E$5 -> 20000 | L5: =$E$5 -> 20000
A6: Cambio Filtro de Aire | B6: ='VALOR REPUESTOS'!$A$122 -> FA | C6: ='VALOR REPUESTOS'!$C$122 -> 20000 | D6: 1 | E6: =C6*D6 -> 20000 | G6: =$E$6 -> 20000 | H6: =$E$6 -> 20000 | I6: =$E$6 -> 20000 | J6: =$E$6 -> 20000 | K6: =$E$6 -> 20000 | L6: =$E$6 -> 20000
A7: Cambio Filtro de Combustible | B7: ='VALOR REPUESTOS'!$A$123 -> FC | C7: ='VALOR REPUESTOS'!$C$123 -> 28000 | D7: 1 | E7: =C7*D7 -> 28000 | H7: =$E$7 -> 28000 | J7: =$E$7 -> 28000 | L7: =$E$7 -> 28000
A8: Liquido de freno | B8: ='VALOR REPUESTOS'!$A$9 -> AL3C1F | C8: ='VALOR REPUESTOS'!$C$9 -> 6800 | D8: 1 | E8: =C8*D8 -> 6800 | J8: =$E$8 -> 6800
A9: Litro de Refrigerante | B9: ='VALOR REPUESTOS'!$A$3 -> AL1C1 | C9: ='VALOR REPUESTOS'!$C$3 -> 6000 | D9: 12 | E9: =C9*D9 -> 72000 | K9: =$E$9 -> 72000
A10: Líquido Limpiaparabrisas Concentrado | B10: ='VALOR REPUESTOS'!$A$16 -> LLP | C10: ='VALOR REPUESTOS'!$C$16 -> 3500 | D10: 1 | E10: =C10*D10 -> 3500 | F10: =$E$10 -> 3500 | G10: =$E$10 -> 3500 | H10: =$E$10 -> 3500 | I10: =$E$10 -> 3500 | J10: =$E$10 -> 3500 | K10: =$E$10 -> 3500 | L10: =$E$10 -> 3500
A11: Correa de Accesorios | B11: ='VALOR REPUESTOS'!$A$124 -> CA | C11: ='VALOR REPUESTOS'!$C$124 -> 45000 | D11: 1 | E11: =C11*D11 -> 45000 | L11: =$E$11 -> 45000
A12: Rodillo tensor correa de accesorios | B12: ='VALOR REPUESTOS'!$A$127 -> RT | C12: ='VALOR REPUESTOS'!$C$127 -> 35000 | D12: 1 | E12: =C12*D12 -> 35000
A13: Retén eje de levas (x2) | B13: ='VALOR REPUESTOS'!$A$128 -> REL | C13: ='VALOR REPUESTOS'!$C$128 -> 20000 | D13: 2 | E13: =C13*D13 -> 40000
A14: Retén delantero cigüeñal | B14: ='VALOR REPUESTOS'!$A$129 -> REC | C14: ='VALOR REPUESTOS'!$C$129 -> 30000 | D14: 1 | E14: =C14*D14 -> 30000
A15: Ac. de direccion hidráulica | B15: ='VALOR REPUESTOS'!$A$4 -> ATF220 | C15: ='VALOR REPUESTOS'!$C$4 -> 10500 | D15: 1.2 | E15: =C15*D15 -> 12600 | L15: =$E$15 -> 12600
A16: Materiales e Insumos | B16: ='VALOR REPUESTOS'!$A$11 -> MATEI | C16: ='VALOR REPUESTOS'!$C$11 -> 10000 | D16: 1 | E16: =C16*D16 -> 10000 | F16: =$E$16 -> 10000 | G16: =$E$16 -> 10000 | H16: =$E$16 -> 10000 | I16: =$E$16 -> 10000 | J16: =$E$16 -> 10000 | K16: =$E$16 -> 10000 | L16: =$E$16 -> 10000
A17: Kit de distribución | B17: ='VALOR REPUESTOS'!$A$126 -> KD | C17: ='VALOR REPUESTOS'!$C$126 -> 150000 | D17: 1 | E17: =C17*D17 -> 150000 | K17: =$E$17 -> 150000
A18: Ac. Transmisión Mecánica | B18: ='VALOR REPUESTOS'!$A$8 -> 75W90 | C18: ='VALOR REPUESTOS'!$C$8 -> 12000 | D18: 2.4 | E18: =C18*D18 -> 28800 | F18: =$E$18 -> 28800 | K18: =$E$18 -> 28800
A19: Ac. Diferencial trasero | B19: ='VALOR REPUESTOS'!$A$5 -> 80W90LS | C19: ='VALOR REPUESTOS'!$C$5 -> 10500 | D19: 3 | E19: =C19*D19 -> 31500 | F19: =$E$19 -> 31500 | K19: =$E$19 -> 31500
A20: MANO DE OBRA | B20: ='VALOR REPUESTOS'!$A$10 -> MO | C20: ='VALOR REPUESTOS'!$C$10 -> 38000 | F20: =C20*F23 -> 95000 | G20: =C20*G23 -> 76000 | H20: =C20*H23 -> 95000 | I20: =C20*I23 -> 76000 | J20: =C20*J23 -> 114000 | K20: =C20*K23 -> 190000 | L20: =C20*L23 -> 114000
A21: TOTAL NETO | F21: =SUM(F2:F20) -> 243300 | G21: =SUM(G2:G20) -> 184000 | H21: =SUM(H2:H20) -> 251000 | I21: =SUM(I2:I20) -> 184000 | J21: =SUM(J2:J20) -> 276800 | K21: =SUM(K2:K20) -> 580300 | L21: =SUM(L2:L20) -> 327600
A22: TOTAL BRUTO | F22: =F21*1.19 -> 289527 | G22: =G21*1.19 -> 218960 | H22: =H21*1.19 -> 298690 | I22: =I21*1.19 -> 218960 | J22: =J21*1.19 -> 329392 | K22: =K21*1.19 -> 690557 | L22: =L21*1.19 -> 389844
A23: HORAS DE TRABAJO | F23: 2.5 | G23: 2 | H23: 2.5 | I23: 2 | J23: 3 | K23: 5 | L23: 3
A25: MAXUS T60 2.8 EURO 5 MT 4X4(USO NORMAL) | B25: CODIGO | C25: Valor Unitario | D25: CANTIDAD | E25: VALOR TOTAL | F25: 5 | G25: 15-105 | H25: 30 | I25: 45 | J25: 60 | K25: 75 C/D | L25: 90
A26: Litro de Aceite de Motor | B26: ='VALOR REPUESTOS'!$A$12 -> A5W30 | C26: ='VALOR REPUESTOS'!$C$12 -> 8000 | D26: 7 | E26: =C26*D26 -> 56000 | F26: =$E$26 -> 56000 | G26: =$E$26 -> 56000 | H26: =$E$26 -> 56000 | I26: =$E$26 -> 56000 | J26: =$E$26 -> 56000 | K26: =$E$26 -> 56000 | L26: =$E$26 -> 56000
A27: Cambio Filtro de Aceite de Motor | B27: ='VALOR REPUESTOS'!$A$120 -> FM | C27: ='VALOR REPUESTOS'!$C$120 -> 15000 | D27: 1 | E27: =C27*D27 -> 15000 | F27: =$E$27 -> 15000 | G27: =$E$27 -> 15000 | H27: =$E$27 -> 15000 | I27: =$E$27 -> 15000 | J27: =$E$27 -> 15000 | K27: =$E$27 -> 15000 | L27: =$E$27 -> 15000
A28: Cambio golilla tapón del carter | B28: ='VALOR REPUESTOS'!$A$17 -> GTC | C28: ='VALOR REPUESTOS'!$C$17 -> 3500 | D28: 1 | E28: =C28*D28 -> 3500 | F28: =$E$28 -> 3500 | G28: =$E$28 -> 3500 | H28: =$E$28 -> 3500 | I28: =$E$28 -> 3500 | J28: =$E$28 -> 3500 | K28: =$E$28 -> 3500 | L28: =$E$28 -> 3500
A29: Cambio de Filtro de Polen | B29: ='VALOR REPUESTOS'!$A$121 -> FP | C29: ='VALOR REPUESTOS'!$C$121 -> 20000 | D29: 1 | E29: =C29*D29 -> 20000 | H29: =$E$29 -> 20000 | J29: =$E$29 -> 20000 | L29: =$E$29 -> 20000
A30: Cambio Filtro de Aire | B30: ='VALOR REPUESTOS'!$A$122 -> FA | C30: ='VALOR REPUESTOS'!$C$122 -> 20000 | D30: 1 | E30: =C30*D30 -> 20000 | G30: =$E$30 -> 20000 | H30: =$E$30 -> 20000 | I30: =$E$30 -> 20000 | J30: =$E$30 -> 20000 | K30: =$E$30 -> 20000 | L30: =$E$30 -> 20000
A31: Cambio Filtro de Combustible | B31: ='VALOR REPUESTOS'!$A$123 -> FC | C31: ='VALOR REPUESTOS'!$C$123 -> 28000 | D31: 1 | E31: =C31*D31 -> 28000 | H31: =$E$31 -> 28000 | J31: =$E$31 -> 28000 | L31: =$E$31 -> 28000
A32: Liquido de freno | B32: ='VALOR REPUESTOS'!$A$9 -> AL3C1F | C32: ='VALOR REPUESTOS'!$C$9 -> 6800 | D32: 1 | E32: =C32*D32 -> 6800 | J32: =$E$32 -> 6800
A33: Litro de Refrigerante | B33: ='VALOR REPUESTOS'!$A$3 -> AL1C1 | C33: ='VALOR REPUESTOS'!$C$3 -> 6000 | D33: 12 | E33: =C33*D33 -> 72000 | K33: =$E$33 -> 72000
A34: Líquido Limpiaparabrisas Concentrado | B34: ='VALOR REPUESTOS'!$A$16 -> LLP | C34: ='VALOR REPUESTOS'!$C$16 -> 3500 | D34: 1 | E34: =C34*D34 -> 3500 | F34: =$E$34 -> 3500 | G34: =$E$34 -> 3500 | H34: =$E$34 -> 3500 | I34: =$E$34 -> 3500 | J34: =$E$34 -> 3500 | K34: =$E$34 -> 3500 | L34: =$E$34 -> 3500
A35: Correa de Accesorios | B35: ='VALOR REPUESTOS'!$A$124 -> CA | C35: ='VALOR REPUESTOS'!$C$124 -> 45000 | D35: 1 | E35: =C35*D35 -> 45000 | L35: =$E$35 -> 45000
A36: Rodillo tensor correa de accesorios | B36: ='VALOR REPUESTOS'!$A$127 -> RT | C36: ='VALOR REPUESTOS'!$C$127 -> 35000 | D36: 1 | E36: =C36*D36 -> 35000
A37: Materiales e Insumos | B37: ='VALOR REPUESTOS'!$A$11 -> MATEI | C37: ='VALOR REPUESTOS'!$C$11 -> 10000 | D37: 1 | E37: =C37*D37 -> 10000 | F37: =$E$37 -> 10000 | G37: =$E$37 -> 10000 | H37: =$E$37 -> 10000 | I37: =$E$37 -> 10000 | J37: =$E$37 -> 10000 | K37: =$E$37 -> 10000 | L37: =$E$37 -> 10000
A38: Kit de distribución | B38: ='VALOR REPUESTOS'!$A$126 -> KD | C38: ='VALOR REPUESTOS'!$C$126 -> 150000 | D38: 1 | E38: =C38*D38 -> 150000 | K38: =$E$38 -> 150000
A39: Retén eje de levas (x2) | B39: ='VALOR REPUESTOS'!$A$128 -> REL | C39: ='VALOR REPUESTOS'!$C$128 -> 20000 | D39: 2 | E39: =C39*D39 -> 40000
A40: Retén delantero cigüeñal | B40: ='VALOR REPUESTOS'!$A$129 -> REC | C40: ='VALOR REPUESTOS'!$C$129 -> 30000 | D40: 1 | E40: =C40*D40 -> 30000
A41: Ac. Caja de Transferencia | B41: ='VALOR REPUESTOS'!$A$7 -> A75W90 | C41: ='VALOR REPUESTOS'!$C$7 -> 12000 | D41: 1.5 | E41: =C41*D41 -> 18000 | K41: =$E$41 -> 18000
A42: Aceite Dirección Hidraulica | B42: ='VALOR REPUESTOS'!$A$4 -> ATF220 | C42: ='VALOR REPUESTOS'!$C$4 -> 10500 | D42: 1.2 | E42: =C42*D42 -> 12600 | L42: =$E$42 -> 12600
A43: Ac. Transmisión Mecánica | B43: ='VALOR REPUESTOS'!$A$8 -> 75W90 | C43: ='VALOR REPUESTOS'!$C$8 -> 12000 | D43: 2.4 | E43: =C43*D43 -> 28800 | F43: =$E$43 -> 28800 | K43: =$E$43 -> 28800
A44: Ac. Diferencial trasero | B44: ='VALOR REPUESTOS'!$A$5 -> 80W90LS | C44: ='VALOR REPUESTOS'!$C$5 -> 10500 | D44: 3 | E44: =C44*D44 -> 31500 | F44: =$E$44 -> 31500 | K44: =$E$44 -> 31500
A45: Ac. Diferencial delantero | B45: ='VALOR REPUESTOS'!$A$6 -> 80W90 | C45: ='VALOR REPUESTOS'!$C$6 -> 10500 | D45: 1 | E45: =C45*D45 -> 10500 | F45: =$E$45 -> 10500 | K45: =$E$45 -> 10500
A46: MANO DE OBRA | B46: ='VALOR REPUESTOS'!$A$10 -> MO | C46: ='VALOR REPUESTOS'!$C$10 -> 38000 | F46: =C46*F49 -> 95000 | G46: =C46*G49 -> 76000 | H46: =C46*H49 -> 95000 | I46: =C46*I49 -> 76000 | J46: =C46*J49 -> 114000 | K46: =C46*K49 -> 190000 | L46: =C46*L49 -> 114000
A47: TOTAL NETO | C47: - | F47: =SUM(F26:F46) -> 253800 | G47: =SUM(G26:G46) -> 184000 | H47: =SUM(H26:H46) -> 251000 | I47: =SUM(I26:I46) -> 184000 | J47: =SUM(J26:J46) -> 276800 | K47: =SUM(K26:K46) -> 608800 | L47: =SUM(L26:L46) -> 327600
A48: TOTAL BRUTO | F48: =F47*1.19 -> 302022 | G48: =G47*1.19 -> 218960 | H48: =H47*1.19 -> 298690 | I48: =I47*1.19 -> 218960 | J48: =J47*1.19 -> 329392 | K48: =K47*1.19 -> 724472 | L48: =L47*1.19 -> 389844
A49: HORAS DE TRABAJO | F49: 2.5 | G49: 2 | H49: 2.5 | I49: 2 | J49: 3 | K49: 5 | L49: 3

Sheet I10
A1: HYUNDAI GRAND I-10 | B1: CODIGO | C1: Valor Unitario | D1: CANTIDAD | E1: VALOR TOTAL | F1: 10-30. | G1: 20-50 | H1: 60 | I1: 70 | J1: 40-80 | K1: 90 | L1: 100
A2: Litro de Aceite de Motor | B2: ='VALOR REPUESTOS'!$A$12 -> A5W30 | C2: ='VALOR REPUESTOS'!$C$12 -> 8000 | D2: 4 | E2: =C2*D2 -> 32000 | F2: =$E$2 -> 32000 | G2: =$E$2 -> 32000 | H2: =$E$2 -> 32000 | I2: =$E$2 -> 32000 | J2: =$E$2 -> 32000 | K2: =$E$2 -> 32000 | L2: =$E$2 -> 32000
A3: Cambio Filtro de Aceite de Motor | B3: ='VALOR REPUESTOS'!$A$130 -> FM | C3: ='VALOR REPUESTOS'!$C$130 -> 10000 | D3: 1 | E3: =C3*D3 -> 10000 | F3: =$E$3 -> 10000 | G3: =$E$3 -> 10000 | H3: =$E$3 -> 10000 | I3: =$E$3 -> 10000 | J3: =$E$3 -> 10000 | K3: =$E$3 -> 10000 | L3: =$E$3 -> 10000
A4: Cambio golilla tapón del carter | B4: ='VALOR REPUESTOS'!$A$17 -> GTC | C4: ='VALOR REPUESTOS'!$C$17 -> 3500 | D4: 1 | E4: =C4*D4 -> 3500 | F4: =$E$4 -> 3500 | G4: =$E$4 -> 3500 | H4: =$E$4 -> 3500 | I4: =$E$4 -> 3500 | J4: =$E$4 -> 3500 | K4: =$E$4 -> 3500 | L4: =$E$4 -> 3500
A5: Cambio Filtro de Aire | B5: ='VALOR REPUESTOS'!$A$132 -> FA | C5: ='VALOR REPUESTOS'!$C$132 -> 15000 | D5: 1 | E5: =C5*D5 -> 15000 | J5: =$E$5 -> 15000
A6: Cambio Filtro de Combustible | B6: ='VALOR REPUESTOS'!$A$133 -> FC | C6: ='VALOR REPUESTOS'!$C$133 -> 25000 | D6: 1 | E6: =C6*D6 -> 25000 | I6: =$E$6 -> 25000
A7: Cambio Bujías | B7: ='VALOR REPUESTOS'!$A$134 -> BUJ | C7: ='VALOR REPUESTOS'!$C$134 -> 15000 | D7: 4 | E7: =C7*D7 -> 60000 | H7: =$E$7 -> 60000
A8: Líquido Limpiaparabrisas Concentrado | B8: ='VALOR REPUESTOS'!$A$16 -> LLP | C8: ='VALOR REPUESTOS'!$C$16 -> 3500 | D8: 1 | E8: =C8*D8 -> 3500 | F8: =$E$8 -> 3500 | G8: =$E$8 -> 3500 | H8: =$E$8 -> 3500 | I8: =$E$8 -> 3500 | J8: =$E$8 -> 3500 | K8: =$E$8 -> 3500 | L8: =$E$8 -> 3500
A9: Correa de Accesorios | B9: ='VALOR REPUESTOS'!$A$135 -> CACC | C9: ='VALOR REPUESTOS'!$C$135 -> 20000 | D9: 1 | E9: =C9*D9 -> 20000 | K9: =$E$9 -> 20000
A10: Cambio Filtro de Polen | B10: ='VALOR REPUESTOS'!$A$131 -> FP | C10: ='VALOR REPUESTOS'!$C$131 -> 15000 | D10: 1 | E10: =C10*D10 -> 15000
A11: Materiales e Insumos | B11: ='VALOR REPUESTOS'!$A$11 -> MATEI | C11: ='VALOR REPUESTOS'!$C$11 -> 10000 | D11: 1 | E11: =C11*D11 -> 10000 | F11: =$E$11 -> 10000 | G11: =$E$11 -> 10000 | H11: =$E$11 -> 10000 | I11: =$E$11 -> 10000 | J11: =$E$11 -> 10000 | K11: =$E$11 -> 10000 | L11: =$E$11 -> 10000
A12: MANO DE OBRA | B12: ='VALOR REPUESTOS'!$A$10 -> MO | C12: ='VALOR REPUESTOS'!$C$10 -> 38000 | F12: =C12*F15 -> 57000 | G12: =C12*G15 -> 76000 | H12: =C12*H15 -> 95000 | I12: =C12*I15 -> 95000 | J12: =C12*J15 -> 76000 | K12: =C12*K15 -> 76000 | L12: =C12*L15 -> 95000
A13: TOTAL NETO | F13: =SUM(F2:F12) -> 116000 | G13: =SUM(G2:G12) -> 135000 | H13: =SUM(H2:H12) -> 214000 | I13: =SUM(I2:I12) -> 179000 | J13: =SUM(J2:J12) -> 150000 | K13: =SUM(K2:K12) -> 155000 | L13: =SUM(L2:L12) -> 154000
A14: TOTAL BRUTO | F14: =F13*1.19 -> 138040 | G14: =G13*1.19 -> 160650 | H14: =H13*1.19 -> 254660 | I14: =I13*1.19 -> 213010 | J14: =J13*1.19 -> 178500 | K14: =K13*1.19 -> 184450 | L14: =L13*1.19 -> 183260
A15: HORAS DE TRABAJO | F15: 1.5 | G15: 2 | H15: 2.5 | I15: 2.5 | J15: 2 | K15: 2 | L15: 2.5

Sheet GWALL
A1: GREAT WALL POER 2.0 MEC | B1: CODIGO | C1: Valor Unitario | D1: CANTIDAD | E1: VALOR TOTAL | F1: 10-30. | G1: 20 | H1: 50-90 | I1: 40-80 4X2 | J1: 40-80 4X4 | K1: 60 4X2 | L1: 60 4X4 | M1: 70 C/D | N1: 100
A2: Litro de Aceite de Motor | B2: ='VALOR REPUESTOS'!$A$12 -> A5W30 | C2: ='VALOR REPUESTOS'!$C$12 -> 8000 | D2: 7 | E2: =C2*D2 -> 56000 | F2: =$E$2 -> 56000 | G2: =$E$2 -> 56000 | H2: =$E$2 -> 56000 | I2: =$E$2 -> 56000 | J2: =$E$2 -> 56000 | K2: =$E$2 -> 56000 | L2: =$E$2 -> 56000 | M2: =$E$2 -> 56000 | N2: =$E$2 -> 56000
A3: Cambio Filtro de Aceite de Motor | B3: ='VALOR REPUESTOS'!$A$136 -> FM | C3: ='VALOR REPUESTOS'!$C$136 -> 13000 | D3: 1 | E3: =C3*D3 -> 13000 | F3: =$E$3 -> 13000 | G3: =$E$3 -> 13000 | H3: =$E$3 -> 13000 | I3: =$E$3 -> 13000 | J3: =$E$3 -> 13000 | K3: =$E$3 -> 13000 | L3: =$E$3 -> 13000 | M3: =$E$3 -> 13000 | N3: =$E$3 -> 13000
A4: Cambio Filtro de Aire | B4: ='VALOR REPUESTOS'!$A$139 -> FA | C4: ='VALOR REPUESTOS'!$C$139 -> 20000 | D4: 1 | E4: =C4*D4 -> 20000 | G4: =$E$4 -> 20000 | I4: =$E$4 -> 20000 | J4: =$E$4 -> 20000 | K4: =$E$4 -> 20000 | L4: =$E$4 -> 20000 | N4: =$E$4 -> 20000
A5: Cambio golilla tapón del carter | B5: ='VALOR REPUESTOS'!$A$17 -> GTC | C5: ='VALOR REPUESTOS'!$C$17 -> 3500 | D5: 1 | E5: =C5*D5 -> 3500 | F5: =$E$5 -> 3500 | G5: =$E$5 -> 3500 | H5: =$E$5 -> 3500 | I5: =$E$5 -> 3500 | J5: =$E$5 -> 3500 | K5: =$E$5 -> 3500 | L5: =$E$5 -> 3500 | M5: =$E$5 -> 3500 | N5: =$E$5 -> 3500
A6: Cambio Filtro de Combustible | B6: ='VALOR REPUESTOS'!$A$140 -> FC | C6: ='VALOR REPUESTOS'!$C$140 -> 28000 | D6: 1 | E6: =C6*D6 -> 28000 | G6: =$E$6 -> 28000 | I6: =$E$6 -> 28000 | J6: =$E$6 -> 28000 | K6: =$E$6 -> 28000 | L6: =$E$6 -> 28000 | N6: =$E$6 -> 28000
A7: Litro Aceite Caja de Cambios Transmisión Mecánica | B7: ='VALOR REPUESTOS'!$A$8 -> 75W90 | C7: ='VALOR REPUESTOS'!$C$8 -> 12000 | D7: 2.7 | E7: =C7*D7 -> 32400 | I7: =$E$7 -> 32400 | J7: =$E$7 -> 32400
A8: Litro de Aceite Diferencial Delantero | B8: ='VALOR REPUESTOS'!$A$6 -> 80W90 | C8: ='VALOR REPUESTOS'!$C$6 -> 10500 | D8: 1.5 | E8: =C8*D8 -> 15750 | J8: =$E$8 -> 15750
A9: Litro de Aceite Diferencial Trasero | B9: ='VALOR REPUESTOS'!$A$5 -> 80W90LS | C9: ='VALOR REPUESTOS'!$C$5 -> 10500 | D9: 2.4 | E9: =C9*D9 -> 25200 | I9: =$E$9 -> 25200 | J9: =$E$9 -> 25200
A10: Líquido Limpiaparabrisas Concentrado | B10: ='VALOR REPUESTOS'!$A$16 -> LLP | C10: ='VALOR REPUESTOS'!$C$16 -> 3500 | D10: 1 | E10: =C10*D10 -> 3500 | F10: =$E$10 -> 3500 | G10: =$E$10 -> 3500 | H10: =$E$10 -> 3500 | I10: =$E$10 -> 3500 | J10: =$E$10 -> 3500 | K10: =$E$10 -> 3500 | L10: =$E$10 -> 3500 | M10: =$E$10 -> 3500 | N10: =$E$10 -> 3500
A11: Litro Aceite Dirección Hidraulica | B11: ='VALOR REPUESTOS'!$A$4 -> ATF220 | C11: ='VALOR REPUESTOS'!$C$4 -> 10500 | D11: 1 | E11: =C11*D11 -> 10500
A12: Litro Aceite de Transferencia | B12: ='VALOR REPUESTOS'!$A$7 -> A75W90 | C12: ='VALOR REPUESTOS'!$C$7 -> 12000 | D12: 1.5 | E12: =C12*D12 -> 18000 | J12: =$E$12 -> 18000
A13: Kit de distribución | B13: ='VALOR REPUESTOS'!$A$137 -> KD | C13: ='VALOR REPUESTOS'!$C$137 -> 170000 | D13: 1 | E13: =C13*D13 -> 170000 | M13: =$E$13 -> 170000
A14: Litro Liquido de Freno | B14: ='VALOR REPUESTOS'!$A$9 -> AL3C1F | C14: ='VALOR REPUESTOS'!$C$9 -> 6800 | D14: 1 | E14: =C14*D14 -> 6800 | I14: =$E$14 -> 6800 | J14: =$E$14 -> 6800
A15: Cambio Filtro de Polen | B15: ='VALOR REPUESTOS'!$A$138 -> FP | C15: ='VALOR REPUESTOS'!$C$138 -> 20000 | D15: 1 | E15: =C15*D15 -> 20000
A16: Litro de Refrigerante | B16: ='VALOR REPUESTOS'!$A$3 -> AL1C1 | C16: ='VALOR REPUESTOS'!$C$3 -> 6000 | D16: 6 | E16: =C16*D16 -> 36000 | M16: =$E$16 -> 36000
A17: Materiales e Insumos | B17: ='VALOR REPUESTOS'!$A$11 -> MATEI | C17: ='VALOR REPUESTOS'!$C$11 -> 10000 | D17: 1 | E17: =C17*D17 -> 10000 | F17: =$E$17 -> 10000 | G17: =$E$17 -> 10000 | H17: =$E$17 -> 10000 | I17: =$E$17 -> 10000 | J17: =$E$17 -> 10000 | K17: =$E$17 -> 10000 | L17: =$E$17 -> 10000 | M17: =$E$17 -> 10000 | N17: =$E$17 -> 10000
A18: MANO DE OBRA | B18: ='VALOR REPUESTOS'!$A$10 -> MO | C18: ='VALOR REPUESTOS'!$C$10 -> 38000 | F18: =C18*F21 -> 76000 | G18: =C18*G21 -> 95000 | H18: =C18*H21 -> 76000 | I18: =C18*I21 -> 114000 | J18: =C18*J21 -> 114000 | K18: =C18*K21 -> 95000 | L18: =C18*L21 -> 95000 | M18: =C18*M21 -> 190000 | N18: =C18*N21 -> 95000
A19: TOTAL NETO | C19: - | F19: =SUM(F2:F18) -> 162000 | G19: =SUM(G2:G18) -> 229000 | H19: =SUM(H2:H18) -> 162000 | I19: =SUM(I2:I18) -> 312400 | J19: =SUM(J2:J18) -> 346150 | K19: =SUM(K2:K18) -> 229000 | L19: =SUM(L2:L18) -> 229000 | M19: =SUM(M2:M18) -> 482000 | N19: =SUM(N2:N18) -> 229000
A20: TOTAL BRUTO | F20: =F19*1.19 -> 192780 | G20: =G19*1.19 -> 272510 | H20: =H19*1.19 -> 192780 | I20: =I19*1.19 -> 371756 | J20: =J19*1.19 -> 411918.5 | K20: =K19*1.19 -> 272510 | L20: =L19*1.19 -> 272510 | M20: =M19*1.19 -> 573580 | N20: =N19*1.19 -> 272510
A21: HORAS DE TRABAJO | F21: 2 | G21: 2.5 | H21: 2 | I21: 3 | J21: 3 | K21: 2.5 | L21: 2.5 | M21: 5 | N21: 2.5

Sheet ELANTRA
A1: HYUNDAI ELANTRA BENCINERA | B1: CODIGO | C1: Valor Unitario | D1: CANTIDAD | E1: VALOR TOTAL | F1: 10-30. | G1: 20-50-70 | H1: 40-80 | I1: 60 | J1: 90 | K1: 100
A2: Litro de Aceite de Motor | B2: ='VALOR REPUESTOS'!$A$15 -> 10W40 | C2: ='VALOR REPUESTOS'!$C$15 -> 10000 | D2: 4 | E2: =C2*D2 -> 40000 | F2: =$E$2 -> 40000 | G2: =$E$2 -> 40000 | H2: =$E$2 -> 40000 | I2: =$E$2 -> 40000 | J2: =$E$2 -> 40000 | K2: =$E$2 -> 40000
A3: Cambio Filtro de Aceite de Motor | B3: ='VALOR REPUESTOS'!$A$141 -> FM | C3: ='VALOR REPUESTOS'!$C$141 -> 12000 | D3: 1 | E3: =C3*D3 -> 12000 | F3: =$E$3 -> 12000 | G3: =$E$3 -> 12000 | H3: =$E$3 -> 12000 | I3: =$E$3 -> 12000 | J3: =$E$3 -> 12000 | K3: =$E$3 -> 12000
A4: Cambio golilla tapón del carter | B4: ='VALOR REPUESTOS'!$A$17 -> GTC | C4: ='VALOR REPUESTOS'!$C$17 -> 3500 | D4: 1 | E4: =C4*D4 -> 3500 | F4: =$E$4 -> 3500 | G4: =$E$4 -> 3500 | H4: =$E$4 -> 3500 | I4: =$E$4 -> 3500 | J4: =$E$4 -> 3500 | K4: =$E$4 -> 3500
A5: Cambio Filtro de Aire | B5: ='VALOR REPUESTOS'!$A$143 -> FA | C5: ='VALOR REPUESTOS'!$C$143 -> 18000 | D5: 1 | E5: =C5*D5 -> 18000 | H5: =$E$5 -> 18000
A6: Cambio Filtro de Combustible | B6: ='VALOR REPUESTOS'!$A$142 -> FC | C6: ='VALOR REPUESTOS'!$C$142 -> 0 | D6: 1 | E6: =C6*D6 -> 0 | L6: estanque
A7: Líquido Limpiaparabrisas Concentrado | B7: ='VALOR REPUESTOS'!$A$16 -> LLP | C7: ='VALOR REPUESTOS'!$C$16 -> 3500 | D7: 1 | E7: =C7*D7 -> 3500 | F7: =$E$7 -> 3500 | G7: =$E$7 -> 3500 | H7: =$E$7 -> 3500 | I7: =$E$7 -> 3500 | J7: =$E$7 -> 3500 | K7: =$E$7 -> 3500
A8: Cambio Filtro de Polen | B8: ='VALOR REPUESTOS'!$A$46 -> FP | C8: ='VALOR REPUESTOS'!$C$46 -> 16000 | D8: 1 | E8: =C8*D8 -> 16000
A9: Correa de Accesorios | B9: ='VALOR REPUESTOS'!$A$144 -> CACC | C9: ='VALOR REPUESTOS'!$C$144 -> 25000 | D9: 1 | E9: =C9*D9 -> 25000 | J9: =$E$9 -> 25000
A10: Bujías | B10: ='VALOR REPUESTOS'!$A$45 -> BUJ | C10: ='VALOR REPUESTOS'!$C$45 -> 9000 | D10: 4 | E10: =C10*D10 -> 36000 | I10: =$E$10 -> 36000
A11: Materiales e Insumos | B11: ='VALOR REPUESTOS'!$A$11 -> MATEI | C11: ='VALOR REPUESTOS'!$C$11 -> 10000 | D11: 1 | E11: =C11*D11 -> 10000 | F11: =$E$11 -> 10000 | G11: =$E$11 -> 10000 | H11: =$E$11 -> 10000 | I11: =$E$11 -> 10000 | J11: =$E$11 -> 10000 | K11: =$E$11 -> 10000
A12: MANO DE OBRA | B12: ='VALOR REPUESTOS'!$A$10 -> MO | C12: ='VALOR REPUESTOS'!$C$10 -> 38000 | F12: =C12*F15 -> 57000 | G12: =C12*G15 -> 76000 | H12: =C12*H15 -> 95000 | I12: =C12*I15 -> 95000 | J12: =C12*J15 -> 95000 | K12: =C12*K15 -> 95000
A13: TOTAL NETO | C13: - | F13: =SUM(F2:F12) -> 126000 | G13: =SUM(G2:G12) -> 145000 | H13: =SUM(H2:H12) -> 182000 | I13: =SUM(I2:I12) -> 200000 | J13: =SUM(J2:J12) -> 189000 | K13: =SUM(K2:K12) -> 164000
A14: TOTAL BRUTO | F14: =F13*1.19 -> 149940 | G14: =G13*1.19 -> 172550 | H14: =H13*1.19 -> 216580 | I14: =I13*1.19 -> 238000 | J14: =J13*1.19 -> 224910 | K14: =K13*1.19 -> 195160
A15: HORAS DE TRABAJO | F15: 1.5 | G15: 2 | H15: 2.5 | I15: 2.5 | J15: 2.5 | K15: 2.5

Sheet CAPTIVA
A1: CAPTIVA 1.5 4X2 MT | B1: CODIGO | C1: Valor Unitario | D1: CANTIDAD | E1: VALOR TOTAL | F1: 10. | G1: 20-100 | H1: 50-70 | I1: 30-90 | J1: 40-80 | K1: 60
A2: Litro de Aceite de Motor | B2: ='VALOR REPUESTOS'!$A$12 -> A5W30 | C2: ='VALOR REPUESTOS'!$C$12 -> 8000 | D2: 5 | E2: =C2*D2 -> 40000 | F2: =$E$2 -> 40000 | G2: =$E$2 -> 40000 | H2: =$E$2 -> 40000 | I2: =$E$2 -> 40000 | J2: =$E$2 -> 40000 | K2: =$E$2 -> 40000
A3: Cambio Filtro de Aceite de Motor | B3: ='VALOR REPUESTOS'!$A$145 -> FM | C3: ='VALOR REPUESTOS'!$C$145 -> 11000 | D3: 1 | E3: =C3*D3 -> 11000 | F3: =$E$3 -> 11000 | G3: =$E$3 -> 11000 | H3: =$E$3 -> 11000 | I3: =$E$3 -> 11000 | J3: =$E$3 -> 11000 | K3: =$E$3 -> 11000
A4: Cambio golilla tapón del carter | B4: ='VALOR REPUESTOS'!$A$17 -> GTC | C4: ='VALOR REPUESTOS'!$C$17 -> 3500 | D4: 1 | E4: =C4*D4 -> 3500 | F4: =$E$4 -> 3500 | G4: =$E$4 -> 3500 | H4: =$E$4 -> 3500 | I4: =$E$4 -> 3500 | J4: =$E$4 -> 3500 | K4: =$E$4 -> 3500
A5: Cambio Filtro de Aire | B5: ='VALOR REPUESTOS'!$A$147 -> FA | C5: ='VALOR REPUESTOS'!$C$147 -> 18000 | D5: 1 | E5: =C5*D5 -> 18000 | G5: =$E$5 -> 18000 | J5: =$E$5 -> 18000 | K5: =$E$5 -> 18000
A6: Cambio Filtro de Combustible | B6: ='VALOR REPUESTOS'!$A$148 -> FC | C6: ='VALOR REPUESTOS'!$C$148 -> 23000 | D6: 1 | E6: =C6*D6 -> 23000 | I6: =$E$6 -> 23000 | K6: =$E$6 -> 23000
A7: Litro Aceite Caja de Cambios Transmisión Mecánica | B7: ='VALOR REPUESTOS'!$A$8 -> 75W90 | C7: ='VALOR REPUESTOS'!$C$8 -> 12000 | D7: 2 | E7: =C7*D7 -> 24000 | J7: =$E$7 -> 24000
A8: Cambio Filtro de Polen | B8: ='VALOR REPUESTOS'!$A$146 -> FP | C8: ='VALOR REPUESTOS'!$C$146 -> 18000 | D8: 1 | E8: =C8*D8 -> 18000 | G8: =$E$8 -> 18000 | J8: =$E$8 -> 18000 | K8: =$E$8 -> 18000
A9: Litro Liquido de Freno | B9: ='VALOR REPUESTOS'!$A$9 -> AL3C1F | C9: ='VALOR REPUESTOS'!$C$9 -> 6800 | D9: 1 | E9: =C9*D9 -> 6800
A10: Líquido Limpiaparabrisas Concentrado | B10: ='VALOR REPUESTOS'!$A$16 -> LLP | C10: ='VALOR REPUESTOS'!$C$16 -> 3500 | D10: 1 | E10: =C10*D10 -> 3500 | F10: =$E$10 -> 3500 | G10: =$E$10 -> 3500 | H10: =$E$10 -> 3500 | I10: =$E$10 -> 3500 | J10: =$E$10 -> 3500 | K10: =$E$10 -> 3500
A11: Bujias | B11: ='VALOR REPUESTOS'!$A$149 -> BUJ | C11: ='VALOR REPUESTOS'!$C$149 -> 12000 | D11: 4 | E11: =C11*D11 -> 48000 | I11: =$E$11 -> 48000 | K11: =$E$11 -> 48000
A12: Litro de Refrigerante | B12: ='VALOR REPUESTOS'!$A$3 -> AL1C1 | C12: ='VALOR REPUESTOS'!$C$3 -> 6000 | D12: 7 | E12: =C12*D12 -> 42000 | K12: =$E$12 -> 42000
A13: Materiales e Insumos | B13: ='VALOR REPUESTOS'!$A$11 -> MATEI | C13: ='VALOR REPUESTOS'!$C$11 -> 10000 | D13: 1 | E13: =C13*D13 -> 10000 | F13: =$E$13 -> 10000 | G13: =$E$13 -> 10000 | H13: =$E$13 -> 10000 | I13: =$E$13 -> 10000 | J13: =$E$13 -> 10000 | K13: =$E$13 -> 10000
A14: MANO DE OBRA | B14: ='VALOR REPUESTOS'!$A$10 -> MO | C14: ='VALOR REPUESTOS'!$C$10 -> 38000 | F14: =C14*F17 -> 57000 | G14: =C14*G17 -> 76000 | H14: =C14*H17 -> 76000 | I14: =C14*I17 -> 95000 | J14: =C14*J17 -> 95000 | K14: =C14*K17 -> 114000
A15: TOTAL NETO | F15: =SUM(F2:F14) -> 125000 | G15: =SUM(G2:G14) -> 180000 | H15: =SUM(H2:H14) -> 144000 | I15: =SUM(I2:I14) -> 234000 | J15: =SUM(J2:J14) -> 223000 | K15: =SUM(K2:K14) -> 331000
A16: TOTAL BRUTO | F16: =F15*1.19 -> 148750 | G16: =G15*1.19 -> 214200 | H16: =H15*1.19 -> 171360 | I16: =I15*1.19 -> 278460 | J16: =J15*1.19 -> 265370 | K16: =K15*1.19 -> 393890
A17: HORAS DE TRABAJO | F17: 1.5 | G17: 2 | H17: 2 | I17: 2.5 | J17: 2.5 | K17: 3

Sheet MORNING
A1: MANTENCIONES CON PAUTA CADA 15.000 KM (referencial, según pauta de cada modelo y ciclo de mantenimiento)
A2: H/H 28000 MÁS 6000 LAVADO
A3: KIA MORNING | B3: CODIGO | C3: Valor Unitario | D3: CANTIDAD | E3: VALOR TOTAL | F3: 15-30 | G3: 75 | H3: 45 | I3: 60 | J3: 90 | K3: 105 | L3: 120
A4: Litro de Aceite de Motor | B4: ='VALOR REPUESTOS'!$A$15 -> 10W40 | C4: ='VALOR REPUESTOS'!$C$15 -> 10000 | D4: 3.5 | E4: =C4*D4 -> 35000 | F4: =$E$4 -> 35000 | G4: =$E$4 -> 35000 | H4: =$E$4 -> 35000 | I4: =$E$4 -> 35000 | J4: =$E$4 -> 35000 | K4: =$E$4 -> 35000 | L4: =$E$4 -> 35000
A5: Cambio Filtro de Aceite de Motor | B5: ='VALOR REPUESTOS'!$A$150 -> FM | C5: ='VALOR REPUESTOS'!$C$150 -> 10000 | D5: 1 | E5: =C5*D5 -> 10000 | F5: =$E$5 -> 10000 | G5: =$E$5 -> 10000 | H5: =$E$5 -> 10000 | I5: =$E$5 -> 10000 | J5: =$E$5 -> 10000 | K5: =$E$5 -> 10000 | L5: =$E$5 -> 10000
A6: Cambio golilla tapón del carter | B6: ='VALOR REPUESTOS'!$A$17 -> GTC | C6: ='VALOR REPUESTOS'!$C$17 -> 3500 | D6: 1 | E6: =C6*D6 -> 3500 | F6: =$E$6 -> 3500 | G6: =$E$6 -> 3500 | H6: =$E$6 -> 3500 | I6: =$E$6 -> 3500 | J6: =$E$6 -> 3500 | K6: =$E$6 -> 3500 | L6: =$E$6 -> 3500
A7: Cambio Filtro de Aire | B7: ='VALOR REPUESTOS'!$A$152 -> FA | C7: ='VALOR REPUESTOS'!$C$152 -> 15000 | D7: 1 | E7: =C7*D7 -> 15000 | H7: =$E$7 -> 15000 | J7: =$E$7 -> 15000
A8: Cambio Filtro de Combustible | B8: ='VALOR REPUESTOS'!$A$153 -> FC | C8: ='VALOR REPUESTOS'!$C$153 -> 18000 | D8: 1 | E8: =C8*D8 -> 18000 | I8: =$E$8 -> 18000 | L8: =$E$8 -> 18000
A9: Líquido Limpiaparabrisas Concentrado | B9: ='VALOR REPUESTOS'!$A$16 -> LLP | C9: ='VALOR REPUESTOS'!$C$16 -> 3500 | D9: 1 | E9: =C9*D9 -> 3500 | F9: =$E$9 -> 3500 | G9: =$E$9 -> 3500 | H9: =$E$9 -> 3500 | I9: =$E$9 -> 3500 | J9: =$E$9 -> 3500 | K9: =$E$9 -> 3500 | L9: =$E$9 -> 3500
A10: Litro Liquido de Freno | B10: ='VALOR REPUESTOS'!$A$9 -> AL3C1F | C10: ='VALOR REPUESTOS'!$C$9 -> 6800 | D10: 1 | E10: =C10*D10 -> 6800 | H10: =$E$10 -> 6800 | J10: =$E$10 -> 6800 | L10: =$E$10 -> 6800
A11: Cambio Filtro de Polen | B11: ='VALOR REPUESTOS'!$A$151 -> FP | C11: ='VALOR REPUESTOS'!$C$151 -> 15000 | D11: 1 | E11: =C11*D11 -> 15000 | F11: =$E$11 -> 15000 | G11: =$E$11 -> 15000 | H11: =$E$11 -> 15000 | I11: =$E$11 -> 15000 | J11: =$E$11 -> 15000 | K11: =$E$11 -> 15000 | L11: =$E$11 -> 15000
A12: Bujías (150 KMS) | B12: ='VALOR REPUESTOS'!$A$134 -> BUJ | C12: ='VALOR REPUESTOS'!$C$134 -> 15000 | D12: 4 | E12: =C12*D12 -> 60000
A13: Materiales e Insumos | B13: ='VALOR REPUESTOS'!$A$11 -> MATEI | C13: ='VALOR REPUESTOS'!$C$11 -> 10000 | D13: 1 | E13: =C13*D13 -> 10000 | F13: =$E$13 -> 10000 | G13: =$E$13 -> 10000 | H13: =$E$13 -> 10000 | I13: =$E$13 -> 10000 | J13: =$E$13 -> 10000 | K13: =$E$13 -> 10000 | L13: =$E$13 -> 10000
A14: MANO DE OBRA | B14: ='VALOR REPUESTOS'!$A$10 -> MO | C14: ='VALOR REPUESTOS'!$C$10 -> 38000 | F14: =C14*F17 -> 57000 | G14: =C14*G17 -> 76000 | H14: =C14*H17 -> 76000 | I14: =C14*I17 -> 95000 | J14: =C14*J17 -> 76000 | K14: =C14*K17 -> 76000 | L14: =C14*L17 -> 76000
A15: TOTAL NETO | F15: =SUM(F4:F14) -> 134000 | G15: =SUM(G4:G14) -> 153000 | H15: =SUM(H4:H14) -> 174800 | I15: =SUM(I4:I14) -> 190000 | J15: =SUM(J4:J14) -> 174800 | K15: =SUM(K4:K14) -> 153000 | L15: =SUM(L4:L14) -> 177800
A16: TOTAL BRUTO | F16: =F15*1.19 -> 159460 | G16: =G15*1.19 -> 182070 | H16: =H15*1.19 -> 208012 | I16: =I15*1.19 -> 226100 | J16: =J15*1.19 -> 208012 | K16: =K15*1.19 -> 182070 | L16: =L15*1.19 -> 211582
A17: HORAS DE TRABAJO | F17: 1.5 | G17: 2 | H17: 2 | I17: 2.5 | J17: 2 | K17: 2 | L17: 2
L18: no informar

Sheet XTRAIL-NAVARA
A1: NISSAN NP-NAVARA MEC 4X4 | B1: CODIGO | C1: Valor Unitario | D1: CANTIDAD | E1: VALOR TOTAL | F1: 10-30-50-70 | G1: 20-60-100 | H1: 40-80 | I1: 90
A2: Litro de Aceite de Motor | B2: ='VALOR REPUESTOS'!$A$12 -> A5W30 | C2: ='VALOR REPUESTOS'!$C$12 -> 8000 | D2: 6.7 | E2: =C2*D2 -> 53600 | F2: =$E$2 -> 53600 | G2: =$E$2 -> 53600 | H2: =$E$2 -> 53600 | I2: =$E$2 -> 53600
A3: Cambio Filtro de Aceite de Motor | B3: ='VALOR REPUESTOS'!$A$93 -> FM | C3: ='VALOR REPUESTOS'!$C$93 -> 11000 | D3: 1 | E3: =C3*D3 -> 11000 | F3: =$E$3 -> 11000 | G3: =$E$3 -> 11000 | H3: =$E$3 -> 11000 | I3: =$E$3 -> 11000
A4: Cambio golilla tapón del carter | B4: ='VALOR REPUESTOS'!$A$17 -> GTC | C4: ='VALOR REPUESTOS'!$C$17 -> 3500 | D4: 1 | E4: =C4*D4 -> 3500 | F4: =$E$4 -> 3500 | G4: =$E$4 -> 3500 | H4: =$E$4 -> 3500 | I4: =$E$4 -> 3500
A5: Cambio Filtro de Aire | B5: ='VALOR REPUESTOS'!$A$95 -> FA | C5: ='VALOR REPUESTOS'!$C$95 -> 18000 | D5: 1 | E5: =C5*D5 -> 18000 | G5: =$E$5 -> 18000 | H5: =$E$5 -> 18000
A6: Cambio Filtro de Polen | B6: ='VALOR REPUESTOS'!$A$94 -> FP | C6: ='VALOR REPUESTOS'!$C$94 -> 18000 | D6: 1 | E6: =C6*D6 -> 18000 | G6: =$E$6 -> 18000 | H6: =$E$6 -> 18000
A7: Cambio Filtro de Combustible | B7: ='VALOR REPUESTOS'!$A$96 -> FC | C7: ='VALOR REPUESTOS'!$C$96 -> 35000 | D7: 1 | E7: =C7*D7 -> 35000 | H7: =$E$7 -> 35000
A8: Litro Aceite Caja de Cambios Transmisión Mecánica | B8: ='VALOR REPUESTOS'!$A$8 -> 75W90 | C8: ='VALOR REPUESTOS'!$C$8 -> 12000 | D8: 2.2 | E8: =C8*D8 -> 26400
A9: Litro de Aceite Diferencial Delantero | B9: ='VALOR REPUESTOS'!$A$6 -> 80W90 | C9: ='VALOR REPUESTOS'!$C$6 -> 10500 | D9: 1.5 | E9: =C9*D9 -> 15750
A10: Litro de Aceite Diferencial Trasero | B10: ='VALOR REPUESTOS'!$A$5 -> 80W90LS | C10: ='VALOR REPUESTOS'!$C$5 -> 10500 | D10: 2.3 | E10: =C10*D10 -> 24150
A11: Litro Aceite Dirección Hidraulica | B11: ='VALOR REPUESTOS'!$A$4 -> ATF220 | C11: ='VALOR REPUESTOS'!$C$4 -> 10500 | D11: 1 | E11: =C11*D11 -> 10500
A12: Litro Aceite de Transferencia | B12: ='VALOR REPUESTOS'!$A$7 -> A75W90 | C12: ='VALOR REPUESTOS'!$C$7 -> 12000 | D12: 1.2 | E12: =C12*D12 -> 14400
A13: Líquido Limpiaparabrisas Concentrado | B13: ='VALOR REPUESTOS'!$A$16 -> LLP | C13: ='VALOR REPUESTOS'!$C$16 -> 3500 | D13: 1 | E13: =C13*D13 -> 3500 | F13: =$E$13 -> 3500 | G13: =$E$13 -> 3500 | H13: =$E$13 -> 3500 | I13: =$E$13 -> 3500
A14: Litro Liquido de Freno | B14: ='VALOR REPUESTOS'!$A$9 -> AL3C1F | C14: ='VALOR REPUESTOS'!$C$9 -> 6800 | D14: 1 | E14: =C14*D14 -> 6800 | H14: =$E$14 -> 6800
A15: Litro de Refrigerante | B15: ='VALOR REPUESTOS'!$A$3 -> AL1C1 | C15: ='VALOR REPUESTOS'!$C$3 -> 6000 | D15: 11 | E15: =C15*D15 -> 66000
A16: Materiales e Insumos | B16: ='VALOR REPUESTOS'!$A$11 -> MATEI | C16: ='VALOR REPUESTOS'!$C$11 -> 10000 | D16: 1 | E16: =C16*D16 -> 10000 | F16: =$E$16 -> 10000 | G16: =$E$16 -> 10000 | H16: =$E$16 -> 10000 | I16: =$E$16 -> 10000
A17: MANO DE OBRA | B17: ='VALOR REPUESTOS'!$A$10 -> MO | C17: ='VALOR REPUESTOS'!$C$10 -> 38000 | F17: =C17*F20 -> 76000 | G17: =C17*G20 -> 76000 | H17: =C17*H20 -> 95000 | I17: =C17*I20 -> 76000
A18: TOTAL NETO | C18: - | F18: =SUM(F2:F17) -> 157600 | G18: =SUM(G2:G17) -> 193600 | H18: =SUM(H2:H17) -> 254400 | I18: =SUM(I2:I17) -> 157600
A19: TOTAL BRUTO | F19: =F18*1.19 -> 187544 | G19: =G18*1.19 -> 230384 | H19: =H18*1.19 -> 302736 | I19: =I18*1.19 -> 187544
A20: HORAS DE TRABAJO | F20: 2 | G20: 2 | H20: 2.5 | I20: 2
A22: NISSAN X-TRAIL T32/T31 | B22: CODIGO | C22: Valor Unitario | D22: CANTIDAD | E22: VALOR TOTAL | F22: 10-30. | G22: 50-70. | H22: 20-60-100 | I22: 40-80 | J22: 90
A23: Litro de Aceite de Motor | B23: ='VALOR REPUESTOS'!$A$13 -> A0W20 | C23: ='VALOR REPUESTOS'!$C$13 -> 11000 | D23: 5 | E23: =C23*D23 -> 55000 | F23: =$E$23 -> 55000 | G23: =$E$23 -> 55000 | H23: =$E$23 -> 55000 | I23: =$E$23 -> 55000 | J23: =$E$23 -> 55000
A24: Cambio Filtro de Aceite de Motor | B24: ='VALOR REPUESTOS'!$A$154 -> FM | C24: ='VALOR REPUESTOS'!$C$154 -> 11000 | D24: 1 | E24: =C24*D24 -> 11000 | F24: =$E$24 -> 11000 | G24: =$E$24 -> 11000 | H24: =$E$24 -> 11000 | I24: =$E$24 -> 11000 | J24: =$E$24 -> 11000
A25: Cambio golilla tapón del carter | B25: ='VALOR REPUESTOS'!$A$17 -> GTC | C25: ='VALOR REPUESTOS'!$C$17 -> 3500 | D25: 1 | E25: =C25*D25 -> 3500 | F25: =$E$25 -> 3500 | G25: =$E$25 -> 3500 | H25: =$E$25 -> 3500 | I25: =$E$25 -> 3500 | J25: =$E$25 -> 3500
A26: Cambio Filtro de Aire | B26: ='VALOR REPUESTOS'!$A$156 -> FA | C26: ='VALOR REPUESTOS'!$C$156 -> 20000 | D26: 1 | E26: =C26*D26 -> 20000 | H26: =$E$26 -> 20000 | I26: =$E$26 -> 20000
A27: Cambio Filtro de Polen | B27: ='VALOR REPUESTOS'!$A$155 -> FP | C27: ='VALOR REPUESTOS'!$C$155 -> 20000 | D27: 1 | E27: =C27*D27 -> 20000 | I27: =$E$27 -> 20000
A28: Cambio Filtro de Combustible | B28: ='VALOR REPUESTOS'!$A$157 -> FC | C28: ='VALOR REPUESTOS'!$C$157 -> 30000 | D28: 1 | E28: =C28*D28 -> 30000
A29: Líquido Limpiaparabrisas Concentrado | B29: ='VALOR REPUESTOS'!$A$16 -> LLP | C29: ='VALOR REPUESTOS'!$C$16 -> 3500 | D29: 1 | E29: =C29*D29 -> 3500 | F29: =$E$29 -> 3500 | G29: =$E$29 -> 3500 | H29: =$E$29 -> 3500 | I29: =$E$29 -> 3500 | J29: =$E$29 -> 3500
A30: Litro Liquido de Freno | B30: ='VALOR REPUESTOS'!$A$9 -> AL3C1F | C30: ='VALOR REPUESTOS'!$C$9 -> 6800 | D30: 1 | E30: =C30*D30 -> 6800 | I30: =$E$30 -> 6800
A31: Materiales e Insumos | B31: ='VALOR REPUESTOS'!$A$11 -> MATEI | C31: ='VALOR REPUESTOS'!$C$11 -> 10000 | D31: 1 | E31: =C31*D31 -> 10000 | F31: =$E$31 -> 10000 | G31: =$E$31 -> 10000 | H31: =$E$31 -> 10000 | I31: =$E$31 -> 10000 | J31: =$E$31 -> 10000
A32: MANO DE OBRA | B32: ='VALOR REPUESTOS'!$A$10 -> MO | C32: ='VALOR REPUESTOS'!$C$10 -> 38000 | F32: =C32*F35 -> 57000 | G32: =C32*G35 -> 76000 | H32: =C32*H35 -> 76000 | I32: =C32*I35 -> 95000 | J32: =C32*J35 -> 76000
A33: TOTAL NETO | C33: - | F33: =SUM(F23:F32) -> 140000 | G33: =SUM(G23:G32) -> 159000 | H33: =SUM(H23:H32) -> 179000 | I33: =SUM(I23:I32) -> 224800 | J33: =SUM(J23:J32) -> 159000
A34: TOTAL BRUTO | F34: =F33*1.19 -> 166600 | G34: =G33*1.19 -> 189210 | H34: =H33*1.19 -> 213010 | I34: =I33*1.19 -> 267512 | J34: =J33*1.19 -> 189210
A35: HORAS DE TRABAJO | F35: 1.5 | G35: 2 | H35: 2 | I35: 2.5 | J35: 2

Sheet CX-5
A1: MAZDA CX5 | B1: CODIGO | C1: Valor Unitario | D1: CANTIDAD | E1: VALOR TOTAL | F1: 10-30. | G1: 20 | H1: 50-70 | I1: 40-80 | J1: 60 | K1: 90 | L1: 100
A2: Litro de Aceite de Motor | B2: ='VALOR REPUESTOS'!$A$12 -> A5W30 | C2: ='VALOR REPUESTOS'!$C$12 -> 8000 | D2: 5 | E2: =C2*D2 -> 40000 | F2: =$E$2 -> 40000 | G2: =$E$2 -> 40000 | H2: =$E$2 -> 40000 | I2: =$E$2 -> 40000 | J2: =$E$2 -> 40000 | K2: =$E$2 -> 40000 | L2: =$E$2 -> 40000
A3: Cambio Filtro de Aceite de Motor | B3: ='VALOR REPUESTOS'!$A$159 -> FM | C3: ='VALOR REPUESTOS'!$C$159 -> 12500 | D3: 1 | E3: =C3*D3 -> 12500 | F3: =$E$3 -> 12500 | G3: =$E$3 -> 12500 | H3: =$E$3 -> 12500 | I3: =$E$3 -> 12500 | J3: =$E$3 -> 12500 | K3: =$E$3 -> 12500 | L3: =$E$3 -> 12500
A4: Cambio golilla tapón del carter | B4: ='VALOR REPUESTOS'!$A$17 -> GTC | C4: ='VALOR REPUESTOS'!$C$17 -> 3500 | D4: 1 | E4: =C4*D4 -> 3500 | F4: =$E$4 -> 3500 | G4: =$E$4 -> 3500 | H4: =$E$4 -> 3500 | I4: =$E$4 -> 3500 | J4: =$E$4 -> 3500 | K4: =$E$4 -> 3500 | L4: =$E$4 -> 3500
A5: Cambio Filtro de Aire | B5: ='VALOR REPUESTOS'!$A$160 -> FA | C5: ='VALOR REPUESTOS'!$C$160 -> 20000 | D5: 1 | E5: =C5*D5 -> 20000 | G5: =$E$5 -> 20000 | I5: =$E$5 -> 20000 | J5: =$E$5 -> 20000 | L5: =$E$5 -> 20000
A6: Cambio Filtro de Combustible | B6: ='VALOR REPUESTOS'!$A$158 -> FC | C6: ='VALOR REPUESTOS'!$C$158 -> 98000 | D6: 1 | E6: =C6*D6 -> 98000 | J6: =$E$6 -> 98000
A7: Líquido Limpiaparabrisas Concentrado | B7: ='VALOR REPUESTOS'!$A$16 -> LLP | C7: ='VALOR REPUESTOS'!$C$16 -> 3500 | D7: 1 | E7: =C7*D7 -> 3500 | F7: =$E$7 -> 3500 | G7: =$E$7 -> 3500 | H7: =$E$7 -> 3500 | I7: =$E$7 -> 3500 | J7: =$E$7 -> 3500 | K7: =$E$7 -> 3500 | L7: =$E$7 -> 3500
A8: Litro Aceite Caja de Cambios Transmisión Mecánica | B8: ='VALOR REPUESTOS'!$A$8 -> 75W90 | C8: ='VALOR REPUESTOS'!$C$8 -> 12000 | D8: 2 | E8: =C8*D8 -> 24000 | L8: =$E$8 -> 24000
A9: Litro de Refrigerante | B9: ='VALOR REPUESTOS'!$A$3 -> AL1C1 | C9: ='VALOR REPUESTOS'!$C$3 -> 6000 | D9: 8 | E9: =C9*D9 -> 48000 | L9: =$E$9 -> 48000
A10: Litro Liquido de Freno | B10: ='VALOR REPUESTOS'!$A$9 -> AL3C1F | C10: ='VALOR REPUESTOS'!$C$9 -> 6800 | D10: 1 | E10: =C10*D10 -> 6800 | I10: =$E$10 -> 6800
A11: Bujías | B11: ='VALOR REPUESTOS'!$A$162 -> BUJ | C11: ='VALOR REPUESTOS'!$C$162 -> 15000 | D11: 4 | E11: =C11*D11 -> 60000 | L11: =$E$11 -> 60000
A12: Materiales e Insumos | B12: ='VALOR REPUESTOS'!$A$11 -> MATEI | C12: ='VALOR REPUESTOS'!$C$11 -> 10000 | D12: 1 | E12: =C12*D12 -> 10000 | F12: =$E$12 -> 10000 | G12: =$E$12 -> 10000 | H12: =$E$12 -> 10000 | I12: =$E$12 -> 10000 | J12: =$E$12 -> 10000 | K12: =$E$12 -> 10000 | L12: =$E$12 -> 10000
A13: MANO DE OBRA | B13: ='VALOR REPUESTOS'!$A$10 -> MO | C13: ='VALOR REPUESTOS'!$C$10 -> 38000 | F13: =C13*F16 -> 57000 | G13: =C13*G16 -> 76000 | H13: =C13*H16 -> 76000 | I13: =C13*I16 -> 95000 | J13: =C13*J16 -> 95000 | K13: =C13*K16 -> 76000 | L13: =C13*L16 -> 114000
A14: TOTAL NETO | C14: - | F14: =SUM(F2:F13) -> 126500 | G14: =SUM(G2:G13) -> 165500 | H14: =SUM(H2:H13) -> 145500 | I14: =SUM(I2:I13) -> 191300 | J14: =SUM(J2:J13) -> 282500 | K14: =SUM(K2:K13) -> 145500 | L14: =SUM(L2:L13) -> 335500
A15: TOTAL BRUTO | F15: =F14*1.19 -> 150535 | G15: =G14*1.19 -> 196945 | H15: =H14*1.19 -> 173145 | I15: =I14*1.19 -> 227647 | J15: =J14*1.19 -> 336175 | K15: =K14*1.19 -> 173145 | L15: =L14*1.19 -> 399245
A16: HORAS DE TRABAJO | F16: 1.5 | G16: 2 | H16: 2 | I16: 2.5 | J16: 2.5 | K16: 2 | L16: 3

Sheet TERRITORY
A1: FORD TERRITOY 4x2 AT | B1: CODIGO | C1: Valor Unitario | D1: CANTIDAD | E1: VALOR TOTAL | F1: 10-30. | G1: 20 | H1: 40-80 | I1: 50-70-90 | J1: 60-100
A2: Litro de Aceite de Motor | B2: ='VALOR REPUESTOS'!$A$12 -> A5W30 | C2: ='VALOR REPUESTOS'!$C$12 -> 8000 | D2: 4.5 | E2: =C2*D2 -> 36000 | F2: =$E$2 -> 36000 | G2: =$E$2 -> 36000 | H2: =$E$2 -> 36000 | I2: =$E$2 -> 36000 | J2: =$E$2 -> 36000
A3: Cambio Filtro de Aceite de Motor | B3: ='VALOR REPUESTOS'!$A$176 -> FM | C3: ='VALOR REPUESTOS'!$C$176 -> 28000 | D3: 1 | E3: =C3*D3 -> 28000 | F3: =$E$3 -> 28000 | G3: =$E$3 -> 28000 | H3: =$E$3 -> 28000 | I3: =$E$3 -> 28000 | J3: =$E$3 -> 28000
A4: Cambio golilla tapón del carter | B4: ='VALOR REPUESTOS'!$A$17 -> GTC | C4: ='VALOR REPUESTOS'!$C$17 -> 3500 | D4: 1 | E4: =C4*D4 -> 3500 | F4: =$E$4 -> 3500 | G4: =$E$4 -> 3500 | H4: =$E$4 -> 3500 | I4: =$E$4 -> 3500 | J4: =$E$4 -> 3500
A5: Cambio Filtro de Aire | B5: ='VALOR REPUESTOS'!$A$178 -> FA | C5: ='VALOR REPUESTOS'!$C$178 -> 55000 | D5: 1 | E5: =C5*D5 -> 55000 | H5: =$E$5 -> 55000
A6: Cambio Filtro de Combustible | B6: ='VALOR REPUESTOS'!$A$179 -> FC | C6: ='VALOR REPUESTOS'!$C$179 -> 68700 | D6: 1 | E6: =C6*D6 -> 68700 | H6: =$E$6 -> 68700
A7: Líquido Limpiaparabrisas Concentrado | B7: ='VALOR REPUESTOS'!$A$16 -> LLP | C7: ='VALOR REPUESTOS'!$C$16 -> 3500 | D7: 1 | E7: =C7*D7 -> 3500 | F7: =$E$7 -> 3500 | G7: =$E$7 -> 3500 | H7: =$E$7 -> 3500 | I7: =$E$7 -> 3500 | J7: =$E$7 -> 3500
A8: Cambio Filtro de polen | B8: ='VALOR REPUESTOS'!$A$177 -> FP | C8: ='VALOR REPUESTOS'!$C$177 -> 44000 | D8: 1 | E8: =C8*D8 -> 44000 | G8: =$E$8 -> 44000 | H8: =$E$8 -> 44000 | J8: =$E$8 -> 44000
A9: Correa de Accesorios | B9: ='VALOR REPUESTOS'!$A$180 -> CACC | C9: ='VALOR REPUESTOS'!$C$180 -> 50000 | D9: 1 | E9: =C9*D9 -> 50000
A10: Materiales e Insumos | B10: ='VALOR REPUESTOS'!$A$11 -> MATEI | C10: ='VALOR REPUESTOS'!$C$11 -> 10000 | D10: 1 | E10: =C10*D10 -> 10000 | F10: =$E$10 -> 10000 | G10: =$E$10 -> 10000 | H10: =$E$10 -> 10000 | I10: =$E$10 -> 10000 | J10: =$E$10 -> 10000
A11: MANO DE OBRA | B11: ='VALOR REPUESTOS'!$A$10 -> MO | C11: ='VALOR REPUESTOS'!$C$10 -> 38000 | F11: =C11*F14 -> 95000 | G11: =C11*G14 -> 95000 | H11: =C11*H14 -> 95000 | I11: =C11*I14 -> 95000 | J11: =C11*J14 -> 95000
A12: TOTAL NETO | C12: - | F12: =SUM(F2:F11) -> 176000 | G12: =SUM(G2:G11) -> 220000 | H12: =SUM(H2:H11) -> 343700 | I12: =SUM(I2:I11) -> 176000 | J12: =SUM(J2:J11) -> 220000
A13: TOTAL BRUTO | F13: =F12*1.19 -> 209440 | G13: =G12*1.19 -> 261800 | H13: =H12*1.19 -> 409003 | I13: =I12*1.19 -> 209440 | J13: =J12*1.19 -> 261800
A14: HORAS DE TRABAJO | F14: 2.5 | G14: 2.5 | H14: 2.5 | I14: 2.5 | J14: 2.5
B18: VEHICULO NO INFORMADO PORQUE ACTUALMENTE ESTA SIENDO ATENDIDO EN EL CONCESIONARIO

Sheet VALOR REPUESTOS
A1: PRECIOS ACTUALIZADOS AL 09-04-2026
A2: Código | B2: Descripción | C2: Precio Unitario | D2: Precio 01-04-26 | E2: PRECIOS VENTA TOTAL | F2: PRECIOS COMPRA TOTAL
A3: AL1C1 | B3: REFRIGERANTE | C3: 6000 | D3: 1690 | E3: 11900 | F3: $41.400 (4 Litros)
A4: ATF220 | B4: ACEITE DIRECCIÓN HIDRAULICA | C4: =$C$5 -> 10500 | D4: 2820
A5: 80W90LS | B5: ACEITE DIFERENCIA TRASERO | C5: 10500 | D5: 4000 | E5: 6000 | F5: $80.500 (20 Litros)
A6: 80W90 | B6: ACEITE DIFERENCIA DELANTERO | C6: 10500 | D6: 3105
A7: A75W90 | B7: ACEITE DE CAJA TRANSFERENCIA | C7: 12000 | D7: 4700 | E7: 9500 | F7: $163.556 (20 Litros)
A8: 75W90 | B8: ACEITE CAJA TRANSMISION | C8: 12000 | D8: 4700 | E8: 9500 | F8: $163.556 (20 Litros)
A9: AL3C1F | B9: LIQUIDO DE FRENOS | C9: 6800 | D9: 1997
A10: MO | B10: VALOR MANO DE OBRA | C10: 38000
A11: MATEI | B11: VALOR MATERIALES E INSUMO | C11: 10000
A12: A5W30 | B12: LITRO DE ACEITE DE MOTOR 5W30 | C12: 8000 | D12: 2950 | E12: 4500 | F12: $737.094 (208 Litros)
A13: A0W20 | B13: ACEITE DE MOTOR 0W20 | C13: 11000 | D13: 8393 | E13: 8200 | F13: $1.479.117 (208 Litros) | G13: OJO SOLO PORQUE LE PONEMOS 5W30
A14: 15W40 | B14: LITRO DE ACEITE DE MOTOR 15W40 | C14: 10000 | D14: 2950 | E14: 3700 | F14: $665.603 (208 Litros)
A15: 10W40 | B15: LITRO DE ACEITE DE MOTOR 10W40 | C15: 10000 | D15: 2580 | E15: 3800 | F15: $690.254 (208 Litros)
A16: LLP | B16: LIQUIDO LIMPIAPARABRISAS CONCENTRADO | C16: 3500
A17: GTC | B17: GOLILLA TAPON DEL CARTER | C17: 3500 | D17: 150
A18: FM | B18: FILTRO DE MOTOR LANDTREK | C18: 16500 | D18: 2460 | E18: 7800
A19: FP | B19: FILTRO POLEN LANDTREK | C19: 20000 | D19: 2740 | E19: 9000
A20: FA | B20: FILTRO DE AIRE LANDTREK | C20: 23000 | D20: 5580 | E20: 12500
A21: FC | B21: FILTRO DE COMBUSTIBLE LANDTREK | C21: 25000 | D21: 5300 | E21: 11000
A22: CACC | B22: CORREA ACCESORIOS LANDTREK | C22: 30000
A23: KD | B23: KIT DISTRIBUCIÓN LANDTREK | C23: 220000 | D23: 157974
A24: FM | B24: FILTRO DE MOTOR RAM van 700 petrolero | C24: 10000 | D24: 2343 | E24: 5500
A25: FA | B25: FILTRO AIRE RAM van 700 petrolero | C25: 13500 | D25: 3130 | E25: 7000
A26: FC | B26: FILTRO DE COMBUSTIBLE RAM van 700 petrolero | C26: 23000 | D26: 8485 | E26: 15000
A27: CACC | B27: CORREA ACCESORIOS RAM van 700 petrolero | C27: 20000
A28: KD | B28: KIT DISTRIBUCIÓN RAM van 700 petrolero | C28: 100000 | D28: 75630
A29: FP | B29: FILTRO DE POLEN RAM van 700 petrolero | C29: 13500 | D29: 2560
A30: FM | B30: FILTRO DE MOTOR DUCATO | C30: 13000 | D30: 3417 | E30: 7000
A31: FP | B31: FILTRO POLEN DUCATO | C31: 20000 | D31: 2388 | E31: 9000
A32: FA | B32: FILTRO AIRE DUCATO | C32: 20000 | D32: 5589 | E32: 13000
A33: FC | B33: FILTRO COMBUSTIBLE DUCATO | C33: 23000 | D33: 3417 | E33: 11000
A34: KDISTRIB | B34: KIT DISTRIBUCIÓN DUCATO | C34: 160000 | D34: 146851
A35: CACCE | B35: CORREA ACCESORIOS DUCATO | C35: 25000
A36: FM | B36: FILTRO DE MOTOR TUCSON BENCINERA - CRETA | C36: 15000 | D36: 3380 | E36: 9000
A37: FA | B37: FILTRO DE AIRE TUCSON BENCINERA - CRETA | C37: 21000 | D37: 3646 | E37: 12000
A38: FC | B38: FILTRO DE COMBUSTIBLE TUCSON BENCINERA - CRETA | C38: 25000 | D38: LLEVA EN EL ESTANQUE | E38: ORIGINAL 38000
A39: FP | B39: FILTRO DE POLEN TUCSON BENCINERA | C39: 18000 | D39: 1590 | E39: 8000
A40: CA | B40: CORREA DE ACCESORIOS TUCSON BENCINERA - CRETA | C40: 25000
A41: FM | B41: FILTRO MOTOR HYUNDAI ACCENT Y ELANTRA BENCINERO | C41: 10000 | D41: 2270 | E41: 5500
A42: FC | B42: FILTRO COMBUSTIBLE HYUNDAI ACCENT Y ELANTRA BENCINERO | C42: 18000 | D42: LLEVA EN EL ESTANQUE
A43: FA | B43: FILTRO AIRE HYUNDAI ACCENT BENCINERO | C43: 16000 | D43: 3200 | E43: 7500
A44: CACC | B44: CORREA DE ACCESORIOS HYUNDAI ACCENT BENCINERO | C44: 20000
A45: BUJ | B45: BUJIAS HYUNDAI ACCENT Y ELANTRA BENCINERO | C45: 9000 | D45: accent 5900 y elantra 4200
A46: FP | B46: FILTRO POLEN HYUNDAI ACCENT-ELANTRA BENCINERO | C46: 16000 | D46: 1590 | E46: 6000
A47: FM | B47: FILTRO MOTOR PORTER | C47: 15000 | D47: 3417 | E47: 10000
A48: FA | B48: FILTRO AIRE PORTER | C48: 23000 | D48: 2743 | E48: 11000
A49: FC | B49: FILTRO COMBUSTIBLE PORTER | C49: 25000 | D49: 3074 | E49: 9000
A50: CACC | B50: CORREA ACCESORIOS PORTER | C50: 35000
A51: FM | B51: FILTRO DE MOTOR NQR | C51: 25000 | D51: 19879
A52: CACC | B52: CORREA ACCESORIOS NQR | C52: 45000
A53: GR | B53: GRASA DE RODAMIENTO NQR | C53: 18000
A54: RM | B54: RETENES DE MASA NQR | C54: 12500
A55: FA | B55: FILTRO AIRE NQR | C55: 38000 | D55: 18238 | E55: VALORES COTIZADOS LOCALMENTE | F55: SALFASUR ALTERNATIVO
A56: FP | B56: FILTRO DE POLEN NQR | C56: 38000 | D56: 21702 | F56: SALFASUR ALTERNATIVO
A57: FB | B57: FILTRO COMBUSTIBLE NQR | C57: 40000 | D57: 18854 | F57: F. Polen 21.702
A58: FD | B58: FILTRO DECANTADOR NQR | C58: 40000 | D58: 29500 | F58: SALFASUR ALTERNATIVO
A59: CA | B59: CORREA DE ACCESORIOS TODAS LAS PARTNER-OPEL Y BERLINGO-5008- c-elysee | C59: 35000
A60: FM | B60: FILTRO DE MOTOR TODAS LAS PARTNER-OPEL Y BERLINGO-5008- c-elysee | C60: 8000 | D60: 3417 | E60: 6500
A61: FP | B61: FILTRO POLEN NEW PARTNER TODAS LAS PARTNER-OPEL Y BERLINGO-5008 c-elysee | C61: 16000 | D61: 2388 | E61: 9000
A62: JT | B62: JUNTA TAPON BLOQUE CILINDRO | C62: 3500 | D62: 590
A63: FA | B63: FILTRO AIRE TODAS LAS PARTNER-OPEL Y BERLINGO-5008- c-elysee | C63: 16000 | D63: 3303 | E63: 9000
A64: FC | B64: FILTRO COMBUSTIBLE TODAS LAS PARTNER-OPEL Y BERLINGO-5008- c-elysee | C64: 18000 | D64: 6160 | E64: 12000
A65: KDISTRIB | B65: KIT DISTRIBUCIÓN TODAS LAS PARTNER-OPEL Y BERLINGO-5008-c-elysee | C65: 180000 | D65: PARTNER/ BERLINGO $159.664 | E65: C.CELYSE $159.664 | F65: 5008 $117.353
A66: FM | B66: FILTRO DE MOTOR NEW EXPERT | C66: 16000 | D66: 3417 | E66: 7000
A67: FP | B67: FILTRO POLEN NEW EXPERT | C67: 22000 | D67: 3650 | E67: 9000
A68: FA | B68: FILTRO DE AIRE NEW EXPERT | C68: 23000 | D68: 2730 | E68: 12000
A69: FC | B69: FILTRO DE COMBUSTIBLE NEW EXPERT | C69: 30000 | D69: 4970 | E69: 14000
A70: CACC | B70: CORREA ACCESORIOS NEW EXPERT | C70: 35000
A71: KDISTRIB | B71: KIT DISTRIBUCIÓN NEW EXPERT | C71: 180000 | D71: 157900
A72: FM | B72: FILTRO DE MOTOR BOXER - JUMPER | C72: 16000 | D72: 3417 | E72: 7000
A73: FP | B73: FILTRO DE POLEN BOXER- JUMPER | C73: 20000 | D73: 2388 | E73: 9000
A74: FA | B74: FILTRO DE AIRE BOXER - JUMPER | C74: 20000 | D74: 5589 | E74: 13000
A75: FC | B75: FILTRO DE COMBUSTIBLE BOXER- JUMPER | C75: 30000 | D75: 3417 | E75: 11000
A76: CA | B76: CORREA DE ACCESORIOS BOXER- JUMPER | C76: 30000
A77: KDIST | B77: KIT DE DISTRIBUCIÓN BOXER- JUMPER | C77: 180000 | D77: JUMPER $157.900 | E77: BOXER $138.650
A78: FM | B78: FILTRO DE MOTOR SAVEIRO | C78: 13000 | D78: 2670 | E78: 5500
A79: FP | B79: FILTRO DE POLEN SAVEIRO | C79: 18000 | D79: 2130 | E79: 9000
A80: FA | B80: FILTRO DE AIRE SAVEIRO | C80: 18000 | D80: 1810 | E80: 8000
A81: FC | B81: FILTRO DE COMBUSTIBLE SAVEIRO | C81: 18000
A82: CA | B82: CORREA DE ACCESORIOS SAVEIRO | C82: 25000
A83: KDIST | B83: KIT DE DISTRIBUCIÓN SAVEIRO | C83: 145000 | D83: 117647
A84: FM | B84: FILTRO DE MOTOR MUSSO | C84: 13000 | D84: 3303 | E84: 8000
A85: FP | B85: FILTRO DE POLEN MUSSO | C85: 23000 | D85: 2740 | E85: 11000
A86: FA | B86: FILTRO DE AIRE MUSSO | C86: 23000 | D86: 5475 | E86: 12000
A87: FC | B87: FILTRO DE COMBUSTIBLE MUSSO | C87: 20000 | D87: 2846 | E87: 10000
A88: FM | B88: FILTRO DE MOTOR COLORADO | C88: 18000 | D88: 2600 | E88: 11000
A89: FP | B89: FILTRO DE POLEN COLORADO | C89: 23000 | D89: 3590 | E89: 10000
A90: FA | B90: FILTRO DE AIRE COLORADO | C90: 25000 | D90: 4970 | E90: 18000
A91: FC | B91: FILTRO DE COMBUSTIBLE COLORADO | C91: 31000 | D91: 6200 | E91: 20000
A92: CACC | B92: CORREA DE ACCESORIOS COLORADO | C92: 32000
A93: FM | B93: FILTRO DE MOTOR NP300-NAVARA | C93: 11000 | D93: 1703 | E93: 6000
A94: FP | B94: FILTRO DE POLEN NP300-NAVARA | C94: 18000 | D94: 1474 | E94: 8000
A95: FA | B95: FILTRO DE AIRE NP300-NAVARA | C95: 18000 | D95: 2046 | E95: 9000
A96: FC | B96: FILTRO DE COMBUSTIBLE NP300-NAVARA | C96: 35000 | D96: 20331 | E96: 28000
A97: FM | B97: FILTRO DE MOTOR NEW L200 | C97: 11000 | D97: 2343 | E97: 6500
A98: FP | B98: FILTRO DE POLEN NEW L200 | C98: 18000 | D98: 1589 | E98: 9000
A99: FA | B99: FILTRO DE AIRE NEW L200 | C99: 20000 | D99: 3460 | E99: 8000
A100: FC | B100: FILTRO DE COMBUSTIBLE NEW L200 | C100: 28000 | D100: 3760 | E100: 16000
...

Sheet MAVERICK
G1: 4x4 | I1: 4x4 | J1: 4x4
A2: FORD MAVERICK LARIAT 4X4 AT 2024 | B2: CODIGO | C2: Valor Unitario | D2: CANTIDAD | E2: VALOR TOTAL | F2: 15-75-105 | G2: 30 | H2: 45 | I2: 60 | J2: 90
A3: Litro de Aceite de Motor | B3: ='VALOR REPUESTOS'!$A$12 -> A5W30 | C3: ='VALOR REPUESTOS'!$C$12 -> 8000 | D3: 5.5 | E3: =C3*D3 -> 44000 | F3: =$E$3 -> 44000 | G3: =$E$3 -> 44000 | H3: =$E$3 -> 44000 | I3: =$E$3 -> 44000 | J3: =$E$3 -> 44000
A4: Cambio Filtro de Aceite de Motor original | B4: ='VALOR REPUESTOS'!$A$213 -> FM | C4: ='VALOR REPUESTOS'!$C$213 -> 21000 | D4: 1 | E4: =C4*D4 -> 21000 | F4: =$E$4 -> 21000 | G4: =$E$4 -> 21000 | H4: =$E$4 -> 21000 | I4: =$E$4 -> 21000 | J4: =$E$4 -> 21000
A5: Cambio golilla tapón del carter | B5: ='VALOR REPUESTOS'!$A$17 -> GTC | C5: ='VALOR REPUESTOS'!$C$17 -> 3500 | D5: 1 | E5: =C5*D5 -> 3500 | F5: =$E$5 -> 3500 | G5: =$E$5 -> 3500 | H5: =$E$5 -> 3500 | I5: =$E$5 -> 3500 | J5: =$E$5 -> 3500
A6: Cambio Filtro de Aire original | B6: ='VALOR REPUESTOS'!$A$214 -> FA | C6: ='VALOR REPUESTOS'!$C$214 -> 35000 | D6: 1 | E6: =C6*D6 -> 35000 | F6: =$E$6 -> 35000 | G6: =$E$6 -> 35000 | H6: =$E$6 -> 35000 | I6: =$E$6 -> 35000 | J6: =$E$6 -> 35000
A7: Cambio Filtro de Polen original | B7: ='VALOR REPUESTOS'!$A$216 -> FP | C7: ='VALOR REPUESTOS'!$C$216 -> 45000 | D7: 1 | E7: =C7*D7 -> 45000 | G7: =$E$7 -> 45000 | I7: =$E$7 -> 45000 | J7: =$E$7 -> 45000
A8: Líquido Limpiaparabrisas Concentrado | B8: ='VALOR REPUESTOS'!$A$16 -> LLP | C8: ='VALOR REPUESTOS'!$C$16 -> 3500 | D8: 1 | E8: =C8*D8 -> 3500 | F8: =$E$8 -> 3500 | G8: =$E$8 -> 3500 | H8: =$E$8 -> 3500 | I8: =$E$8 -> 3500 | J8: =$E$8 -> 3500
A9: Litro Aceite Caja de Cambios Transmisión Mecánica | B9: ='VALOR REPUESTOS'!$A$8 -> 75W90 | C9: ='VALOR REPUESTOS'!$C$8 -> 12000 | E9: =C9*D9 -> 0
A10: Cambio bujias original | B10: ='VALOR REPUESTOS'!$A$217 -> BUJ | C10: ='VALOR REPUESTOS'!$C$217 -> 38000 | D10: 4 | E10: =C10*D10 -> 152000 | J10: =E10 -> 152000
A11: Cambio correa de accesorios original | B11: ='VALOR REPUESTOS'!$A$215 -> CALT | C11: ='VALOR REPUESTOS'!$C$215 -> 43000 | D11: 1 | E11: =C11*D11 -> 43000 | J11: =E11 -> 43000
A12: Litro Liquido de Freno | B12: ='VALOR REPUESTOS'!$A$9 -> AL3C1F | C12: ='VALOR REPUESTOS'!$C$9 -> 6800 | D12: 1 | E12: =C12*D12 -> 6800 | H12: =$E$12 -> 6800 | J12: =$E$12 -> 6800
A13: Refrigerante | B13: ='VALOR REPUESTOS'!$A$3 -> AL1C1 | C13: ='VALOR REPUESTOS'!$C$3 -> 6000 | E13: =C13*D13 -> 0
A14: Materiales e Insumos | B14: ='VALOR REPUESTOS'!$A$11 -> MATEI | C14: ='VALOR REPUESTOS'!$C$11 -> 10000 | D14: 1 | E14: =C14*D14 -> 10000 | F14: =$E$14 -> 10000 | G14: =$E$14 -> 10000 | H14: =$E$14 -> 10000 | I14: =$E$14 -> 10000 | J14: =$E$14 -> 10000
A15: MANO DE OBRA | B15: ='VALOR REPUESTOS'!$A$10 -> MO | C15: ='VALOR REPUESTOS'!$C$10 -> 38000 | F15: =C15*F18 -> 76000 | G15: =C15*G18 -> 76000 | H15: =C15*H18 -> 95000 | I15: =C15*I18 -> 95000 | J15: =C15*J18 -> 114000
A16: TOTAL NETO | F16: =SUM(F3:F15) -> 193000 | G16: =SUM(G3:G15) -> 238000 | H16: =SUM(H3:H15) -> 218800 | I16: =SUM(I3:I15) -> 257000 | J16: =SUM(J3:J15) -> 477800
A17: TOTAL BRUTO | F17: =F16*1.19 -> 229670 | G17: =G16*1.19 -> 283220 | H17: =H16*1.19 -> 260372 | I17: =I16*1.19 -> 305830 | J17: =J16*1.19 -> 568582
A18: HORAS DE TRABAJO | F18: 2 | G18: 2 | H18: 2.5 | I18: 2.5 | J18: 3
A21: FORD MAVERICK LARIAT 4X4 AT 2024
A22: KMS | B22: 15-75-105 | C22: 30 | D22: 45 | E22: 60 | F22: 90
A23: VALOR NETO | B23: 193000 | C23: 238000 | D23: 218800 | E23: 257000 | F23: 477800

Sheet VERSA
A1: NISSAN VERSA | B1: CODIGO | C1: Valor Unitario | D1: CANTIDAD | E1: VALOR TOTAL | F1: 10-30. | G1: 20-60 | H1: 40-80 | I1: 50-70-90 | J1: 100
A2: Litro de Aceite de Motor | B2: ='VALOR REPUESTOS'!$A$15 -> 10W40 | C2: ='VALOR REPUESTOS'!$C$15 -> 10000 | D2: 5 | E2: =C2*D2 -> 50000 | F2: =$E$2 -> 50000 | G2: =$E$2 -> 50000 | H2: =$E$2 -> 50000 | I2: =$E$2 -> 50000 | J2: =$E$2 -> 50000
A3: Cambio Filtro de Aceite de Motor | B3: ='VALOR REPUESTOS'!$A$163 -> FM | C3: ='VALOR REPUESTOS'!$C$163 -> 10000 | D3: 1 | E3: =C3*D3 -> 10000 | F3: =$E$3 -> 10000 | G3: =$E$3 -> 10000 | H3: =$E$3 -> 10000 | I3: =$E$3 -> 10000 | J3: =$E$3 -> 10000
A4: Cambio golilla tapón del carter | B4: ='VALOR REPUESTOS'!$A$17 -> GTC | C4: ='VALOR REPUESTOS'!$C$17 -> 3500 | D4: 1 | E4: =C4*D4 -> 3500 | F4: =$E$4 -> 3500 | G4: =$E$4 -> 3500 | H4: =$E$4 -> 3500 | I4: =$E$4 -> 3500 | J4: =$E$4 -> 3500
A5: Cambio Filtro de Aire | B5: ='VALOR REPUESTOS'!$A$165 -> FA | C5: ='VALOR REPUESTOS'!$C$165 -> 15000 | D5: 1 | E5: =C5*D5 -> 15000 | G5: =$E$5 -> 15000 | H5: =$E$5 -> 15000 | J5: =$E$5 -> 15000
A6: Líquido Limpiaparabrisas Concentrado | B6: ='VALOR REPUESTOS'!$A$16 -> LLP | C6: ='VALOR REPUESTOS'!$C$16 -> 3500 | D6: 1 | E6: =C6*D6 -> 3500 | F6: =$E$6 -> 3500 | G6: =$E$6 -> 3500 | H6: =$E$6 -> 3500 | I6: =$E$6 -> 3500 | J6: =$E$6 -> 3500
A7: Cambio Filtro de Polen | B7: ='VALOR REPUESTOS'!$A$164 -> FC | C7: ='VALOR REPUESTOS'!$C$164 -> 15000 | D7: 1 | E7: =C7*D7 -> 15000 | H7: =$E$7 -> 15000
A8: Litro Liquido de Freno | B8: ='VALOR REPUESTOS'!$A$9 -> AL3C1F | C8: ='VALOR REPUESTOS'!$C$9 -> 6800 | D8: 1 | E8: =C8*D8 -> 6800 | J8: =$E$8 -> 6800
A9: Bujías | B9: ='VALOR REPUESTOS'!$A$166 -> BUJ | C9: ='VALOR REPUESTOS'!$C$166 -> 15000 | D9: 4 | E9: =C9*D9 -> 60000 | J9: =$E$9 -> 60000
A10: Materiales e Insumos | B10: ='VALOR REPUESTOS'!$A$11 -> MATEI | C10: ='VALOR REPUESTOS'!$C$11 -> 10000 | D10: 1 | E10: =C10*D10 -> 10000 | F10: =$E$10 -> 10000 | G10: =$E$10 -> 10000 | H10: =$E$10 -> 10000 | I10: =$E$10 -> 10000 | J10: =$E$10 -> 10000
A11: MANO DE OBRA | B11: ='VALOR REPUESTOS'!$A$10 -> MO | C11: ='VALOR REPUESTOS'!$C$10 -> 38000 | F11: =C11*F14 -> 57000 | G11: =C11*G14 -> 76000 | H11: =C11*H14 -> 76000 | I11: =C11*I14 -> 76000 | J11: =C11*J14 -> 95000
A12: TOTAL NETO | C12: - | F12: =SUM(F2:F11) -> 134000 | G12: =SUM(G2:G11) -> 168000 | H12: =SUM(H2:H11) -> 183000 | I12: =SUM(I2:I11) -> 153000 | J12: =SUM(J2:J11) -> 253800
A13: TOTAL BRUTO | F13: =F12*1.19 -> 159460 | G13: =G12*1.19 -> 199920 | H13: =H12*1.19 -> 217770 | I13: =I12*1.19 -> 182070 | J13: =J12*1.19 -> 302022
A14: HORAS DE TRABAJO | F14: 1.5 | G14: 2 | H14: 2 | I14: 2 | J14: 2.5

Sheet FRONX
A1: SUZUKI FRONX 1.5 AT HYBRIDO | B1: CODIGO | C1: Valor Unitario | D1: CANTIDAD | E1: VALOR TOTAL | F1: 10-30- | G1: 20-60 | H1: 50-70-90 | I1: 40-80 | J1: 100
A2: Litro de Aceite de Motor | B2: ='VALOR REPUESTOS'!$A$13 -> A0W20 | C2: ='VALOR REPUESTOS'!$C$13 -> 11000 | D2: 3.6 | E2: =C2*D2 -> 39600 | F2: =E2 -> 39600 | G2: =F2 -> 39600 | H2: =G2 -> 39600 | I2: =H2 -> 39600 | J2: =I2 -> 39600
A3: Cambio Filtro de Aceite de Motor | B3: ='VALOR REPUESTOS'!$A$208 -> FM | C3: ='VALOR REPUESTOS'!$C$208 -> 12800 | D3: 1 | E3: =C3*D3 -> 12800 | F3: =E3 -> 12800 | G3: =F3 -> 12800 | H3: =G3 -> 12800 | I3: =H3 -> 12800 | J3: =I3 -> 12800
A4: Cambio golilla tapón del carter | B4: ='VALOR REPUESTOS'!$A$17 -> GTC | C4: ='VALOR REPUESTOS'!$C$17 -> 3500 | D4: 1 | E4: =C4*D4 -> 3500 | F4: =E4 -> 3500 | G4: =F4 -> 3500 | H4: =G4 -> 3500 | I4: =H4 -> 3500 | J4: =I4 -> 3500
A5: Cambio Filtro de Aire | B5: ='VALOR REPUESTOS'!$A$209 -> FA | C5: ='VALOR REPUESTOS'!$C$209 -> 23000 | D5: 1 | E5: =C5*D5 -> 23000 | G5: =E5 -> 23000 | I5: =G5 -> 23000 | J5: =I5 -> 23000
A6: Bujías | B6: ='VALOR REPUESTOS'!$A$212 -> BUJ | C6: ='VALOR REPUESTOS'!$C$212 -> 30000 | D6: 4 | E6: =C6*D6 -> 120000 | G6: =$E$28 -> 0 | I6: =$E$28 -> 0 | J6: =E6 -> 120000
A7: Líquido Limpiaparabrisas Concentrado | B7: ='VALOR REPUESTOS'!$A$16 -> LLP | C7: ='VALOR REPUESTOS'!$C$16 -> 3500 | D7: 1 | E7: =C7*D7 -> 3500 | F7: =E7 -> 3500 | G7: =F7 -> 3500 | H7: =G7 -> 3500 | I7: =H7 -> 3500 | J7: =I7 -> 3500
A8: Correa alternador | B8: ='VALOR REPUESTOS'!$A$210 -> CALT | C8: ='VALOR REPUESTOS'!$C$210 -> 50000 | D8: 1 | E8: =C8*D8 -> 50000 | I8: =E8 -> 50000 | J8: =$E$30 -> 0
A9: Correa bomba de agua | B9: ='VALOR REPUESTOS'!$A$211 -> CBA | C9: ='VALOR REPUESTOS'!$C$211 -> 30000 | D9: 1 | E9: =C9*D9 -> 30000 | I9: =E9 -> 30000 | J9: =$E$31 -> 0
A10: Litro Liquido de Freno | B10: ='VALOR REPUESTOS'!$A$9 -> AL3C1F | C10: ='VALOR REPUESTOS'!$C$9 -> 6800 | D10: 1 | E10: =C10*D10 -> 6800 | I10: =E10 -> 6800 | J10: =$E$32 -> 0
A11: Materiales e Insumos | B11: ='VALOR REPUESTOS'!$A$11 -> MATEI | C11: ='VALOR REPUESTOS'!$C$11 -> 10000 | D11: 1 | E11: =C11*D11 -> 10000 | F11: =E11 -> 10000 | G11: =F11 -> 10000 | H11: =G11 -> 10000 | I11: =H11 -> 10000 | J11: =I11 -> 10000
A12: MANO DE OBRA | B12: ='VALOR REPUESTOS'!$A$10 -> MO | C12: ='VALOR REPUESTOS'!$C$10 -> 38000 | F12: =C12*F15 -> 57000 | G12: =C12*G15 -> 95000 | H12: =C12*H15 -> 76000 | I12: =C12*I15 -> 114000 | J12: =C12*J15 -> 95000
A13: TOTAL NETO | C13: - | F13: =SUM(F2:F12) -> 126400 | G13: =SUM(G2:G12) -> 187400 | H13: =SUM(H2:H12) -> 145400 | I13: =SUM(I2:I12) -> 293200 | J13: =SUM(J2:J12) -> 307400
A14: TOTAL BRUTO | F14: =F13*1.19 -> 150416 | G14: =G13*1.19 -> 223006 | H14: =H13*1.19 -> 173026 | I14: =I13*1.19 -> 348908 | J14: =J13*1.19 -> 365806
A15: HORAS DE TRABAJO | F15: 1.5 | G15: 2.5 | H15: 2 | I15: 3 | J15: 2.5
G16: 20 | I16: 40
D19: SUZUKI FRONX 1.5 AT HYBRIDO
D20: KMS | E20: 10-30- | F20: 20-60 | G20: 50-70-90 | H20: 40-80 | I20: 100
D21: VALOR NETO | E21: 126400 | F21: 187400 | G21: 145400 | H21: 293200 | I21: 307400
D22: VALOR INFOR 18-06-26GONZALO GARRIDO

Sheet CRETA
A1: HYUNDAI CRETA BENCINERA | B1: CODIGO | C1: Valor Unitario | D1: CANTIDAD | E1: VALOR TOTAL | F1: 10-30. | G1: 20-50-70 | H1: 40-80 | I1: 60 | J1: 90 | K1: 100
A2: Litro de Aceite de Motor | B2: ='VALOR REPUESTOS'!$A$15 -> 10W40 | C2: ='VALOR REPUESTOS'!$C$15 -> 10000 | D2: 4.8 | E2: =C2*D2 -> 48000 | F2: =$E$2 -> 48000 | G2: =$E$2 -> 48000 | H2: =$E$2 -> 48000 | I2: =$E$2 -> 48000 | J2: =$E$2 -> 48000 | K2: =$E$2 -> 48000
A3: Cambio Filtro de Aceite de Motor | B3: ='VALOR REPUESTOS'!$A$36 -> FM | C3: ='VALOR REPUESTOS'!$C$36 -> 15000 | D3: 1 | E3: =C3*D3 -> 15000 | F3: =$E$3 -> 15000 | G3: =$E$3 -> 15000 | H3: =$E$3 -> 15000 | I3: =$E$3 -> 15000 | J3: =$E$3 -> 15000 | K3: =$E$3 -> 15000
A4: Cambio golilla tapón del carter | B4: ='VALOR REPUESTOS'!$A$17 -> GTC | C4: ='VALOR REPUESTOS'!$C$17 -> 3500 | D4: 1 | E4: =C4*D4 -> 3500 | F4: =$E$4 -> 3500 | G4: =$E$4 -> 3500 | H4: =$E$4 -> 3500 | I4: =$E$4 -> 3500 | J4: =$E$4 -> 3500 | K4: =$E$4 -> 3500
A5: Cambio Filtro de Aire | B5: ='VALOR REPUESTOS'!$A$37 -> FA | C5: ='VALOR REPUESTOS'!$C$37 -> 21000 | D5: 1 | E5: =C5*D5 -> 21000 | H5: =$E$5 -> 21000
A6: Cambio Filtro de Combustible | B6: ='VALOR REPUESTOS'!$A$38 -> FC | C6: ='VALOR REPUESTOS'!$C$38 -> 25000 | D6: 1 | E6: =C6*D6 -> 25000 | I6: =$E$6 -> 25000
A7: Líquido Limpiaparabrisas Concentrado | B7: ='VALOR REPUESTOS'!$A$16 -> LLP | C7: ='VALOR REPUESTOS'!$C$16 -> 3500 | D7: 1 | E7: =C7*D7 -> 3500 | F7: =$E$7 -> 3500 | G7: =$E$7 -> 3500 | H7: =$E$7 -> 3500 | I7: =$E$7 -> 3500 | J7: =$E$7 -> 3500 | K7: =$E$7 -> 3500
A8: Cambio Filtro de Polen | B8: ='VALOR REPUESTOS'!$A$46 -> FP | C8: ='VALOR REPUESTOS'!$C$46 -> 16000 | D8: 1 | E8: =C8*D8 -> 16000
A9: Correa de Accesorios | B9: ='VALOR REPUESTOS'!$A$40 -> CA | C9: ='VALOR REPUESTOS'!$C$40 -> 25000 | D9: 1 | E9: =C9*D9 -> 25000 | J9: =$E$9 -> 25000
A10: Bujías | B10: ='VALOR REPUESTOS'!$A$181 -> BUJ | C10: ='VALOR REPUESTOS'!$C$181 -> 15000 | D10: 4 | E10: =C10*D10 -> 60000 | L10: CADA 160
A11: Materiales e Insumos | B11: ='VALOR REPUESTOS'!$A$11 -> MATEI | C11: ='VALOR REPUESTOS'!$C$11 -> 10000 | D11: 1 | E11: =C11*D11 -> 10000 | F11: =$E$11 -> 10000 | G11: =$E$11 -> 10000 | H11: =$E$11 -> 10000 | I11: =$E$11 -> 10000 | J11: =$E$11 -> 10000 | K11: =$E$11 -> 10000
A12: MANO DE OBRA | B12: ='VALOR REPUESTOS'!$A$10 -> MO | C12: ='VALOR REPUESTOS'!$C$10 -> 38000 | F12: =C12*F15 -> 57000 | G12: =C12*G15 -> 76000 | H12: =C12*H15 -> 76000 | I12: =C12*I15 -> 95000 | J12: =C12*J15 -> 76000 | K12: =C12*K15 -> 95000
A13: TOTAL NETO | F13: =SUM(F2:F12) -> 137000 | G13: =SUM(G2:G12) -> 156000 | H13: =SUM(H2:H12) -> 177000 | I13: =SUM(I2:I12) -> 200000 | J13: =SUM(J2:J12) -> 181000 | K13: =SUM(K2:K12) -> 175000
A14: TOTAL BRUTO | F14: =F13*1.19 -> 163030 | G14: =G13*1.19 -> 185640 | H14: =H13*1.19 -> 210630 | I14: =I13*1.19 -> 238000 | J14: =J13*1.19 -> 215390 | K14: =K13*1.19 -> 208250
A15: HORAS DE TRABAJO | F15: 1.5 | G15: 2 | H15: 2 | I15: 2.5 | J15: 2 | K15: 2.5

Sheet COROLLA CROSS
A1: NEW TOYOTA COROLLA CROSS CVT 2.0 AUT | B1: CODIGO | C1: Valor Unitario | D1: CANTIDAD | E1: VALOR TOTAL | F1: 10-30. | G1: 20-60 | H1: 40-80 | I1: 50-70-90 | J1: 100
A2: Litro de Aceite de Motor | B2: ='VALOR REPUESTOS'!$A$13 -> A0W20 | C2: ='VALOR REPUESTOS'!$C$13 -> 11000 | D2: 4.5 | E2: =C2*D2 -> 49500 | F2: =$E$2 -> 49500 | G2: =$E$2 -> 49500 | H2: =$E$2 -> 49500 | I2: =$E$2 -> 49500 | J2: =$E$2 -> 49500
A3: Cambio Filtro de Aceite de Motor | B3: ='VALOR REPUESTOS'!$A$182 -> FM | C3: ='VALOR REPUESTOS'!$C$182 -> 11000 | D3: 1 | E3: =C3*D3 -> 11000 | F3: =$E$3 -> 11000 | G3: =$E$3 -> 11000 | H3: =$E$3 -> 11000 | I3: =$E$3 -> 11000 | J3: =$E$3 -> 11000
A4: Cambio golilla tapón del carter | B4: ='VALOR REPUESTOS'!$A$17 -> GTC | C4: ='VALOR REPUESTOS'!$C$17 -> 3500 | D4: 1 | E4: =C4*D4 -> 3500 | F4: =$E$4 -> 3500 | G4: =$E$4 -> 3500 | H4: =$E$4 -> 3500 | I4: =$E$4 -> 3500 | J4: =$E$4 -> 3500
A5: Cambio Filtro de Aire | B5: ='VALOR REPUESTOS'!$A$184 -> FA | C5: ='VALOR REPUESTOS'!$C$184 -> 17000 | D5: 1 | E5: =C5*D5 -> 17000 | H5: =$E$5 -> 17000
A6: Cambio Filtro de Polen | B6: ='VALOR REPUESTOS'!$A$183 -> FP | C6: ='VALOR REPUESTOS'!$C$183 -> 17000 | D6: 1 | E6: =C6*D6 -> 17000 | G6: =$E$6 -> 17000 | H6: =$E$6 -> 17000 | J6: =$E$6 -> 17000
A7: Litro Liquido de Freno | B7: ='VALOR REPUESTOS'!$A$9 -> AL3C1F | C7: ='VALOR REPUESTOS'!$C$9 -> 6800 | D7: 1 | E7: =C7*D7 -> 6800 | H7: =$E$7 -> 6800
A8: Líquido Limpiaparabrisas Concentrado | B8: ='VALOR REPUESTOS'!$A$16 -> LLP | C8: ='VALOR REPUESTOS'!$C$16 -> 3500 | D8: 1 | E8: =C8*D8 -> 3500 | F8: =$E$8 -> 3500 | G8: =$E$8 -> 3500 | H8: =$E$8 -> 3500 | I8: =$E$8 -> 3500 | J8: =$E$8 -> 3500
A9: Materiales e Insumos | B9: ='VALOR REPUESTOS'!$A$11 -> MATEI | C9: ='VALOR REPUESTOS'!$C$11 -> 10000 | D9: 1 | E9: =C9*D9 -> 10000 | F9: =$E$9 -> 10000 | G9: =$E$9 -> 10000 | H9: =$E$9 -> 10000 | I9: =$E$9 -> 10000 | J9: =$E$9 -> 10000
A10: MANO DE OBRA | B10: ='VALOR REPUESTOS'!$A$10 -> MO | C10: ='VALOR REPUESTOS'!$C$10 -> 38000 | F10: =C10*F13 -> 57000 | G10: =C10*G13 -> 76000 | H10: =C10*H13 -> 76000 | I10: =C10*I13 -> 76000 | J10: =C10*J13 -> 76000
A11: TOTAL NETO | C11: - | F11: =SUM(F2:F10) -> 134500 | G11: =SUM(G2:G10) -> 170500 | H11: =SUM(H2:H10) -> 194300 | I11: =SUM(I2:I10) -> 153500 | J11: =SUM(J2:J10) -> 170500
A12: TOTAL BRUTO | F12: =F11*1.19 -> 160055 | G12: =G11*1.19 -> 202895 | H12: =H11*1.19 -> 231217 | I12: =I11*1.19 -> 182665 | J12: =J11*1.19 -> 202895
A13: HORAS DE TRABAJO | F13: 1.5 | G13: 2 | H13: 2 | I13: 2 | J13: 2

Sheet MONTANA Y TRACKER
A1: CHEVROLET MONTANA 1,2 Y TRACKER 1.2 4X2 AT 2025 | B1: CODIGO | C1: Valor Unitario | D1: CANTIDAD | E1: VALOR TOTAL | F1: 10. | G1: 20-100 | H1: 30-90 | I1: 50-70 | J1: 40 | K1: 60 | L1: 80
A2: Litro de Aceite de Motor | B2: ='VALOR REPUESTOS'!$A$12 -> A5W30 | C2: ='VALOR REPUESTOS'!$C$12 -> 8000 | D2: 4 | E2: =C2*D2 -> 32000 | F2: =$E$2 -> 32000 | G2: =$E$2 -> 32000 | H2: =$E$2 -> 32000 | I2: =$E$2 -> 32000 | J2: =$E$2 -> 32000 | K2: =$E$2 -> 32000 | L2: =$E$2 -> 32000
A3: Cambio Filtro de Aceite de Motor | B3: ='VALOR REPUESTOS'!$A$187 -> FM | C3: ='VALOR REPUESTOS'!$C$187 -> 10000 | D3: 1 | E3: =C3*D3 -> 10000 | F3: =$E$3 -> 10000 | G3: =$E$3 -> 10000 | H3: =$E$3 -> 10000 | I3: =$E$3 -> 10000 | J3: =$E$3 -> 10000 | K3: =$E$3 -> 10000 | L3: =$E$3 -> 10000
A4: Cambio golilla tapón del carter | B4: ='VALOR REPUESTOS'!$A$17 -> GTC | C4: ='VALOR REPUESTOS'!$C$17 -> 3500 | D4: 1 | E4: =C4*D4 -> 3500 | F4: =$E$4 -> 3500 | G4: =$E$4 -> 3500 | H4: =$E$4 -> 3500 | I4: =$E$4 -> 3500 | J4: =$E$4 -> 3500 | K4: =$E$4 -> 3500 | L4: =$E$4 -> 3500
A5: Cambio Filtro de Aire | B5: ='VALOR REPUESTOS'!$A$188 -> FA | C5: ='VALOR REPUESTOS'!$C$188 -> 15000 | D5: 1 | E5: =C5*D5 -> 15000 | G5: =$E$5 -> 15000 | J5: =$E$5 -> 15000 | K5: =$E$5 -> 15000 | L5: =$E$5 -> 15000
A6: Cambio Filtro de Polen | B6: ='VALOR REPUESTOS'!$A$189 -> FP | C6: ='VALOR REPUESTOS'!$C$189 -> 15000 | D6: 1 | E6: =C6*D6 -> 15000 | G6: =$E$6 -> 15000 | J6: =$E$6 -> 15000 | K6: =$E$6 -> 15000 | L6: =$E$6 -> 15000
A7: Líquido Limpiaparabrisas Concentrado | B7: ='VALOR REPUESTOS'!$A$16 -> LLP | C7: ='VALOR REPUESTOS'!$C$16 -> 3500 | D7: 1 | E7: =C7*D7 -> 3500 | F7: =$E$7 -> 3500 | G7: =$E$7 -> 3500 | H7: =$E$7 -> 3500 | I7: =$E$7 -> 3500 | J7: =$E$7 -> 3500 | K7: =$E$7 -> 3500 | L7: =$E$7 -> 3500
A8: Litro Liquido de Freno | B8: ='VALOR REPUESTOS'!$A$9 -> AL3C1F | C8: ='VALOR REPUESTOS'!$C$9 -> 6800 | D8: 1 | E8: =C8*D8 -> 6800 | H8: =$E$8 -> 6800 | K8: =$E$8 -> 6800
A9: Bujías | B9: ='VALOR REPUESTOS'!$A$190 -> BUJ | C9: ='VALOR REPUESTOS'!$C$190 -> 25000 | D9: 3 | E9: =C9*D9 -> 75000 | L9: =$E$9 -> 75000
A10: Materiales e Insumos | B10: ='VALOR REPUESTOS'!$A$11 -> MATEI | C10: ='VALOR REPUESTOS'!$C$11 -> 10000 | D10: 1 | E10: =C10*D10 -> 10000 | F10: =$E$10 -> 10000 | G10: =$E$10 -> 10000 | H10: =$E$10 -> 10000 | I10: =$E$10 -> 10000 | J10: =$E$10 -> 10000 | K10: =$E$10 -> 10000 | L10: =$E$10 -> 10000
A11: MANO DE OBRA | B11: ='VALOR REPUESTOS'!$A$10 -> MO | C11: ='VALOR REPUESTOS'!$C$10 -> 38000 | F11: =C11*F14 -> 57000 | G11: =C11*G14 -> 76000 | H11: =C11*H14 -> 95000 | I11: =C11*I14 -> 76000 | J11: =C11*J14 -> 95000 | K11: =C11*K14 -> 95000 | L11: =C11*L14 -> 95000
A12: TOTAL NETO | C12: - | F12: =SUM(F2:F11) -> 116000 | G12: =SUM(G2:G11) -> 165000 | H12: =SUM(H2:H11) -> 160800 | I12: =SUM(I2:I11) -> 135000 | J12: =SUM(J2:J11) -> 184000 | K12: =SUM(K2:K11) -> 190800 | L12: =SUM(L2:L11) -> 259000
A13: TOTAL BRUTO | F13: =F12*1.19 -> 138040 | G13: =G12*1.19 -> 196350 | H13: =H12*1.19 -> 191352 | I13: =I12*1.19 -> 160650 | J13: =J12*1.19 -> 218960 | K13: =K12*1.19 -> 227052 | L13: =L12*1.19 -> 308210
A14: HORAS DE TRABAJO | F14: 1.5 | G14: 2 | H14: 2.5 | I14: 2 | J14: 2.5 | K14: 2.5 | L14: 2.5
E16: VALORES NETOS CHEVROLET TRACKER 1.2 4X2 AT 2025
E17: KM | F17: 10. | G17: 20-100 | H17: 30-90 | I17: 50-70 | J17: 40 | K17: 60 | L17: 80
E18: VALOR | F18: 116000 | G18: 165000 | H18: 160800 | I18: 135000 | J18: 184000 | K18: 190800 | L18: 259000
F19: ultimo precio informado el 25-05

Sheet JUMPY
A1: CITROEN JUMPY | B1: CODIGO | C1: Valor Unitario | D1: CANTIDAD | E1: VALOR TOTAL | F1: 20-60-100 | G1: 40 | H1: 80 C/D | I1: 120
A2: Litro de Aceite de Motor | B2: ='VALOR REPUESTOS'!$A$12 -> A5W30 | C2: ='VALOR REPUESTOS'!$C$12 -> 8000 | D2: 5.5 | E2: =C2*D2 -> 44000 | F2: =$E$2 -> 44000 | G2: =$E$2 -> 44000 | H2: =$E$2 -> 44000 | I2: =$E$2 -> 44000
A3: Cambio Filtro de Aceite de Motor | B3: ='VALOR REPUESTOS'!$A$197 -> FM | C3: ='VALOR REPUESTOS'!$C$197 -> 16000 | D3: 1 | E3: =C3*D3 -> 16000 | F3: =$E$3 -> 16000 | G3: =$E$3 -> 16000 | H3: =$E$3 -> 16000 | I3: =$E$3 -> 16000
A4: Cambio golilla tapón del carter | B4: ='VALOR REPUESTOS'!$A$17 -> GTC | C4: ='VALOR REPUESTOS'!$C$17 -> 3500 | D4: 1 | E4: =C4*D4 -> 3500 | F4: =$E$4 -> 3500 | G4: =$E$4 -> 3500 | H4: =$E$4 -> 3500 | I4: =$E$4 -> 3500
A5: Cambio Filtro de Aire | B5: ='VALOR REPUESTOS'!$A$198 -> FA | C5: ='VALOR REPUESTOS'!$C$198 -> 20000 | D5: 1 | E5: =C5*D5 -> 20000 | F5: =$E$5 -> 20000 | G5: =$E$5 -> 20000 | H5: =$E$5 -> 20000 | I5: =$E$5 -> 20000
A6: Cambio Filtro de Combustible | B6: ='VALOR REPUESTOS'!$A$200 -> FC | C6: ='VALOR REPUESTOS'!$C$200 -> 30000 | D6: 1 | E6: =C6*D6 -> 30000 | F6: =$E$6 -> 30000 | G6: =$E$6 -> 30000 | H6: =$E$6 -> 30000 | I6: =$E$6 -> 30000
A7: Cambio Filtro de Polen | B7: ='VALOR REPUESTOS'!$A$199 -> FP | C7: ='VALOR REPUESTOS'!$C$199 -> 20000 | D7: 1 | E7: =C7*D7 -> 20000 | F7: =$E$7 -> 20000 | G7: =$E$7 -> 20000 | H7: =$E$7 -> 20000 | I7: =$E$7 -> 20000
A8: Líquido Limpiaparabrisas Concentrado | B8: ='VALOR REPUESTOS'!$A$16 -> LLP | C8: ='VALOR REPUESTOS'!$C$16 -> 3500 | D8: 1 | E8: =C8*D8 -> 3500 | F8: =$E$8 -> 3500 | G8: =$E$8 -> 3500 | H8: =$E$8 -> 3500 | I8: =$E$8 -> 3500
A9: Litro Liquido de Freno | B9: ='VALOR REPUESTOS'!$A$9 -> AL3C1F | C9: ='VALOR REPUESTOS'!$C$9 -> 6800 | D9: 1 | E9: =C9*D9 -> 6800 | G9: =$E$9 -> 6800 | H9: =$E$9 -> 6800 | I9: =$E$9 -> 6800
A10: Correa de accesorios | B10: ='VALOR REPUESTOS'!$A$201 -> CACC | C10: ='VALOR REPUESTOS'!$C$201 -> 35000 | D10: 1 | E10: =C10*D10 -> 35000 | H10: =$E$10 -> 35000
A11: Kit de distribución | B11: ='VALOR REPUESTOS'!$A$202 -> KD | C11: ='VALOR REPUESTOS'!$C$202 -> 180000 | D11: 1 | E11: =C11*D11 -> 180000 | H11: =$E$11 -> 180000
A12: Litro de Refrigerante | B12: ='VALOR REPUESTOS'!$A$3 -> AL1C1 | C12: ='VALOR REPUESTOS'!$C$3 -> 6000 | D12: 10 | E12: =C12*D12 -> 60000 | H12: =$E$12 -> 60000
A13: Materiales e Insumos | B13: ='VALOR REPUESTOS'!$A$11 -> MATEI | C13: ='VALOR REPUESTOS'!$C$11 -> 10000 | D13: 1 | E13: =C13*D13 -> 10000 | F13: =$E$13 -> 10000 | G13: =$E$13 -> 10000 | H13: =$E$13 -> 10000 | I13: =$E$13 -> 10000
A14: MANO DE OBRA | B14: ='VALOR REPUESTOS'!$A$10 -> MO | C14: ='VALOR REPUESTOS'!$C$10 -> 38000 | F14: =C14*F17 -> 95000 | G14: =C14*G17 -> 114000 | H14: =C14*H17 -> 190000 | I14: =C14*I17 -> 114000
A15: TOTAL NETO | C15: - | F15: =SUM(F2:F14) -> 242000 | G15: =SUM(G2:G14) -> 267800 | H15: =SUM(H2:H14) -> 618800 | I15: =SUM(I2:I14) -> 267800
A16: TOTAL BRUTO | F16: =F15*1.19 -> 287980 | G16: =G15*1.19 -> 318682 | H16: =H15*1.19 -> 736372 | I16: =I15*1.19 -> 318682
A17: HORAS DE TRABAJO | F17: 2.5 | G17: 3 | H17: 5 | I17: 3
I18: NO INFORMAR

Sheet EV30
A1: MAXUS EV30 | B1: CODIGO | C1: Valor Unitario | D1: CANTIDAD | E1: VALOR TOTAL | F1: 30 | G1: 60 | H1: 90 | I1: 120
A2: Anticongelante del motor accionamiento | B2: ='VALOR REPUESTOS'!$A$185 -> ANT | C2: ='VALOR REPUESTOS'!$C$185 -> 10000 | D2: 4.5 | E2: =C2*D2 -> 45000 | G2: =$E$2 -> 45000 | I2: =$E$2 -> 45000
A3: Cambio golilla tapón del carter | B3: ='VALOR REPUESTOS'!$A$17 -> GTC | C3: ='VALOR REPUESTOS'!$C$17 -> 3500 | D3: 1 | E3: =C3*D3 -> 3500 | F3: =$E$3 -> 3500 | G3: =$E$3 -> 3500 | H3: =$E$3 -> 3500 | I3: =$E$3 -> 3500
A4: Cambio de Aceite de transmisión | B4: ='VALOR REPUESTOS'!$A$186 -> ATF DM | C4: ='VALOR REPUESTOS'!$C$186 -> 18000 | D4: 1 | E4: =C4*D4 -> 18000 | F4: =$E$4 -> 18000 | G4: =$E$4 -> 18000 | H4: =$E$4 -> 18000 | I4: =$E$4 -> 18000
A5: Líquido Limpiaparabrisas Concentrado | B5: ='VALOR REPUESTOS'!$A$16 -> LLP | C5: ='VALOR REPUESTOS'!$C$16 -> 3500 | D5: 1 | E5: =C5*D5 -> 3500 | F5: =$E$5 -> 3500 | G5: =$E$5 -> 3500 | H5: =$E$5 -> 3500 | I5: =$E$5 -> 3500
A6: Litro Liquido de Freno | B6: ='VALOR REPUESTOS'!$A$9 -> AL3C1F | C6: ='VALOR REPUESTOS'!$C$9 -> 6800 | D6: 1 | E6: =C6*D6 -> 6800 | G6: =$E$6 -> 6800 | I6: =$E$6 -> 6800
A7: Materiales e Insumos | B7: ='VALOR REPUESTOS'!$A$11 -> MATEI | C7: ='VALOR REPUESTOS'!$C$11 -> 10000 | D7: 1 | E7: =C7*D7 -> 10000 | F7: =$E$7 -> 10000 | G7: =$E$7 -> 10000 | H7: =$E$7 -> 10000 | I7: =$E$7 -> 10000
A8: MANO DE OBRA | B8: ='VALOR REPUESTOS'!$A$10 -> MO | C8: ='VALOR REPUESTOS'!$C$10 -> 38000 | F8: =C8*F11 -> 95000 | G8: =C8*G11 -> 133000 | H8: =C8*H11 -> 114000 | I8: =C8*I11 -> 133000
A9: TOTAL NETO | F9: =SUM(F2:F8) -> 130000 | G9: =SUM(G2:G8) -> 219800 | H9: =SUM(H2:H8) -> 149000 | I9: =SUM(I2:I8) -> 219800
A10: TOTAL BRUTO | F10: =F9*1.19 -> 154700 | G10: =G9*1.19 -> 261562 | H10: =H9*1.19 -> 177310 | I10: =I9*1.19 -> 261562
A11: HORAS DE TRABAJO | F11: 2.5 | G11: 3.5 | H11: 3 | I11: 3.5
I12: NO INFORMAR

Sheet OPEL COMBO
A1: PAUTA ESTANDARIZADA
A2: OPEL COMBO | B2: CODIGO | C2: Valor Unitario | D2: CANTIDAD | E2: VALOR TOTAL | F2: 10-30. | G2: 20-40-60-100 | H2: 50-70-90 | I2: 80 c/dist
A3: Litro de Aceite de Motor | B3: ='VALOR REPUESTOS'!$A$12 -> A5W30 | C3: ='VALOR REPUESTOS'!$C$12 -> 8000 | D3: 5 | E3: =C3*D3 -> 40000 | F3: =$E$3 -> 40000 | G3: =$E$3 -> 40000 | H3: =$E$3 -> 40000 | I3: =$E$3 -> 40000
A4: Cambio Filtro de Aceite de Motor | B4: ='VALOR REPUESTOS'!$A$60 -> FM | C4: ='VALOR REPUESTOS'!$C$60 -> 8000 | D4: 1 | E4: =C4*D4 -> 8000 | F4: =$E$4 -> 8000 | G4: =$E$4 -> 8000 | H4: =$E$4 -> 8000 | I4: =$E$4 -> 8000
A5: Cambio JUNTA TAPON BLOQUE CILINDRO | B5: ='VALOR REPUESTOS'!$A$62 -> JT | C5: ='VALOR REPUESTOS'!$C$62 -> 3500 | D5: 1 | E5: =C5*D5 -> 3500 | F5: =$E$5 -> 3500 | G5: =$E$5 -> 3500 | H5: =$E$5 -> 3500 | I5: =$E$5 -> 3500
A6: Cambio Filtro de Aire | B6: ='VALOR REPUESTOS'!$A$63 -> FA | C6: ='VALOR REPUESTOS'!$C$63 -> 16000 | D6: 1 | E6: =C6*D6 -> 16000 | G6: =$E$6 -> 16000 | I6: =$E$6 -> 16000
A7: Cambio Filtro de Combustible | B7: ='VALOR REPUESTOS'!$A$64 -> FC | C7: ='VALOR REPUESTOS'!$C$64 -> 18000 | D7: 1 | E7: =C7*D7 -> 18000 | G7: =$E$7 -> 18000 | I7: =$E$7 -> 18000
A8: Cambio Filtro de Polen | B8: ='VALOR REPUESTOS'!$A$61 -> FP | C8: ='VALOR REPUESTOS'!$C$61 -> 16000 | D8: 1 | E8: =C8*D8 -> 16000 | G8: =$E$8 -> 16000 | I8: =$E$8 -> 16000
A9: Líquido Limpiaparabrisas Concentrado | B9: ='VALOR REPUESTOS'!$A$16 -> LLP | C9: ='VALOR REPUESTOS'!$C$16 -> 3500 | D9: 1 | E9: =C9*D9 -> 3500 | F9: =$E$9 -> 3500 | G9: =$E$9 -> 3500 | H9: =$E$9 -> 3500 | I9: =$E$9 -> 3500
A10: Kit de Distribución más bomba de agua | B10: ='VALOR REPUESTOS'!$A$65 -> KDISTRIB | C10: ='VALOR REPUESTOS'!$C$65 -> 180000 | D10: 1 | E10: =C10*D10 -> 180000 | I10: =$E$10 -> 180000
A11: kit Correa de accesorios | B11: ='VALOR REPUESTOS'!$A$59 -> CA | C11: ='VALOR REPUESTOS'!$C$59 -> 35000 | D11: 1 | E11: =C11*D11 -> 35000 | I11: =$E$11 -> 35000
A12: Litro de Refrigerante | B12: ='VALOR REPUESTOS'!$A$3 -> AL1C1 | C12: ='VALOR REPUESTOS'!$C$3 -> 6000 | D12: 5 | E12: =C12*D12 -> 30000 | I12: =$E$12 -> 30000
A13: Materiales e Insumos | B13: ='VALOR REPUESTOS'!$A$11 -> MATEI | C13: ='VALOR REPUESTOS'!$C$11 -> 10000 | D13: 1 | E13: =C13*D13 -> 10000 | F13: =$E$13 -> 10000 | G13: =$E$13 -> 10000 | H13: =$E$13 -> 10000 | I13: =$E$13 -> 10000
A14: MANO DE OBRA | B14: ='VALOR REPUESTOS'!$A$10 -> MO | C14: ='VALOR REPUESTOS'!$C$10 -> 38000 | F14: =C14*F17 -> 57000 | G14: =C14*G17 -> 95000 | H14: =C14*H17 -> 76000 | I14: =C14*I17 -> 190000
A15: TOTAL NETO | F15: =SUM(F3:F14) -> 122000 | G15: =SUM(G3:G14) -> 210000 | H15: =SUM(H3:H14) -> 141000 | I15: =SUM(I3:I14) -> 550000
A16: TOTAL BRUTO | F16: =F15*1.19 -> 145180 | G16: =G15*1.19 -> 249900 | H16: =H15*1.19 -> 167790 | I16: =I15*1.19 -> 654500
A17: HORAS DE TRABAJO | F17: 1.5 | G17: 2.5 | H17: 2 | I17: 5

Sheet Citroen C-ELYSEE
A1: Citroen C-ELYSEE | B1: CODIGO | C1: Valor Unitario | D1: CANTIDAD | E1: VALOR TOTAL | F1: 10-30. | G1: 20. | H1: 50-70-90 | I1: 40 | J1: 60-100 | K1: 80 c/dist
A2: Litro de Aceite de Motor | B2: ='VALOR REPUESTOS'!$A$12 -> A5W30 | C2: ='VALOR REPUESTOS'!$C$12 -> 8000 | D2: 4 | E2: =C2*D2 -> 32000 | F2: =$E$2 -> 32000 | G2: =$E$2 -> 32000 | H2: =$E$2 -> 32000 | I2: =$E$2 -> 32000 | J2: =$E$2 -> 32000 | K2: =$E$2 -> 32000
A3: Cambio Filtro de Aceite de Motor | B3: ='VALOR REPUESTOS'!$A$60 -> FM | C3: ='VALOR REPUESTOS'!$C$60 -> 8000 | D3: 1 | E3: =C3*D3 -> 8000 | F3: =$E$3 -> 8000 | G3: =$E$3 -> 8000 | H3: =$E$3 -> 8000 | I3: =$E$3 -> 8000 | J3: =$E$3 -> 8000 | K3: =$E$3 -> 8000
A4: Cambio golilla tapón del carter | B4: ='VALOR REPUESTOS'!$A$62 -> JT | C4: ='VALOR REPUESTOS'!$C$62 -> 3500 | D4: 1 | E4: =C4*D4 -> 3500 | F4: =$E$4 -> 3500 | G4: =$E$4 -> 3500 | H4: =$E$4 -> 3500 | I4: =$E$4 -> 3500 | J4: =$E$4 -> 3500 | K4: =$E$4 -> 3500
A5: Cambio Filtro de Aire | B5: ='VALOR REPUESTOS'!$A$63 -> FA | C5: ='VALOR REPUESTOS'!$C$63 -> 16000 | D5: 1 | E5: =C5*D5 -> 16000 | G5: =$E$5 -> 16000 | I5: =$E$5 -> 16000 | J5: =$E$5 -> 16000 | K5: =$E$5 -> 16000
A6: Cambio Filtro de Combustible | B6: ='VALOR REPUESTOS'!$A$64 -> FC | C6: ='VALOR REPUESTOS'!$C$64 -> 18000 | D6: 1 | E6: =C6*D6 -> 18000 | G6: =$E$6 -> 18000 | I6: =$E$6 -> 18000 | J6: =$E$6 -> 18000 | K6: =$E$6 -> 18000
A7: Cambio Filtro de Polen | B7: ='VALOR REPUESTOS'!$A$61 -> FP | C7: ='VALOR REPUESTOS'!$C$61 -> 16000 | D7: 1 | E7: =C7*D7 -> 16000 | G7: =$E$7 -> 16000 | I7: =$E$7 -> 16000 | J7: =$E$7 -> 16000 | K7: =$E$7 -> 16000
A8: Kit de Distribución más bomba de agua | B8: ='VALOR REPUESTOS'!$A$65 -> KDISTRIB | C8: ='VALOR REPUESTOS'!$C$65 -> 180000 | D8: 1 | E8: =C8*D8 -> 180000 | K8: =$E$8 -> 180000
A9: Líquido Limpiaparabrisas Concentrado | B9: ='VALOR REPUESTOS'!$A$16 -> LLP | C9: ='VALOR REPUESTOS'!$C$16 -> 3500 | D9: 1 | E9: =C9*D9 -> 3500 | F9: =$E$9 -> 3500 | G9: =$E$9 -> 3500 | H9: =$E$9 -> 3500 | I9: =$E$9 -> 3500 | J9: =$E$9 -> 3500 | K9: =$E$9 -> 3500
A10: kit Correa de accesorios | B10: ='VALOR REPUESTOS'!$A$59 -> CA | C10: ='VALOR REPUESTOS'!$C$59 -> 35000 | D10: 1 | E10: =C10*D10 -> 35000 | K10: =$E$10 -> 35000
A11: Litro de Refrigerante | B11: ='VALOR REPUESTOS'!$A$3 -> AL1C1 | C11: ='VALOR REPUESTOS'!$C$3 -> 6000 | D11: 5 | E11: =C11*D11 -> 30000 | K11: =$E$11 -> 30000
A12: Materiales e Insumos | B12: ='VALOR REPUESTOS'!$A$11 -> MATEI | C12: ='VALOR REPUESTOS'!$C$11 -> 10000 | D12: 1 | E12: =C12*D12 -> 10000 | F12: =$E$12 -> 10000 | G12: =$E$12 -> 10000 | H12: =$E$12 -> 10000 | I12: =$E$12 -> 10000 | J12: =$E$12 -> 10000 | K12: =$E$12 -> 10000
A13: MANO DE OBRA | B13: ='VALOR REPUESTOS'!$A$10 -> MO | C13: ='VALOR REPUESTOS'!$C$10 -> 38000 | F13: =C13*F16 -> 57000 | G13: =C13*G16 -> 95000 | H13: =C13*H16 -> 76000 | I13: =C13*I16 -> 95000 | J13: =C13*J16 -> 95000 | K13: =C13*K16 -> 190000
A14: TOTAL NETO | C14: - | F14: =SUM(F2:F13) -> 114000 | G14: =SUM(G2:G13) -> 202000 | H14: =SUM(H2:H13) -> 133000 | I14: =SUM(I2:I13) -> 202000 | J14: =SUM(J2:J13) -> 202000 | K14: =SUM(K2:K13) -> 542000
A15: TOTAL BRUTO | F15: =F14*1.19 -> 135660 | G15: =G14*1.19 -> 240380 | H15: =H14*1.19 -> 158270 | I15: =I14*1.19 -> 240380 | J15: =J14*1.19 -> 240380 | K15: =K14*1.19 -> 644980
A16: HORAS DE TRABAJO | F16: 1.5 | G16: 2.5 | H16: 2 | I16: 2.5 | J16: 2.5 | K16: 5

Sheet 4 RUNNER
A1: TOYOTA 4 RUNNER 4X4 LIMITED | B1: CODIGO | C1: Valor Unitario | D1: CANTIDAD | E1: VALOR TOTAL | F1: 10-50-70 | G1: 20 | H1: 40 | I1: 30-60-90 | J1: 80 | K1: 100
A2: Litro de Aceite de Motor | B2: ='VALOR REPUESTOS'!$A$12 -> A5W30 | C2: ='VALOR REPUESTOS'!$C$12 -> 8000 | D2: 6.2 | E2: =C2*D2 -> 49600 | F2: =$E$2 -> 49600 | G2: =$E$2 -> 49600 | H2: =$E$2 -> 49600 | I2: =$E$2 -> 49600 | J2: =$E$2 -> 49600 | K2: =$E$2 -> 49600
A3: Cambio Filtro de Aceite de Motor | B3: ='VALOR REPUESTOS'!$A$192 -> FM | C3: ='VALOR REPUESTOS'!$C$192 -> 16000 | D3: 1 | E3: =C3*D3 -> 16000 | F3: =$E$3 -> 16000 | G3: =$E$3 -> 16000 | H3: =$E$3 -> 16000 | I3: =$E$3 -> 16000 | J3: =$E$3 -> 16000 | K3: =$E$3 -> 16000
A4: Cambio golilla tapón del carter | B4: ='VALOR REPUESTOS'!$A$17 -> GTC | C4: ='VALOR REPUESTOS'!$C$17 -> 3500 | D4: 1 | E4: =C4*D4 -> 3500 | F4: =$E$4 -> 3500 | G4: =$E$4 -> 3500 | H4: =$E$4 -> 3500 | I4: =$E$4 -> 3500 | J4: =$E$4 -> 3500 | K4: =$E$4 -> 3500
A5: Cambio Filtro de Aire | B5: ='VALOR REPUESTOS'!$A$193 -> FA | C5: ='VALOR REPUESTOS'!$C$193 -> 23000 | D5: 1 | E5: =C5*D5 -> 23000 | G5: =$E$5 -> 23000 | H5: =$E$5 -> 23000 | J5: =$E$5 -> 23000 | K5: =$E$5 -> 23000
A6: Cambio Filtro de Polen | B6: ='VALOR REPUESTOS'!$A$194 -> FP | C6: ='VALOR REPUESTOS'!$C$194 -> 23000 | D6: 1 | E6: =C6*D6 -> 23000 | G6: =$E$6 -> 23000 | H6: =$E$6 -> 23000 | J6: =$E$6 -> 23000 | K6: =$E$6 -> 23000
A7: Cambio Filtro de Combustible | B7: ='VALOR REPUESTOS'!$A$195 -> FCOMB | C7: ='VALOR REPUESTOS'!$C$195 -> 30000 | D7: 1 | E7: =C7*D7 -> 30000 | I7: =$E$7 -> 30000
A8: Litro de Aceite Diferencial Delantero | B8: ='VALOR REPUESTOS'!$A$6 -> 80W90 | C8: ='VALOR REPUESTOS'!$C$6 -> 10500 | D8: 1.5 | E8: =C8*D8 -> 15750 | H8: =$E$8 -> 15750 | J8: =$E$8 -> 15750
A9: Litro de Aceite Diferencial Trasero | B9: ='VALOR REPUESTOS'!$A$5 -> 80W90LS | C9: ='VALOR REPUESTOS'!$C$5 -> 10500 | D9: 2.7 | E9: =C9*D9 -> 28350 | H9: =$E$9 -> 28350 | J9: =$E$9 -> 28350 | L9: ACEITE AUTOMATICA NO SE CAMBIA
A10: Líquido Limpiaparabrisas Concentrado | B10: ='VALOR REPUESTOS'!$A$16 -> LLP | C10: ='VALOR REPUESTOS'!$C$16 -> 3500 | D10: 1 | E10: =C10*D10 -> 3500 | F10: =$E$10 -> 3500 | G10: =$E$10 -> 3500 | H10: =$E$10 -> 3500 | I10: =$E$10 -> 3500 | J10: =$E$10 -> 3500 | K10: =$E$10 -> 3500
A11: Litro Aceite de Transferencia | B11: ='VALOR REPUESTOS'!$A$7 -> A75W90 | C11: ='VALOR REPUESTOS'!$C$7 -> 12000 | D11: 1.5 | E11: =C11*D11 -> 18000 | H11: =$E$11 -> 18000 | J11: =$E$11 -> 18000
A12: Bujías | B12: ='VALOR REPUESTOS'!$A$196 -> BUJ | C12: ='VALOR REPUESTOS'!$C$196 -> 25000 | D12: 6 | E12: =C12*D12 -> 150000
A13: Litro Liquido de Freno | B13: ='VALOR REPUESTOS'!$A$9 -> AL3C1F | C13: ='VALOR REPUESTOS'!$C$9 -> 6800 | D13: 1 | E13: =C13*D13 -> 6800 | H13: =$E$13 -> 6800 | J13: =$E$13 -> 6800
A14: Materiales e Insumos | B14: ='VALOR REPUESTOS'!$A$11 -> MATEI | C14: ='VALOR REPUESTOS'!$C$11 -> 10000 | D14: 1 | E14: =C14*D14 -> 10000 | F14: =$E$14 -> 10000 | G14: =$E$14 -> 10000 | H14: =$E$14 -> 10000 | I14: =$E$14 -> 10000 | J14: =$E$14 -> 10000 | K14: =$E$14 -> 10000
A15: MANO DE OBRA | B15: ='VALOR REPUESTOS'!$A$10 -> MO | C15: ='VALOR REPUESTOS'!$C$10 -> 38000 | F15: =C15*F18 -> 76000 | G15: =C15*G18 -> 95000 | H15: =C15*H18 -> 114000 | I15: =C15*I18 -> 95000 | J15: =C15*J18 -> 114000 | K15: =C15*K18 -> 95000
A16: TOTAL NETO | C16: - | F16: =SUM(F2:F15) -> 158600 | G16: =SUM(G2:G15) -> 223600 | H16: =SUM(H2:H15) -> 311500 | I16: =SUM(I2:I15) -> 207600 | J16: =SUM(J2:J15) -> 311500 | K16: =SUM(K2:K15) -> 223600
A17: TOTAL BRUTO | F17: =F16*1.19 -> 188734 | G17: =G16*1.19 -> 266084 | H17: =H16*1.19 -> 370685 | I17: =I16*1.19 -> 247044 | J17: =J16*1.19 -> 370685 | K17: =K16*1.19 -> 266084
A18: HORAS DE TRABAJO | F18: 2 | G18: 2.5 | H18: 3 | I18: 2.5 | J18: 3 | K18: 2.5

Sheet MUSSO
G1: 4x2 | H1: 4x4 | J1: 4x2 | K1: 4x4 | L1: 4x2 | M1: 4x4
A2: MUSSO D22DTR 4X2 Y 4X4 | B2: CODIGO | C2: Valor Unitario | D2: CANTIDAD | E2: VALOR TOTAL | F2: 15-75-105 | G2: 30 | H2: 30 | I2: 45 | J2: 60 | K2: 60 | L2: 90 | M2: 90
A3: Litro de Aceite de Motor | B3: ='VALOR REPUESTOS'!$A$12 -> A5W30 | C3: ='VALOR REPUESTOS'!$C$12 -> 8000 | D3: 6 | E3: =C3*D3 -> 48000 | F3: =$E$3 -> 48000 | G3: =$E$3 -> 48000 | H3: =$E$3 -> 48000 | I3: =$E$3 -> 48000 | J3: =$E$3 -> 48000 | K3: =$E$3 -> 48000 | L3: =$E$3 -> 48000 | M3: =$E$3 -> 48000
A4: Cambio Filtro de Aceite de Motor | B4: ='VALOR REPUESTOS'!$A$84 -> FM | C4: ='VALOR REPUESTOS'!$C$84 -> 13000 | D4: 1 | E4: =C4*D4 -> 13000 | F4: =$E$4 -> 13000 | G4: =$E$4 -> 13000 | H4: =$E$4 -> 13000 | I4: =$E$4 -> 13000 | J4: =$E$4 -> 13000 | K4: =$E$4 -> 13000 | L4: =$E$4 -> 13000 | M4: =$E$4 -> 13000
A5: Cambio golilla tapón del carter | B5: ='VALOR REPUESTOS'!$A$17 -> GTC | C5: ='VALOR REPUESTOS'!$C$17 -> 3500 | D5: 1 | E5: =C5*D5 -> 3500 | F5: =$E$5 -> 3500 | G5: =$E$5 -> 3500 | H5: =$E$5 -> 3500 | I5: =$E$5 -> 3500 | J5: =$E$5 -> 3500 | K5: =$E$5 -> 3500 | L5: =$E$5 -> 3500 | M5: =$E$5 -> 3500
A6: Cambio Filtro de Aire | B6: ='VALOR REPUESTOS'!$A$86 -> FA | C6: ='VALOR REPUESTOS'!$C$86 -> 23000 | D6: 1 | E6: =C6*D6 -> 23000 | F6: =$E$6 -> 23000 | G6: =$E$6 -> 23000 | H6: =$E$6 -> 23000 | I6: =$E$6 -> 23000 | J6: =$E$6 -> 23000 | K6: =$E$6 -> 23000 | L6: =$E$6 -> 23000 | M6: =$E$6 -> 23000
A7: Cambio Filtro de Combustible | B7: ='VALOR REPUESTOS'!$A$87 -> FC | C7: ='VALOR REPUESTOS'!$C$87 -> 20000 | D7: 1 | E7: =C7*D7 -> 20000 | I7: =$E$7 -> 20000 | L7: =$E$7 -> 20000 | M7: =$E$7 -> 20000
A8: Cambio Filtro de Polen | B8: ='VALOR REPUESTOS'!$A$85 -> FP | C8: ='VALOR REPUESTOS'!$C$85 -> 23000 | D8: 1 | E8: =C8*D8 -> 23000 | G8: =$E$8 -> 23000 | H8: =$E$8 -> 23000 | J8: =$E$8 -> 23000 | K8: =$E$8 -> 23000 | L8: =$E$8 -> 23000 | M8: =$E$8 -> 23000
A9: Litro de Aceite Diferencial Delantero | B9: ='VALOR REPUESTOS'!$A$6 -> 80W90 | C9: ='VALOR REPUESTOS'!$C$6 -> 10500 | D9: 1.4 | E9: =C9*D9 -> 14700 | K9: =$E$9 -> 14700
A10: Litro de Aceite Diferencial Trasero | B10: ='VALOR REPUESTOS'!$A$5 -> 80W90LS | C10: ='VALOR REPUESTOS'!$C$5 -> 10500 | D10: 1.8 | E10: =C10*D10 -> 18900 | J10: =$E$10 -> 18900 | K10: =$E$10 -> 18900
A11: Litro Aceite de Transferencia | B11: ='VALOR REPUESTOS'!$A$7 -> A75W90 | C11: ='VALOR REPUESTOS'!$C$7 -> 12000 | D11: 1.4 | E11: =C11*D11 -> 16800 | K11: =$E$11 -> 16800
A12: Líquido Limpiaparabrisas Concentrado | B12: ='VALOR REPUESTOS'!$A$16 -> LLP | C12: ='VALOR REPUESTOS'!$C$16 -> 3500 | D12: 1 | E12: =C12*D12 -> 3500 | F12: =$E$12 -> 3500 | G12: =$E$12 -> 3500 | H12: =$E$12 -> 3500 | I12: =$E$12 -> 3500 | J12: =$E$12 -> 3500 | K12: =$E$12 -> 3500 | L12: =$E$12 -> 3500 | M12: =$E$12 -> 3500
A13: Litro Aceite Caja de Cambios Transmisión Mecánica | B13: ='VALOR REPUESTOS'!$A$8 -> 75W90 | C13: ='VALOR REPUESTOS'!$C$8 -> 12000 | D13: 2.2 | E13: =C13*D13 -> 26400 | J13: =$E$13 -> 26400 | K13: =$E$13 -> 26400
A14: Litro Liquido de Freno | B14: ='VALOR REPUESTOS'!$A$9 -> AL3C1F | C14: ='VALOR REPUESTOS'!$C$9 -> 6800 | D14: 1 | E14: =C14*D14 -> 6800 | I14: =$E$14 -> 6800 | L14: =$E$14 -> 6800 | M14: =$E$14 -> 6800
A15: Refrigerante | B15: ='VALOR REPUESTOS'!$A$3 -> AL1C1 | C15: ='VALOR REPUESTOS'!$C$3 -> 6000 | D15: 5 | E15: =C15*D15 -> 30000
A16: Materiales e Insumos | B16: ='VALOR REPUESTOS'!$A$11 -> MATEI | C16: ='VALOR REPUESTOS'!$C$11 -> 10000 | D16: 1 | E16: =C16*D16 -> 10000 | F16: =$E$16 -> 10000 | G16: =$E$16 -> 10000 | H16: =$E$16 -> 10000 | I16: =$E$16 -> 10000 | J16: =$E$16 -> 10000 | K16: =$E$16 -> 10000 | L16: =$E$16 -> 10000 | M16: =$E$16 -> 10000
A17: MANO DE OBRA | B17: ='VALOR REPUESTOS'!$A$10 -> MO | C17: ='VALOR REPUESTOS'!$C$10 -> 38000 | F17: =C17*F20 -> 76000 | G17: =C17*G20 -> 76000 | H17: =C17*H20 -> 76000 | I17: =C17*I20 -> 95000 | J17: =C17*J20 -> 114000 | K17: =C17*K20 -> 114000 | L17: =C17*L20 -> 95000 | M17: =C17*M20 -> 95000
A18: TOTAL NETO | F18: =SUM(F3:F17) -> 177000 | G18: =SUM(G3:G17) -> 200000 | H18: =SUM(H3:H17) -> 200000 | I18: =SUM(I3:I17) -> 222800 | J18: =SUM(J3:J17) -> 283300 | K18: =SUM(K3:K17) -> 314800 | L18: =SUM(L3:L17) -> 245800 | M18: =SUM(M3:M17) -> 245800
A19: TOTAL BRUTO | F19: =F18*1.19 -> 210630 | G19: =G18*1.19 -> 238000 | H19: =H18*1.19 -> 238000 | I19: =I18*1.19 -> 265132 | J19: =J18*1.19 -> 337127 | K19: =K18*1.19 -> 374612 | L19: =L18*1.19 -> 292502 | M19: =M18*1.19 -> 292502
A20: HORAS DE TRABAJO | F20: 2 | G20: 2 | H20: 2 | I20: 2.5 | J20: 3 | K20: 3 | L20: 2.5 | M20: 2.5

Sheet 5008
A1: PARTNER 5008 | B1: CODIGO | C1: Valor Unitario | D1: CANTIDAD | E1: VALOR TOTAL | F1: 10-30. | G1: 20. | H1: 50-70-90 | I1: 40 | J1: 60-100 | K1: 80 c/dist
A2: Litro de Aceite de Motor | B2: ='VALOR REPUESTOS'!$A$12 -> A5W30 | C2: ='VALOR REPUESTOS'!$C$12 -> 8000 | D2: 4 | E2: =C2*D2 -> 32000 | F2: =$E$2 -> 32000 | G2: =$E$2 -> 32000 | H2: =$E$2 -> 32000 | I2: =$E$2 -> 32000 | J2: =$E$2 -> 32000 | K2: =$E$2 -> 32000
A3: Cambio Filtro de Aceite de Motor | B3: ='VALOR REPUESTOS'!$A$60 -> FM | C3: ='VALOR REPUESTOS'!$C$60 -> 8000 | D3: 1 | E3: =C3*D3 -> 8000 | F3: =$E$3 -> 8000 | G3: =$E$3 -> 8000 | H3: =$E$3 -> 8000 | I3: =$E$3 -> 8000 | J3: =$E$3 -> 8000 | K3: =$E$3 -> 8000
A4: Cambio golilla tapón del carter | B4: ='VALOR REPUESTOS'!$A$62 -> JT | C4: ='VALOR REPUESTOS'!$C$62 -> 3500 | D4: 1 | E4: =C4*D4 -> 3500 | F4: =$E$4 -> 3500 | G4: =$E$4 -> 3500 | H4: =$E$4 -> 3500 | I4: =$E$4 -> 3500 | J4: =$E$4 -> 3500 | K4: =$E$4 -> 3500
A5: Cambio Filtro de Aire | B5: ='VALOR REPUESTOS'!$A$63 -> FA | C5: ='VALOR REPUESTOS'!$C$63 -> 16000 | D5: 1 | E5: =C5*D5 -> 16000 | G5: =$E$5 -> 16000 | I5: =$E$5 -> 16000 | J5: =$E$5 -> 16000 | K5: =$E$5 -> 16000
A6: Cambio Filtro de Combustible | B6: ='VALOR REPUESTOS'!$A$64 -> FC | C6: ='VALOR REPUESTOS'!$C$64 -> 18000 | D6: 1 | E6: =C6*D6 -> 18000 | G6: =$E$6 -> 18000 | I6: =$E$6 -> 18000 | J6: =$E$6 -> 18000 | K6: =$E$6 -> 18000
A7: Cambio Filtro de Polen | B7: ='VALOR REPUESTOS'!$A$61 -> FP | C7: ='VALOR REPUESTOS'!$C$61 -> 16000 | D7: 1 | E7: =C7*D7 -> 16000 | G7: =$E$7 -> 16000 | I7: =$E$7 -> 16000 | J7: =$E$7 -> 16000 | K7: =$E$7 -> 16000
A8: Kit de Distribución más bomba de agua | B8: ='VALOR REPUESTOS'!$A$65 -> KDISTRIB | C8: ='VALOR REPUESTOS'!$C$65 -> 180000 | D8: 1 | E8: =C8*D8 -> 180000 | K8: =$E$8 -> 180000
A9: Líquido Limpiaparabrisas Concentrado | B9: ='VALOR REPUESTOS'!$A$16 -> LLP | C9: ='VALOR REPUESTOS'!$C$16 -> 3500 | D9: 1 | E9: =C9*D9 -> 3500 | F9: =$E$9 -> 3500 | G9: =$E$9 -> 3500 | H9: =$E$9 -> 3500 | I9: =$E$9 -> 3500 | J9: =$E$9 -> 3500 | K9: =$E$9 -> 3500
A10: Litro Liquido de Freno | B10: ='VALOR REPUESTOS'!$A$9 -> AL3C1F | C10: ='VALOR REPUESTOS'!$C$9 -> 6800 | D10: 1 | E10: =C10*D10 -> 6800 | K10: =$E$10 -> 6800
A11: kit Correa de accesorios | B11: ='VALOR REPUESTOS'!$A$59 -> CA | C11: ='VALOR REPUESTOS'!$C$59 -> 35000 | D11: 1 | E11: =C11*D11 -> 35000 | K11: =$E$11 -> 35000
A12: Litro de Refrigerante | B12: ='VALOR REPUESTOS'!$A$3 -> AL1C1 | C12: ='VALOR REPUESTOS'!$C$3 -> 6000 | D12: 5 | E12: =C12*D12 -> 30000 | K12: =$E$12 -> 30000
A13: Materiales e Insumos | B13: ='VALOR REPUESTOS'!$A$11 -> MATEI | C13: ='VALOR REPUESTOS'!$C$11 -> 10000 | D13: 1 | E13: =C13*D13 -> 10000 | F13: =$E$13 -> 10000 | G13: =$E$13 -> 10000 | H13: =$E$13 -> 10000 | I13: =$E$13 -> 10000 | J13: =$E$13 -> 10000 | K13: =$E$13 -> 10000
A14: MANO DE OBRA | B14: ='VALOR REPUESTOS'!$A$10 -> MO | C14: ='VALOR REPUESTOS'!$C$10 -> 38000 | F14: =C14*F17 -> 57000 | G14: =C14*G17 -> 95000 | H14: =C14*H17 -> 76000 | I14: =C14*I17 -> 95000 | J14: =C14*J17 -> 95000 | K14: =C14*K17 -> 190000
A15: TOTAL NETO | F15: =SUM(F2:F14) -> 114000 | G15: =SUM(G2:G14) -> 202000 | H15: =SUM(H2:H14) -> 133000 | I15: =SUM(I2:I14) -> 202000 | J15: =SUM(J2:J14) -> 202000 | K15: =SUM(K2:K14) -> 548800
A16: TOTAL BRUTO | F16: =F15*1.19 -> 135660 | G16: =G15*1.19 -> 240380 | H16: =H15*1.19 -> 158270 | I16: =I15*1.19 -> 240380 | J16: =J15*1.19 -> 240380 | K16: =K15*1.19 -> 653072
A17: HORAS DE TRABAJO | F17: 1.5 | G17: 2.5 | H17: 2 | I17: 2.5 | J17: 2.5 | K17: 5

Sheet PARTNER-BERLINGO
A1: PAUTA EXCLUSIVA, DADAPARA ESTE VEHICULO
A3: PARTNER K9 VU (Partner L1 BlueHDi 100) -BERLINGO 1.5 | B3: CODIGO | C3: Valor Unitario | D3: CANTIDAD | E3: VALOR TOTAL | F3: 10-30. | G3: 20-40-60-100 | H3: 50-70-90 | I3: 80 c/dist
A4: Litro de Aceite de Motor | B4: ='VALOR REPUESTOS'!$A$12 -> A5W30 | C4: ='VALOR REPUESTOS'!$C$12 -> 8000 | D4: 5 | E4: =C4*D4 -> 40000 | F4: =$E$4 -> 40000 | G4: =$E$4 -> 40000 | H4: =$E$4 -> 40000 | I4: =$E$4 -> 40000
A5: Cambio Filtro de Aceite de Motor | B5: ='VALOR REPUESTOS'!$A$60 -> FM | C5: ='VALOR REPUESTOS'!$C$60 -> 8000 | D5: 1 | E5: =C5*D5 -> 8000 | F5: =$E$5 -> 8000 | G5: =$E$5 -> 8000 | H5: =$E$5 -> 8000 | I5: =$E$5 -> 8000
A6: Cambio JUNTA TAPON BLOQUE CILINDRO | B6: ='VALOR REPUESTOS'!$A$62 -> JT | C6: ='VALOR REPUESTOS'!$C$62 -> 3500 | D6: 1 | E6: =C6*D6 -> 3500 | F6: =$E$6 -> 3500 | G6: =$E$6 -> 3500 | H6: =$E$6 -> 3500 | I6: =$E$6 -> 3500
A7: Cambio Filtro de Aire | B7: ='VALOR REPUESTOS'!$A$63 -> FA | C7: ='VALOR REPUESTOS'!$C$63 -> 16000 | D7: 1 | E7: =C7*D7 -> 16000 | G7: =$E$7 -> 16000 | I7: =$E$7 -> 16000
A8: Cambio Filtro de Combustible | B8: ='VALOR REPUESTOS'!$A$64 -> FC | C8: ='VALOR REPUESTOS'!$C$64 -> 18000 | D8: 1 | E8: =C8*D8 -> 18000 | G8: =$E$8 -> 18000 | I8: =$E$8 -> 18000
A9: Cambio Filtro de Polen | B9: ='VALOR REPUESTOS'!$A$61 -> FP | C9: ='VALOR REPUESTOS'!$C$61 -> 16000 | D9: 1 | E9: =C9*D9 -> 16000 | G9: =$E$9 -> 16000 | I9: =$E$9 -> 16000
A10: Líquido Limpiaparabrisas Concentrado | B10: ='VALOR REPUESTOS'!$A$16 -> LLP | C10: ='VALOR REPUESTOS'!$C$16 -> 3500 | D10: 1 | E10: =C10*D10 -> 3500 | F10: =$E$10 -> 3500 | G10: =$E$10 -> 3500 | H10: =$E$10 -> 3500 | I10: =$E$10 -> 3500
A11: Kit de Distribución más bomba de agua | B11: ='VALOR REPUESTOS'!$A$65 -> KDISTRIB | C11: ='VALOR REPUESTOS'!$C$65 -> 180000 | D11: 1 | E11: =C11*D11 -> 180000 | I11: =$E$11 -> 180000
A12: kit Correa de accesorios | B12: ='VALOR REPUESTOS'!$A$59 -> CA | C12: ='VALOR REPUESTOS'!$C$59 -> 35000 | D12: 1 | E12: =C12*D12 -> 35000 | I12: =$E$12 -> 35000
A13: Litro de Refrigerante | B13: ='VALOR REPUESTOS'!$A$3 -> AL1C1 | C13: ='VALOR REPUESTOS'!$C$3 -> 6000 | D13: 5 | E13: =C13*D13 -> 30000 | I13: =$E$13 -> 30000
A14: Materiales e Insumos | B14: ='VALOR REPUESTOS'!$A$11 -> MATEI | C14: ='VALOR REPUESTOS'!$C$11 -> 10000 | D14: 1 | E14: =C14*D14 -> 10000 | F14: =$E$14 -> 10000 | G14: =$E$14 -> 10000 | H14: =$E$14 -> 10000 | I14: =$E$14 -> 10000 | J14: 15000
A15: MANO DE OBRA | B15: ='VALOR REPUESTOS'!$A$10 -> MO | C15: ='VALOR REPUESTOS'!$C$10 -> 38000 | F15: =C15*F18 -> 57000 | G15: =C15*G18 -> 95000 | H15: =C15*H18 -> 76000 | I15: =C15*I18 -> 190000
A16: TOTAL NETO | C16: - | F16: =SUM(F4:F15) -> 122000 | G16: =SUM(G4:G15) -> 210000 | H16: =SUM(H4:H15) -> 141000 | I16: =SUM(I4:I15) -> 550000 | J16: 92800
A17: TOTAL BRUTO | F17: =F16*1.19 -> 145180 | G17: =G16*1.19 -> 249900 | H17: =H16*1.19 -> 167790 | I17: =I16*1.19 -> 654500 | J17: 230000
A18: HORAS DE TRABAJO | F18: 1.5 | G18: 2.5 | H18: 2 | I18: 5
F19: hh multimarca | G19: 29-35 hh
A21: OTRAS PARTNER DISTINTAS DE LA DEFINIDA EN LÍNEA 24, INFORMACION DADA POR SAMUEL, REVISAR CUANDO USAR CORRECTAMENTE CON SAMUEL
A23: PARTNER (TODAS INCLUYENDO PARTNER (L1PT HDI 92, L1 HDI 92, L2 HDI 92) PARTNER B9 ( L1 HDI 90)-NEW PARTNER-PARTNER ANTIGUA) 1.6 | B23: CODIGO | C23: Valor Unitario | D23: CANTIDAD | E23: VALOR TOTAL | F23: 10-30- | G23: 20-40-60-100 | H23: 50-70-90 | I23: 80 c/dist
A24: Litro de Aceite de Motor | B24: ='VALOR REPUESTOS'!$A$12 -> A5W30 | C24: ='VALOR REPUESTOS'!$C$12 -> 8000 | D24: 4 | E24: =C24*D24 -> 32000 | F24: =$E$24 -> 32000 | G24: =$E$24 -> 32000 | H24: =$E$24 -> 32000 | I24: =$E$24 -> 32000
A25: Cambio Filtro de Aceite de Motor | B25: ='VALOR REPUESTOS'!$A$60 -> FM | C25: ='VALOR REPUESTOS'!$C$60 -> 8000 | D25: 1 | E25: =C25*D25 -> 8000 | F25: =$E$25 -> 8000 | G25: =$E$25 -> 8000 | H25: =$E$25 -> 8000 | I25: =$E$25 -> 8000
A26: Cambio JUNTA TAPON BLOQUE CILINDRO | B26: ='VALOR REPUESTOS'!$A$62 -> JT | C26: ='VALOR REPUESTOS'!$C$62 -> 3500 | D26: 1 | E26: =C26*D26 -> 3500 | F26: =$E$26 -> 3500 | G26: =$E$26 -> 3500 | H26: =$E$26 -> 3500 | I26: =$E$26 -> 3500
A27: Cambio Filtro de Aire | B27: ='VALOR REPUESTOS'!$A$63 -> FA | C27: ='VALOR REPUESTOS'!$C$63 -> 16000 | D27: 1 | E27: =C27*D27 -> 16000 | G27: =$E$27 -> 16000 | I27: =$E$27 -> 16000
A28: Cambio Filtro de Combustible | B28: ='VALOR REPUESTOS'!$A$64 -> FC | C28: ='VALOR REPUESTOS'!$C$64 -> 18000 | D28: 1 | E28: =C28*D28 -> 18000 | G28: =$E$28 -> 18000 | I28: =$E$28 -> 18000
A29: Cambio Filtro de Polen | B29: ='VALOR REPUESTOS'!$A$61 -> FP | C29: ='VALOR REPUESTOS'!$C$61 -> 16000 | D29: 1 | E29: =C29*D29 -> 16000 | G29: =$E$29 -> 16000 | I29: =$E$29 -> 16000
A30: Líquido Limpiaparabrisas Concentrado | B30: ='VALOR REPUESTOS'!$A$16 -> LLP | C30: ='VALOR REPUESTOS'!$C$16 -> 3500 | D30: 1 | E30: =C30*D30 -> 3500 | F30: =$E$30 -> 3500 | G30: =$E$30 -> 3500 | H30: =$E$30 -> 3500 | I30: =$E$30 -> 3500
A31: Kit de Distribución más bomba de agua | B31: ='VALOR REPUESTOS'!$A$65 -> KDISTRIB | C31: ='VALOR REPUESTOS'!$C$65 -> 180000 | D31: 1 | E31: =C31*D31 -> 180000 | I31: =$E$31 -> 180000
A32: kit Correa de accesorios | B32: ='VALOR REPUESTOS'!$A$59 -> CA | C32: ='VALOR REPUESTOS'!$C$59 -> 35000 | D32: 1 | E32: =C32*D32 -> 35000 | I32: =$E$32 -> 35000
A33: Litro de Refrigerante | B33: ='VALOR REPUESTOS'!$A$3 -> AL1C1 | C33: ='VALOR REPUESTOS'!$C$3 -> 6000 | D33: 5 | E33: =C33*D33 -> 30000 | I33: =$E$33 -> 30000
A34: Materiales e Insumos | B34: ='VALOR REPUESTOS'!$A$11 -> MATEI | C34: ='VALOR REPUESTOS'!$C$11 -> 10000 | D34: 1 | E34: =C34*D34 -> 10000 | F34: =$E$34 -> 10000 | G34: =$E$34 -> 10000 | H34: =$E$34 -> 10000 | I34: =$E$34 -> 10000 | J34: CHILLAN
A35: MANO DE OBRA | B35: ='VALOR REPUESTOS'!$A$10 -> MO | C35: ='VALOR REPUESTOS'!$C$10 -> 38000 | F35: =C35*F38 -> 57000 | G35: =C35*G38 -> 95000 | H35: =C35*H38 -> 76000 | I35: =C35*I38 -> 190000 | J35: 92800
A36: TOTAL NETO | C36: - | F36: =SUM(F24:F35) -> 114000 | G36: =SUM(G24:G35) -> 202000 | H36: =SUM(H24:H35) -> 133000 | I36: =SUM(I24:I35) -> 542000 | J36: 230000
A37: TOTAL BRUTO | F37: =F36*1.19 -> 135660 | G37: =G36*1.19 -> 240380 | H37: =H36*1.19 -> 158270 | I37: =I36*1.19 -> 644980
A38: HORAS DE TRABAJO | F38: 1.5 | G38: 2.5 | H38: 2 | I38: 5

Sheet RESUMEN
A1: DISTRIBUCION | B1: VALORES NETOS DE MANTENCION MODELO | C1: 10 | D1: 20 | E1: 30 | F1: 40 | G1: 50 | H1: 60 | I1: 70 | J1: 80 | K1: 90 | L1: 100
B2: HYUNDAI CRETA BENCINERA | C2: =CRETA!$F$13 -> 137000 | D2: =CRETA!$G$13 -> 156000 | E2: =CRETA!$F$13 -> 137000 | F2: =CRETA!$H$13 -> 177000 | G2: =CRETA!$G$13 -> 156000 | H2: =CRETA!$I$13 -> 200000 | I2: =CRETA!$G$13 -> 156000 | J2: =CRETA!$H$13 -> 177000 | K2: =CRETA!$J$13 -> 181000 | L2: =CRETA!$K$13 -> 175000
A3: 240000 | B3: CHEVROLET MONTANA 1.2 | C3: ='MONTANA Y TRACKER'!$F$12 -> 116000 | D3: ='MONTANA Y TRACKER'!$G$12 -> 165000 | E3: ='MONTANA Y TRACKER'!$H$12 -> 160800 | F3: ='MONTANA Y TRACKER'!$J$12 -> 184000 | G3: ='MONTANA Y TRACKER'!$I$12 -> 135000 | H3: ='MONTANA Y TRACKER'!$K$12 -> 190800 | I3: ='MONTANA Y TRACKER'!$I$12 -> 135000 | J3: ='MONTANA Y TRACKER'!$L$12 -> 259000 | K3: ='MONTANA Y TRACKER'!$H$12 -> 160800 | L3: ='MONTANA Y TRACKER'!$G$12 -> 165000
B4: NISSAN VERSA | C4: =VERSA!$F$12 -> 134000 | D4: =VERSA!$G$12 -> 168000 | E4: =VERSA!$F$12 -> 134000 | F4: =VERSA!$H$12 -> 183000 | G4: =VERSA!$I$12 -> 153000 | H4: =VERSA!$G$12 -> 168000 | I4: =VERSA!$I$12 -> 153000 | J4: =VERSA!$H$12 -> 183000 | K4: =VERSA!$I$12 -> 153000 | L4: =VERSA!$J$12 -> 253800
B5: NEW TOYOTA COROLLA CROSS CVT 2.0 AUT | C5: ='COROLLA CROSS'!$F$11 -> 134500 | D5: ='COROLLA CROSS'!$G$11 -> 170500 | E5: ='COROLLA CROSS'!$F$11 -> 134500 | F5: ='COROLLA CROSS'!$H$11 -> 194300 | G5: ='COROLLA CROSS'!$I$11 -> 153500 | H5: ='COROLLA CROSS'!$G$11 -> 170500 | I5: ='COROLLA CROSS'!$I$11 -> 153500 | J5: ='COROLLA CROSS'!$H$11 -> 194300 | K5: ='COROLLA CROSS'!$I$11 -> 153500 | L5: ='COROLLA CROSS'!$J$11 -> 170500
A6: 60000 CORREA Y TENSOR SIN BOMBA | B6: LANDTREK HDI 150 4x2 | C6: =LANDTREK!$F$14 -> 161500 | D6: =LANDTREK!$G$14 -> 248500 | E6: =LANDTREK!$F$14 -> 161500 | F6: =LANDTREK!$I$14 -> 248500 | G6: =LANDTREK!$F$14 -> 161500 | H6: =LANDTREK!$H$14 -> 611500 | I6: =LANDTREK!$F$14 -> 161500 | J6: =LANDTREK!$I$14 -> 248500 | K6: =LANDTREK!$F$14 -> 161500 | L6: =LANDTREK!$G$14 -> 248500
A7: 60001 CORREA Y TENSOR SIN BOMBA | B7: LANDTREK HDI 150 4x4 | C7: =LANDTREK!$F$32 -> 161500 | D7: =LANDTREK!$G$32 -> 248500 | E7: =LANDTREK!$F$32 -> 161500 | F7: =LANDTREK!$I$32 -> 299000 | G7: =LANDTREK!$F$32 -> 161500 | H7: =LANDTREK!$H$32 -> 611500 | I7: =LANDTREK!$F$32 -> 161500 | J7: =LANDTREK!$I$32 -> 299000 | K7: =LANDTREK!$F$32 -> 161500 | L7: =LANDTREK!$G$32 -> 248500
B8: TOYOTA 4 RUNNER 4X4 LIMITED | C8: ='4 RUNNER'!$F$16 -> 158600 | D8: ='4 RUNNER'!$G$16 -> 223600 | E8: ='4 RUNNER'!$I$16 -> 207600 | F8: ='4 RUNNER'!$H$16 -> 311500 | G8: ='4 RUNNER'!$F$16 -> 158600 | H8: ='4 RUNNER'!$I$16 -> 207600 | I8: ='4 RUNNER'!$F$16 -> 158600 | J8: ='4 RUNNER'!$J$16 -> 311500 | K8: ='4 RUNNER'!$I$16 -> 207600 | L8: ='4 RUNNER'!$K$16 -> 223600
B9: CHEVROLET SAIL 1.5 | C9: =SAIL!$F$15 -> 117000 | D9: =SAIL!$G$15 -> 213000 | E9: =SAIL!$H$15 -> 215000 | F9: =SAIL!$K$15 -> 213000 | G9: =SAIL!$I$15 -> 136000 | H9: =SAIL!$J$15 -> 292000 | I9: =SAIL!$I$15 -> 136000 | J9: =SAIL!$K$15 -> 213000 | K9: =SAIL!$H$15 -> 215000 | L9: =SAIL!$L$15 -> 213000
B10: MAZDA CX5 | C10: ='CX-5'!$F$14 -> 126500 | D10: ='CX-5'!$G$14 -> 165500 | E10: ='CX-5'!$F$14 -> 126500 | F10: ='CX-5'!$I$14 -> 191300 | G10: ='CX-5'!$H$14 -> 145500 | H10: ='CX-5'!$J$14 -> 282500 | I10: ='CX-5'!$H$14 -> 145500 | J10: ='CX-5'!$I$14 -> 191300 | K10: ='CX-5'!$K$14 -> 145500 | L10: ='CX-5'!$L$14 -> 335500
B11: NQR CHASSIS CABINA NQR 919_E5 ABS | C11: =NQR!$F$19 -> 263000 | D11: =NQR!$F$19 -> 263000 | E11: =NQR!$G$19 -> 322000 | F11: =NQR!$H$19 -> 431750 | G11: =NQR!$I$19 -> 472400 | H11: =NQR!$G$19 -> 322000 | I11: =NQR!$F$19 -> 263000 | J11: =NQR!$H$19 -> 431750 | K11: =NQR!$G$19 -> 322000 | L11: =NQR!$J$19 -> 556400
B12: HYUNDAI TUCSON BENCINERO | C12: =TUCSON!$F$11 -> 137000 | D12: =TUCSON!$G$11 -> 156000 | E12: =TUCSON!$F$11 -> 137000 | F12: =TUCSON!$H$11 -> 221000 | G12: =TUCSON!$I$11 -> 156000 | H12: =TUCSON!$G$11 -> 156000 | I12: =TUCSON!$I$11 -> 156000 | J12: =TUCSON!$H$11 -> 221000 | K12: =TUCSON!$I$11 -> 156000 | L12: =TUCSON!$J$11 -> 175000
B13: L-200 4X2 DIESEL 2.4 MEC. E5 (KK1 & KL1) | C13: ='L200'!$F$17 -> 168000 | D13: ='L200'!$G$17 -> 230000 | E13: ='L200'!$F$17 -> 168000 | F13: ='L200'!$H$17 -> 279950 | G13: ='L200'!$F$17 -> 168000 | H13: ='L200'!$J$17 -> 275400 | I13: ='L200'!$F$17 -> 168000 | J13: ='L200'!$H$17 -> 279950 | K13: ='L200'!$F$17 -> 168000 | L13: ='L200'!$L$17 -> 279000
B14: L-200 4X4 DIESEL 2.4 MEC. E5 (KK1 & KL1) | C14: ='L200'!$F$17 -> 168000 | D14: ='L200'!$G$17 -> 230000 | E14: ='L200'!$F$17 -> 168000 | F14: ='L200'!$I$17 -> 295700 | G14: ='L200'!$F$17 -> 168000 | H14: ='L200'!$K$17 -> 289200 | I14: ='L200'!$F$17 -> 168000 | J14: ='L200'!$I$17 -> 295700 | K14: ='L200'!$F$17 -> 168000 | L14: ='L200'!$L$17 -> 279000
B15: L-200 4X2 DIESEL 2.4 MEC. E6 (KK1 & KL1) | C15: ='L200'!$F$37 -> 155200 | D15: ='L200'!$G$37 -> 217200 | E15: ='L200'!$F$37 -> 155200 | F15: ='L200'!$H$37 -> 267150 | G15: ='L200'!$F$37 -> 155200 | H15: ='L200'!$J$37 -> 262600 | I15: ='L200'!$F$37 -> 155200 | J15: ='L200'!$H$37 -> 267150 | K15: ='L200'!$F$37 -> 155200 | L15: ='L200'!$L$37 -> 266200
B16: L-200 4X4 DIESEL 2.4 MEC. E6 (KK1 & KL1) | C16: ='L200'!$F$37 -> 155200 | D16: ='L200'!$G$37 -> 217200 | E16: ='L200'!$F$37 -> 155200 | F16: ='L200'!$I$37 -> 282900 | G16: ='L200'!$F$37 -> 155200 | H16: ='L200'!$K$37 -> 276400 | I16: ='L200'!$F$37 -> 155200 | J16: ='L200'!$I$37 -> 282900 | K16: ='L200'!$F$37 -> 155200 | L16: ='L200'!$L$37 -> 266200
B17: NEW L-200 4X2 DIESEL (XRT-XR) | C17: =NEWL200!$F$17 -> 162400 | D17: =NEWL200!$G$17 -> 247400 | E17: =NEWL200!$F$17 -> 162400 | F17: =NEWL200!$H$17 -> 298400 | G17: =NEWL200!$F$17 -> 162400 | H17: =NEWL200!$J$17 -> 292800 | I17: =NEWL200!$F$17 -> 162400 | J17: =NEWL200!$H$17 -> 298400 | K17: =NEWL200!$F$17 -> 162400 | L17: =NEWL200!$L$17 -> 320400
B18: NEW L-200 4X4 DIESEL (XRT-XR) | C18: =NEWL200!$F$17 -> 162400 | D18: =NEWL200!$G$17 -> 247400 | E18: =NEWL200!$F$17 -> 162400 | F18: =NEWL200!$I$17 -> 311000 | G18: =NEWL200!$F$17 -> 162400 | H18: =NEWL200!$K$17 -> 307200 | I18: =NEWL200!$F$17 -> 162400 | J18: =NEWL200!$I$17 -> 311000 | K18: =NEWL200!$F$17 -> 162400 | L18: =NEWL200!$L$17 -> 320400
B19: NISSAN NP-NAVARA MEC 4X4 | C19: ='XTRAIL-NAVARA'!$F$18 -> 157600 | D19: ='XTRAIL-NAVARA'!$G$18 -> 193600 | E19: ='XTRAIL-NAVARA'!$F$18 -> 157600 | F19: ='XTRAIL-NAVARA'!$H$18 -> 254400 | G19: ='XTRAIL-NAVARA'!$F$18 -> 157600 | H19: ='XTRAIL-NAVARA'!$G$18 -> 193600 | I19: ='XTRAIL-NAVARA'!$F$18 -> 157600 | J19: ='XTRAIL-NAVARA'!$H$18 -> 254400 | K19: ='XTRAIL-NAVARA'!$I$18 -> 157600 | L19: ='XTRAIL-NAVARA'!$G$18 -> 193600
B20: NISSAN XTRAIL T32/T31 | C20: ='XTRAIL-NAVARA'!$F$33 -> 140000 | D20: ='XTRAIL-NAVARA'!$H$33 -> 179000 | E20: ='XTRAIL-NAVARA'!$F$33 -> 140000 | F20: ='XTRAIL-NAVARA'!$I$33 -> 224800 | G20: ='XTRAIL-NAVARA'!$G$33 -> 159000 | H20: ='XTRAIL-NAVARA'!$H$33 -> 179000 | I20: ='XTRAIL-NAVARA'!$G$33 -> 159000 | J20: ='XTRAIL-NAVARA'!$I$33 -> 224800 | K20: ='XTRAIL-NAVARA'!$J$33 -> 159000 | L20: ='XTRAIL-NAVARA'!$H$33 -> 179000
A21: 80000 | B21: OPEL COMBO | C21: ='OPEL COMBO'!$F$15 -> 122000 | D21: ='OPEL COMBO'!$G$15 -> 210000 | E21: ='OPEL COMBO'!$F$15 -> 122000 | F21: ='OPEL COMBO'!G$15 -> 210000 | G21: ='OPEL COMBO'!$H$15 -> 141000 | H21: ='OPEL COMBO'!$G$15 -> 210000 | I21: ='OPEL COMBO'!$H$15 -> 141000 | J21: ='OPEL COMBO'!$I$15 -> 550000 | K21: ='OPEL COMBO'!$H$15 -> 141000 | L21: ='OPEL COMBO'!$G$15 -> 210000
B22: HYUNDAI GRAND I-10 | C22: ='I10'!$F$13 -> 116000 | D22: ='I10'!$G$13 -> 135000 | E22: ='I10'!$F$13 -> 116000 | F22: ='I10'!$J$13 -> 150000 | G22: ='I10'!$G$13 -> 135000 | H22: ='I10'!$H$13 -> 214000 | I22: ='I10'!$I$13 -> 179000 | J22: ='I10'!$J$13 -> 150000 | K22: ='I10'!$K$13 -> 155000 | L22: ='I10'!$L$13 -> 154000
A23: 70000 | B23: GREAT WALL POET 2.0 MEC 4X2 | C23: =GWALL!$F$19 -> 162000 | D23: =GWALL!$G$19 -> 229000 | E23: =GWALL!$F$19 -> 162000 | F23: =GWALL!$I$19 -> 312400 | G23: =GWALL!$H$19 -> 162000 | H23: =GWALL!$K$19 -> 229000 | I23: =GWALL!$M$19 -> 482000 | J23: =GWALL!$I$19 -> 312400 | K23: =GWALL!$F$19 -> 162000 | L23: =GWALL!$N$19 -> 229000
A24: 70000 | B24: GREAT WALL POET 2.0 MEC 4X4 | C24: =GWALL!$F$19 -> 162000 | D24: =GWALL!$G$19 -> 229000 | E24: =GWALL!$F$19 -> 162000 | F24: =GWALL!$J$19 -> 346150 | G24: =GWALL!$H$19 -> 162000 | H24: =GWALL!$L$19 -> 229000 | I24: =GWALL!$M$19 -> 482000 | J24: =GWALL!$J$19 -> 346150 | K24: =GWALL!$F$19 -> 162000 | L24: =GWALL!$N$19 -> 229000
A25: 80000 | B25: PARTNER K9 VU (Partner L1 BlueHDi 100)- BERLINGO 1.5 | C25: ='PARTNER-BERLINGO'!$F$16 -> 122000 | D25: ='PARTNER-BERLINGO'!$G$16 -> 210000 | E25: ='PARTNER-BERLINGO'!$F$16 -> 122000 | F25: ='PARTNER-BERLINGO'!$G$16 -> 210000 | G25: ='PARTNER-BERLINGO'!$H$16 -> 141000 | H25: ='PARTNER-BERLINGO'!$G$16 -> 210000 | I25: ='PARTNER-BERLINGO'!$H$16 -> 141000 | J25: ='PARTNER-BERLINGO'!$I$16 -> 550000 | K25: ='PARTNER-BERLINGO'!$H$16 -> 141000 | L25: ='PARTNER-BERLINGO'!$G$16 -> 210000
A26: 80000 | B26: PARTNER (TODAS INCLUYENDO PARTNER (L1PT HDI 92, L1 HDI 92, L2 HDI 92) PARTNER B9 ( L1 HDI 90)-NEW PARTNER-PARTNER ANTIGUA) 1.6 | C26: ='PARTNER-BERLINGO'!$F$36 -> 114000 | D26: ='PARTNER-BERLINGO'!$G$36 -> 202000 | E26: ='PARTNER-BERLINGO'!$F$36 -> 114000 | F26: ='PARTNER-BERLINGO'!$G$36 -> 202000 | G26: ='PARTNER-BERLINGO'!$H$36 -> 133000 | H26: ='PARTNER-BERLINGO'!$G$36 -> 202000 | I26: ='PARTNER-BERLINGO'!$F$36 -> 114000 | J26: ='PARTNER-BERLINGO'!$I$36 -> 542000 | K26: ='PARTNER-BERLINGO'!$F$36 -> 114000 | L26: ='PARTNER-BERLINGO'!$G$36 -> 202000
A27: 80000 | B27: PARTNER 5008 | C27: ='5008'!$F$15 -> 114000 | D27: ='5008'!$G$15 -> 202000 | E27: ='5008'!$F$15 -> 114000 | F27: ='5008'!$I$15 -> 202000 | G27: ='5008'!$H$15 -> 133000 | H27: ='5008'!$J$15 -> 202000 | I27: ='5008'!$H$15 -> 133000 | J27: ='5008'!$K$15 -> 548800 | K27: ='5008'!$H$15 -> 133000 | L27: ='5008'!$G$15 -> 202000
A28: 80000 | B28: Citroen C-ELYSEE | C28: ='Citroen C-ELYSEE'!$F$14 -> 114000 | D28: ='Citroen C-ELYSEE'!$G$14 -> 202000 | E28: ='Citroen C-ELYSEE'!$F$14 -> 114000 | F28: ='Citroen C-ELYSEE'!$I$14 -> 202000 | G28: ='Citroen C-ELYSEE'!$H$14 -> 133000 | H28: ='Citroen C-ELYSEE'!$J$14 -> 202000 | I28: ='Citroen C-ELYSEE'!$H$14 -> 133000 | J28: ='Citroen C-ELYSEE'!$K$14 -> 542000 | K28: ='Citroen C-ELYSEE'!$H$14 -> 133000 | L28: ='Citroen C-ELYSEE'!$J$14 -> 202000
A29: 80000 SIN BOMBA | B29: RAM VAN 700 CITY DIESEL | C29: =RAM!$F$15 -> 129500 | D29: =RAM!$G$15 -> 204000 | E29: =RAM!$F$15 -> 129500 | F29: =RAM!$I$15 -> 210800 | G29: =RAM!$H$15 -> 148500 | H29: =RAM!$J$15 -> 204000 | I29: =RAM!$H$15 -> 148500 | J29: =RAM!$K$15 -> 473800 | K29: =RAM!$H$15 -> 148500 | L29: =RAM!$G$15 -> 204000
A30: 60000 | B30: RAM VAN 700 BENCINERO | C30: =RAM!$F$35 -> 136000 | D30: =RAM!$G$35 -> 208000 | E30: =RAM!$F$35 -> 136000 | F30: =RAM!$I$35 -> 214800 | G30: =RAM!$H$35 -> 155000 | H30: =RAM!$J$35 -> 506000 | I30: =RAM!$H$35 -> 155000 | J30: =RAM!$K$35 -> 214800 | K30: =RAM!$H$35 -> 155000 | L30: =RAM!$G$35 -> 208000
B31: FORD TERRITOY 4x2 AT | C31: =TERRITORY!$F$12 -> 176000 | D31: =TERRITORY!$G$12 -> 220000 | E31: =TERRITORY!$F$12 -> 176000 | F31: =TERRITORY!$H$12 -> 343700 | G31: =TERRITORY!$I$12 -> 176000 | H31: =TERRITORY!$J$12 -> 220000 | I31: =TERRITORY!$I$12 -> 176000 | J31: =TERRITORY!$H$12 -> 343700 | K31: =TERRITORY!$I$12 -> 176000 | L31: =TERRITORY!$J$12 -> 220000
B32: NEW RAV 4 LE 2.0 4X2 CVT | C32: ='NEW RAV4'!$F$12 -> 127000 | D32: ='NEW RAV4'!$G$12 -> 164000 | E32: ='NEW RAV4'!$F$12 -> 127000 | F32: ='NEW RAV4'!$H$12 -> 196600 | G32: ='NEW RAV4'!$I$12 -> 146000 | H32: ='NEW RAV4'!$G$12 -> 164000 | I32: ='NEW RAV4'!$I$12 -> 146000 | J32: ='NEW RAV4'!$H$12 -> 196600 | K32: ='NEW RAV4'!$J$12 -> 225000 | L32: ='NEW RAV4'!$K$12 -> 183000
B33: HYUNDAI ELANTRA BENCINERA | C33: =ELANTRA!$F$13 -> 126000 | D33: =ELANTRA!$G$13 -> 145000 | E33: =ELANTRA!$F$13 -> 126000 | F33: =ELANTRA!$H$13 -> 182000 | G33: =ELANTRA!$G$13 -> 145000 | H33: =ELANTRA!$I$13 -> 200000 | I33: =ELANTRA!$G$13 -> 145000 | J33: =ELANTRA!$H$13 -> 182000 | K33: =ELANTRA!$J$13 -> 189000 | L33: =ELANTRA!$K$13 -> 164000
B34: HYUNDAI ACCENT BENCINERA | C34: =ACCENT!$F$13 -> 124000 | D34: =ACCENT!$H$13 -> 143000 | E34: =ACCENT!$G$13 -> 159000 | F34: =ACCENT!$I$13 -> 159000 | G34: =ACCENT!$H$13 -> 143000 | H34: =ACCENT!$J$13 -> 216000 | I34: =ACCENT!$G$13 -> 159000 | J34: =ACCENT!$I$13 -> 159000 | K34: =ACCENT!$K$13 -> 182000 | L34: =ACCENT!$L$13 -> 162000
B35: HYUNDAI PORTER 2.5 CRDI EURO V | C35: =PORTER!$F$14 -> 172000 | D35: =PORTER!$G$14 -> 216000 | E35: =PORTER!$F$14 -> 172000 | F35: =PORTER!$H$14 -> 284250 | G35: =PORTER!$I$14 -> 251000 | H35: =PORTER!$J$14 -> 216000 | I35: =PORTER!$K$14 -> 172000 | J35: =PORTER!$H$14 -> 284250 | K35: =PORTER!$K$14 -> 172000 | L35: =PORTER!$L$14 -> 331000
B36: TOYOTA HILUX 2.4 MEC 4X2 E5 | C36: =HILUX!$F$19 -> 161500 | D36: =HILUX!$G$19 -> 219500 | E36: =HILUX!$H$19 -> 182500 | F36: =HILUX!$I$19 -> 303900 | G36: =HILUX!$F$19 -> 161500 | H36: =HILUX!$K$19 -> 240500 | I36: =HILUX!$F$19 -> 161500 | J36: =HILUX!$I$19 -> 303900 | K36: =HILUX!$H$19 -> 182500 | L36: =HILUX!$G$19 -> 219500
B37: TOYOTA HILUX 2.4 MEC 4X4 E5 | C37: =HILUX!$F$19 -> 161500 | D37: =HILUX!$G$19 -> 219500 | E37: =HILUX!$H$19 -> 182500 | F37: =HILUX!$J$19 -> 348900 | G37: =HILUX!$F$19 -> 161500 | H37: =HILUX!$K$19 -> 240500 | I37: =HILUX!$F$19 -> 161500 | J37: =HILUX!$J$19 -> 348900 | K37: =HILUX!$H$19 -> 182500 | L37: =HILUX!$G$19 -> 219500
B38: CHEVROLET COLORADO 4X4 AT | C38: =COLORADO!$F$17 -> 182000 | D38: =COLORADO!$G$17 -> 184000 | E38: =COLORADO!$H$17 -> 232000 | F38: =COLORADO!$I$17 -> 230200 | G38: =COLORADO!$F$17 -> 182000 | H38: =COLORADO!$J$17 -> 234000 | I38: =COLORADO!$F$17 -> 182000 | J38: =COLORADO!$K$17 -> 279200 | K38: =COLORADO!$L$17 -> 232000 | L38: =COLORADO!$M$17 -> 233000
A39: 160.000 SOLO KIT | B39: NEW RANGER DIESEL 3.2 E6 | C39: ='NEW RANGER'!$F$14 -> 183000 | D39: ='NEW RANGER'!$F$14 -> 183000 | E39: ='NEW RANGER'!$H$14 -> 349000 | F39: ='NEW RANGER'!$J$14 -> 208800 | G39: ='NEW RANGER'!$F$14 -> 183000 | H39: ='NEW RANGER'!$H$14 -> 349000 | I39: ='NEW RANGER'!$F$14 -> 183000 | J39: ='NEW RANGER'!$J$14 -> 208800 | K39: ='NEW RANGER'!$K$14 -> 349000 | L39: ='NEW RANGER'!$L$14 -> 323000
B40: CAPTIVA 1.5 4X2 MT | C40: =CAPTIVA!$F$15 -> 125000 | D40: =CAPTIVA!$G$15 -> 180000 | E40: =CAPTIVA!$I$15 -> 234000 | F40: =CAPTIVA!$J$15 -> 223000 | G40: =CAPTIVA!$H$15 -> 144000 | H40: =CAPTIVA!$K$15 -> 331000 | I40: =CAPTIVA!$H$15 -> 144000 | J40: =CAPTIVA!$J$15 -> 223000 | K40: =CAPTIVA!$I$15 -> 234000 | L40: =CAPTIVA!$G$15 -> 180000
B41: MODELO | C41: 5 | D41: 15 | E41: 30 | F41: 45 | G41: 60 | H41: 75 | I41: 90 | J41: 105
A42: 90.000 SIN BOMBA NI RETENES | B42: MAXUS T60 D 2.0 EURO 5 MT 4X4 | C42: ='MAXUS 2.0'!$F$39 -> 262200 | D42: ='MAXUS 2.0'!$G$39 -> 172000 | E42: ='MAXUS 2.0'!$H$39 -> 239000 | F42: ='MAXUS 2.0'!$I$39 -> 172000 | G42: ='MAXUS 2.0'!$J$39 -> 264800 | H42: ='MAXUS 2.0'!$K$39 -> 313800 | I42: ='MAXUS 2.0'!$L$39 -> 550000 | J42: ='MAXUS 2.0'!$G$39 -> 172000
A43: 75.000 SIN BOMBA NI RETENES | B43: MAXUS T60 2.8 EURO 5 MT 4X2 | C43: ='MAXUS 2.8'!$F$21 -> 243300 | D43: ='MAXUS 2.8'!$G$21 -> 184000 | E43: ='MAXUS 2.8'!$H$21 -> 251000 | F43: ='MAXUS 2.8'!$I$21 -> 184000 | G43: ='MAXUS 2.8'!$J$21 -> 276800 | H43: ='MAXUS 2.8'!$K$21 -> 580300 | I43: ='MAXUS 2.8'!$L$21 -> 327600 | J43: ='MAXUS 2.8'!$G$21 -> 184000
A44: 75.000 SIN BOMBA NI RETENES | B44: MAXUS T60 2.8 EURO 5 MT 4X4 | C44: ='MAXUS 2.8'!$F$47 -> 253800 | D44: ='MAXUS 2.8'!$G$47 -> 184000 | E44: ='MAXUS 2.8'!$H$47 -> 251000 | F44: ='MAXUS 2.8'!$I$47 -> 184000 | G44: ='MAXUS 2.8'!$J$47 -> 276800 | H44: ='MAXUS 2.8'!$K$47 -> 608800 | I44: ='MAXUS 2.8'!$L$47 -> 327600 | J44: ='MAXUS 2.8'!$G$47 -> 184000
A45: 75.000 SIN BOMBA NI RETENES | B45: VOLKSWAGEN SAVEIRO | D45: =SAVEIRO!$F$15 -> 119000 | E45: =SAVEIRO!$G$15 -> 211000 | F45: =SAVEIRO!$H$15 -> 138000 | G45: =SAVEIRO!$I$15 -> 217800 | H45: =SAVEIRO!$H$15 -> 138000 | I45: =SAVEIRO!$J$15 -> 543000 | J45: =SAVEIRO!$H$15 -> 138000
A46: 90.000 CON BOMBA | B46: =DUCATO!$A$1 -> FIAT DUCATO MEC 4X2 DIESEL | D46: =DUCATO!$F$15 -> 166000 | E46: =DUCATO!$G$15 -> 228000 | F46: =DUCATO!$H$15 -> 211800 | G46: =DUCATO!$G$15 -> 228000 | H46: =DUCATO!$J$15 -> 185000 | I46: =DUCATO!$I$15 -> 562800 | J46: =DUCATO!$J$15 -> 185000
B47: MUSSO D22DTR 4X2 | D47: =MUSSO!$F$18 -> 177000 | E47: =MUSSO!$G$18 -> 200000 | F47: =MUSSO!$I$18 -> 222800 | G47: =MUSSO!$J$18 -> 283300 | H47: =MUSSO!$F$18 -> 177000 | I47: =MUSSO!$L$18 -> 245800 | J47: =MUSSO!$F$18 -> 177000
B48: MUSSO D22DTR 4X4 | D48: =MUSSO!$F$18 -> 177000 | E48: =MUSSO!$H$18 -> 200000 | F48: =MUSSO!$I$18 -> 222800 | G48: =MUSSO!$K$18 -> 314800 | H48: =MUSSO!$F$18 -> 177000 | I48: =MUSSO!$M$18 -> 245800 | J48: =MUSSO!$F$18 -> 177000
B49: KIA MORNING | D49: =MORNING!$F$15 -> 134000 | E49: =MORNING!$F$15 -> 134000 | F49: =MORNING!$H$15 -> 174800 | G49: =MORNING!$I$15 -> 190000 | H49: =MORNING!$G$15 -> 153000 | I49: =MORNING!$J$15 -> 174800 | J49: =MORNING!$K$15 -> 153000
B50: EV30 | E50: ='EV30'!$F$9 -> 130000 | G50: ='EV30'!$G$9 -> 219800 | I50: ='EV30'!$H$9 -> 149000
B51: MODELO | C51: 10 | D51: 25 | E51: 40 | F51: 55 | G51: 70 | H51: 85 | I51: 100
A52: 85.000 SIN BOMBA NI RETENES | B52: MAXUS T60 D 2.0 EURO 6 MT 4X2 | C52: ='MAXUS 2.0'!$F$17 -> 233700 | D52: ='MAXUS 2.0'!$G$17 -> 172000 | E52: ='MAXUS 2.0'!$H$17 -> 239000 | F52: ='MAXUS 2.0'!$I$17 -> 172000 | G52: ='MAXUS 2.0'!$J$17 -> 277400 | H52: ='MAXUS 2.0'!$K$17 -> 564700 | I52: ='MAXUS 2.0'!$L$17 -> 239000
B53: MODELO | C53: 20 | D53: 40 | E53: 60 | F53: 80 | G53: 100
A54: 80000 | B54: PEUGEOT BOXER 333 | C54: =BOXER!$F$15 -> 197000 | D54: =BOXER!$G$15 -> 252800 | E54: =BOXER!$F$15 -> 197000 | F54: =BOXER!$H$15 -> 587800 | G54: =BOXER!$I$15 -> 216000
A55: 80000 | B55: PEUGEOT NEW EXPERT L3 HDI 150 | C55: ='NEW EXPERT'!$F$14 -> 194000 | D55: ='NEW EXPERT'!$G$14 -> 243000 | E55: ='NEW EXPERT'!$F$14 -> 194000 | F55: ='NEW EXPERT'!$H$14 -> 613000 | G55: ='NEW EXPERT'!$I$14 -> 213000
A56: 80000 | B56: CITROEN JUMPER | C56: =BOXER!$F$15 -> 197000 | D56: =BOXER!$G$15 -> 252800 | E56: =BOXER!$F$15 -> 197000 | F56: =BOXER!$H$15 -> 587800 | G56: =BOXER!$I$15 -> 216000
A57: 80000 | B57: CITROEN JUMPY | C57: =JUMPY!$F$15 -> 242000 | D57: =JUMPY!$G$15 -> 267800 | E57: =JUMPY!$F$15 -> 242000 | F57: =JUMPY!$H$15 -> 618800 | G57: =JUMPY!$F$15 -> 242000

Sheet NEW RANGER
A1: NEW RANGER DIESEL 3.2 E6 | B1: CODIGO | C1: Valor Unitario | D1: CANTIDAD | E1: VALOR TOTAL | F1: 10-50-70 | G1: 20 | H1: 30 | I1: 60 | J1: 40-80 | K1: 90 | L1: 100
A2: Litro de Aceite de Motor | B2: ='VALOR REPUESTOS'!$A$12 -> A5W30 | C2: ='VALOR REPUESTOS'!$C$12 -> 8000 | D2: 9 | E2: =C2*D2 -> 72000 | F2: =$E$2 -> 72000 | G2: =$E$2 -> 72000 | H2: =$E$2 -> 72000 | I2: =$E$2 -> 72000 | J2: =$E$2 -> 72000 | K2: =$E$2 -> 72000 | L2: =$E$2 -> 72000
A3: Cambio Filtro de Aceite de Motor | B3: ='VALOR REPUESTOS'!$A$112 -> FMOT | C3: ='VALOR REPUESTOS'!$C$112 -> 18000 | D3: 1 | E3: =C3*D3 -> 18000 | F3: =$E$3 -> 18000 | G3: =$E$3 -> 18000 | H3: =$E$3 -> 18000 | I3: =$E$3 -> 18000 | J3: =$E$3 -> 18000 | K3: =$E$3 -> 18000 | L3: =$E$3 -> 18000
A4: Cambio Filtro de Aire | B4: ='VALOR REPUESTOS'!$A$113 -> FAI | C4: ='VALOR REPUESTOS'!$C$113 -> 30000 | D4: 1 | E4: =C4*D4 -> 30000 | H4: =$E$4 -> 30000 | I4: =$E$4 -> 30000 | K4: =$E$4 -> 30000
A5: Cambio golilla tapón del carter | B5: ='VALOR REPUESTOS'!$A$17 -> GTC | C5: ='VALOR REPUESTOS'!$C$17 -> 3500 | D5: 1 | E5: =C5*D5 -> 3500 | F5: =$E$5 -> 3500 | G5: =$E$5 -> 3500 | H5: =$E$5 -> 3500 | I5: =$E$5 -> 3500 | J5: =$E$5 -> 3500 | K5: =$E$5 -> 3500 | L5: =$E$5 -> 3500
A6: Cambio Filtro de Polen | B6: ='VALOR REPUESTOS'!$A$110 -> FPOL | C6: ='VALOR REPUESTOS'!$C$110 -> 32000 | D6: 1 | E6: =C6*D6 -> 32000 | H6: =$E$6 -> 32000 | I6: =$E$6 -> 32000 | K6: =$E$6 -> 32000
A7: Cambio Filtro de Combustible | B7: ='VALOR REPUESTOS'!$A$109 -> FC | C7: ='VALOR REPUESTOS'!$C$109 -> 85000 | D7: 1 | E7: =C7*D7 -> 85000 | H7: =$E$7 -> 85000 | I7: =$E$7 -> 85000 | K7: =$E$7 -> 85000
A8: Litro Refrigerante | B8: ='VALOR REPUESTOS'!$A$3 -> AL1C1 | C8: ='VALOR REPUESTOS'!$C$3 -> 6000 | D8: 12 | E8: =C8*D8 -> 72000 | L8: =$E$8 -> 72000
A9: Líquido Limpiaparabrisas Concentrado | B9: ='VALOR REPUESTOS'!$A$16 -> LLP | C9: ='VALOR REPUESTOS'!$C$16 -> 3500 | D9: 1 | E9: =C9*D9 -> 3500 | F9: =$E$9 -> 3500 | G9: =$E$9 -> 3500 | H9: =$E$9 -> 3500 | I9: =$E$9 -> 3500 | J9: =$E$9 -> 3500 | K9: =$E$9 -> 3500 | L9: =$E$9 -> 3500
A10: Correa de Accesorios | B10: ='VALOR REPUESTOS'!$A$111 -> CACC | C10: ='VALOR REPUESTOS'!$C$111 -> 30000 | D10: 1 | E10: =C10*D10 -> 30000 | L10: =$E$10 -> 30000
A11: Litro Liquido de Freno | B11: ='VALOR REPUESTOS'!$A$9 -> AL3C1F | C11: ='VALOR REPUESTOS'!$C$9 -> 6800 | D11: 1 | E11: =C11*D11 -> 6800 | J11: =$E$11 -> 6800
A12: Materiales e Insumos | B12: ='VALOR REPUESTOS'!$A$11 -> MATEI | C12: ='VALOR REPUESTOS'!$C$11 -> 10000 | D12: 1 | E12: =C12*D12 -> 10000 | F12: =$E$12 -> 10000 | G12: =$E$12 -> 10000 | H12: =$E$12 -> 10000 | I12: =$E$12 -> 10000 | J12: =$E$12 -> 10000 | K12: =$E$12 -> 10000 | L12: =$E$12 -> 10000
A13: MANO DE OBRA | B13: ='VALOR REPUESTOS'!$A$10 -> MO | C13: ='VALOR REPUESTOS'!$C$10 -> 38000 | F13: =C13*F16 -> 76000 | G13: =C13*G16 -> 76000 | H13: =C13*H16 -> 95000 | I13: =C13*I16 -> 95000 | J13: =C13*J16 -> 95000 | K13: =C13*K16 -> 95000 | L13: =C13*L16 -> 114000
A14: TOTAL NETO | C14: - | F14: =SUM(F2:F13) -> 183000 | G14: =SUM(G2:G13) -> 183000 | H14: =SUM(H2:H13) -> 349000 | I14: =SUM(I2:I13) -> 349000 | J14: =SUM(J2:J13) -> 208800 | K14: =SUM(K2:K13) -> 349000 | L14: =SUM(L2:L13) -> 323000
A15: TOTAL BRUTO | F15: =F14*1.19 -> 217770 | G15: =G14*1.19 -> 217770 | H15: =H14*1.19 -> 415310 | I15: =I14*1.19 -> 415310 | J15: =J14*1.19 -> 248472 | K15: =K14*1.19 -> 415310 | L15: =L14*1.19 -> 384370
A16: HORAS DE TRABAJO | F16: 2 | G16: 2 | H16: 2.5 | I16: 2.5 | J16: 2.5 | K16: 2.5 | L16: 3
A26: '

Sheet JUMPER
A1: CITROEN JUMPER | B1: CODIGO | C1: Valor Unitario | D1: CANTIDAD | E1: VALOR TOTAL | F1: 20-60 | G1: 40 | H1: 80 C/D | I1: 100 | J1: 120
A2: Litro de Aceite de Motor | B2: ='VALOR REPUESTOS'!$A$12 -> A5W30 | C2: ='VALOR REPUESTOS'!$C$12 -> 8000 | D2: 6 | E2: =C2*D2 -> 48000 | F2: =$E$2 -> 48000 | G2: =$E$2 -> 48000 | H2: =$E$2 -> 48000 | I2: =$E$2 -> 48000 | J2: =$E$2 -> 48000
A3: Cambio Filtro de Aceite de Motor | B3: ='VALOR REPUESTOS'!$A$72 -> FM | C3: ='VALOR REPUESTOS'!$C$72 -> 16000 | D3: 1 | E3: =C3*D3 -> 16000 | F3: =$E$3 -> 16000 | G3: =$E$3 -> 16000 | H3: =$E$3 -> 16000 | I3: =$E$3 -> 16000 | J3: =$E$3 -> 16000
A4: Cambio golilla tapón del carter | B4: ='VALOR REPUESTOS'!$A$17 -> GTC | C4: ='VALOR REPUESTOS'!$C$17 -> 3500 | D4: 1 | E4: =C4*D4 -> 3500 | F4: =$E$4 -> 3500 | G4: =$E$4 -> 3500 | H4: =$E$4 -> 3500 | I4: =$E$4 -> 3500 | J4: =$E$4 -> 3500
A5: Cambio Filtro de Aire | B5: ='VALOR REPUESTOS'!$A$74 -> FA | C5: ='VALOR REPUESTOS'!$C$74 -> 20000 | D5: 1 | E5: =C5*D5 -> 20000 | F5: =$E$5 -> 20000 | G5: =$E$5 -> 20000 | H5: =$E$5 -> 20000 | I5: =$E$5 -> 20000 | J5: =$E$5 -> 20000
A6: Cambio Filtro de Combustible | B6: ='VALOR REPUESTOS'!$A$75 -> FC | C6: ='VALOR REPUESTOS'!$C$75 -> 30000 | D6: 1 | E6: =C6*D6 -> 30000 | G6: =$E$6 -> 30000 | H6: =$E$6 -> 30000
A7: Cambio Filtro de Polen | B7: ='VALOR REPUESTOS'!$A$73 -> FP | C7: ='VALOR REPUESTOS'!$C$73 -> 20000 | D7: 1 | E7: =C7*D7 -> 20000 | F7: =$E$7 -> 20000 | G7: =$E$7 -> 20000 | H7: =$E$7 -> 20000 | I7: =$E$7 -> 20000 | J7: =$E$7 -> 20000
A8: Líquido Limpiaparabrisas Concentrado | B8: ='VALOR REPUESTOS'!$A$16 -> LLP | C8: ='VALOR REPUESTOS'!$C$16 -> 3500 | D8: 1 | E8: =C8*D8 -> 3500 | F8: =$E$8 -> 3500 | G8: =$E$8 -> 3500 | H8: =$E$8 -> 3500 | I8: =$E$8 -> 3500 | J8: =$E$8 -> 3500
A9: Litro Liquido de Freno | B9: ='VALOR REPUESTOS'!$A$9 -> AL3C1F | C9: ='VALOR REPUESTOS'!$C$9 -> 6800 | D9: 1 | E9: =C9*D9 -> 6800 | G9: =$E$9 -> 6800 | H9: =$E$9 -> 6800 | J9: =$E$9 -> 6800
A10: Correa de accesorios | B10: ='VALOR REPUESTOS'!$A$76 -> CA | C10: ='VALOR REPUESTOS'!$C$76 -> 30000 | D10: 1 | E10: =C10*D10 -> 30000
A11: Kit de distribución | B11: ='VALOR REPUESTOS'!$A$77 -> KDIST | C11: ='VALOR REPUESTOS'!$C$77 -> 180000 | D11: 1 | E11: =C11*D11 -> 180000 | H11: =$E$11 -> 180000
A12: Litro de Refrigerante | B12: ='VALOR REPUESTOS'!$A$3 -> AL1C1 | C12: ='VALOR REPUESTOS'!$C$3 -> 6000 | D12: 10 | E12: =C12*D12 -> 60000 | H12: =$E$12 -> 60000
A13: Materiales e Insumos | B13: ='VALOR REPUESTOS'!$A$11 -> MATEI | C13: ='VALOR REPUESTOS'!$C$11 -> 10000 | D13: 1 | E13: =C13*D13 -> 10000 | F13: =$E$13 -> 10000 | G13: =$E$13 -> 10000 | H13: =$E$13 -> 10000 | I13: =$E$13 -> 10000 | J13: =$E$13 -> 10000
A14: MANO DE OBRA | B14: ='VALOR REPUESTOS'!$A$10 -> MO | C14: ='VALOR REPUESTOS'!$C$10 -> 38000 | F14: =C14*F17 -> 76000 | G14: =C14*G17 -> 95000 | H14: =C14*H17 -> 190000 | I14: =C14*I17 -> 95000 | J14: =C14*J17 -> 114000
A15: TOTAL NETO | F15: =SUM(F2:F14) -> 197000 | G15: =SUM(G2:G14) -> 252800 | H15: =SUM(H2:H14) -> 587800 | I15: =SUM(I2:I14) -> 216000 | J15: =SUM(J2:J14) -> 241800
A16: TOTAL BRUTO | F16: =F15*1.19 -> 234430 | G16: =G15*1.19 -> 300832 | H16: =H15*1.19 -> 699482 | I16: =I15*1.19 -> 257040 | J16: =J15*1.19 -> 287742
A17: HORAS DE TRABAJO | F17: 2 | G17: 2.5 | H17: 5 | I17: 2.5 | J17: 3
J18: NO INFORMAR

Sheet BOXER
A1: PEUGEOT BOXER 333 | B1: CODIGO | C1: Valor Unitario | D1: CANTIDAD | E1: VALOR TOTAL | F1: 20-60 | G1: 40 | H1: 80 C/D | I1: 100
A2: Litro de Aceite de Motor | B2: ='VALOR REPUESTOS'!$A$12 -> A5W30 | C2: ='VALOR REPUESTOS'!$C$12 -> 8000 | D2: 6 | E2: =C2*D2 -> 48000 | F2: =$E$2 -> 48000 | G2: =$E$2 -> 48000 | H2: =$E$2 -> 48000 | I2: =$E$2 -> 48000
A3: Cambio Filtro de Aceite de Motor | B3: ='VALOR REPUESTOS'!$A$72 -> FM | C3: ='VALOR REPUESTOS'!$C$72 -> 16000 | D3: 1 | E3: =C3*D3 -> 16000 | F3: =$E$3 -> 16000 | G3: =$E$3 -> 16000 | H3: =$E$3 -> 16000 | I3: =$E$3 -> 16000
A4: Cambio golilla tapón del carter | B4: ='VALOR REPUESTOS'!$A$17 -> GTC | C4: ='VALOR REPUESTOS'!$C$17 -> 3500 | D4: 1 | E4: =C4*D4 -> 3500 | F4: =$E$4 -> 3500 | G4: =$E$4 -> 3500 | H4: =$E$4 -> 3500 | I4: =$E$4 -> 3500
